Workbook

Sheet 泰康小区
B1: 房屋资料 | F1: 客户资料
A2: 序号 | B2: 房号 | C2: 面积 | D2: 基准 | F2: 姓名 | G2: 购房 方式 | H2: 实际售价 | J2: 账面截至2023年11月累计回款金额 | N2: 台账与账面差异 | O2: 差异原因 | P2: 备注 | Q2: 已开票金额 | R2: 已结转收入（以前年度损益） | S2: 已结转收入主营业务收入 | T2: 应结转收入 | U2: 应确认销项税 | V2: 本期结转收入 | W2: 本期确认销项税 | X2: 账面已确认销项税
D3: 单价 | E3: 房价 | G3: 甲控 | H3: 单价 | I3: 总售价 | J3: 预收账款 | K3: 其他应付款 | L3: 应收账款-房产 | M3: 其他应收款
A4: 1 | B4: 101 | C4: 170.18 | D4: 17000 | E4: =ROUND(IF(F4<>0,C4*D4,0),0) -> 2893060 | F4: 王金川 | H4: 12000 | I4: =C4*H4 -> 2042160 | J4: 100000 | K4: =其他应付款!J928+其他应付款!J1186+其他应付款!J1254+其他应付款!J1315+其他应付款!J1350+其他应付款!J1351+其他应付款!J1395 -> 1465910 | L4: ='2019年12月-2023年7月科目余额表'!H5 -> 200000 | M4: ='2019年12月-2023年7月科目余额表'!H37 -> 50000 | T4: =I4/1.05 -> 1944914.3 | U4: =I4-T4 -> 97245.714 | V4: =T4-S4-R4 -> 1944914.3 | W4: =V4*0.05 -> 97245.714 | Y4: 全额确认收入 | Z4: =V4+W4 -> 2042160
A5: 2 | B5: 102 | C5: 60.32 | D5: 17000 | E5: =ROUND(IF(F5<>0,C5*D5,0),0) -> 1025440 | F5: 王金川 | H5: 12000 | I5: =C5*H5 -> 723840 | T5: =I5/1.05-R5-S5 -> 689371.43 | U5: =I5-T5 -> 34468.571 | V5: =T5-S5-R5 -> 689371.43 | W5: =V5*0.05 -> 34468.571 | Y5: 全额确认收入 | Z5: =V5+W5 -> 723840
A6: 3 | B6: 103 | C6: 112.96 | E6: =ROUND(IF(F6<>0,C6*D6,0),0) -> 0 | F6: 刘永平 | I6: 1976800 | J6: =泰康小区账面房号及收款金额!B4 -> 1663820.4 | N6: =I6-J6 -> 312979.6 | R6: =[1]sheet1!$K$405 -> 727448 | S6: 857142.86 | T6: =I6/1.05 -> 1882666.7 | U6: =I6-T6 -> 94133.333 | V6: =T6-S6-R6 -> 298075.81 | W6: 14903.793 | Z6: =V6+W6 -> 312979.6
A7: 4 | B7: 104-1 | C7: 55.17 | E7: =ROUND(IF(F7<>0,C7*D7,0),0) -> 0 | F7: 刘永平 | I7: 1675752 | J7: =泰康小区账面房号及收款金额!B5 -> 729999.8 | N7: =I7-J7 -> 945752.2 | R7: =[1]sheet1!$K$413 -> 190476 | S7: =219047.62+142857.14+142857.14 -> 504761.9 | T7: =I7/1.05 -> 1595954.3 | U7: =I7-T7 -> 79797.714 | V7: =T7-S7-R7 -> 900716.39 | W7: 45035.614 | X7: 2857 | Z7: =V7+W7 -> 945752
A8: 5 | B8: 104-2 | C8: 47.02 | E8: =ROUND(IF(F8<>0,C8*D8,0),0) -> 0 | I8: 0 | N8: =I8-J8 -> 0 | O8: 不可售 | T8: =I8/1.05 -> 0 | U8: =I8-T8 -> 0 | Z8: =V8+W8 -> 0
A9: 6 | B9: 105 | C9: 102.18 | D9: 11900 | E9: =ROUND(IF(F9<>0,C9*D9,0),0) -> 1215942 | F9: 洪雪玲 | H9: 11900 | I9: 1215942 | J9: =泰康小区账面房号及收款金额!B6+'2023年8-11月预收账款'!K3+100000 -> 1050000 | N9: =I9-J9-M9-K9-L9 -> 165942 | T9: =I9/1.05 -> 1158040 | U9: =I9-T9 -> 57902 | V9: =T9-S9-R9 -> 1158040 | W9: =V9*0.05 -> 57902 | Y9: 全额确认收入 | Z9: =V9+W9 -> 1215942
A10: 7 | B10: 106-1 | C10: 55.16 | E10: =ROUND(IF(F10<>0,C10*D10,0),0) -> 0 | F10: 王德军 | I10: 0 | J10: =泰康小区账面房号及收款金额!B7 -> 10000.2 | N10: =I10-J10 -> -10000.2 | P10: 未售 | R10: =[1]sheet1!$K$391 -> 9524 | T10: =I10/1.05 -> 0 | U10: =I10-T10 -> 0 | Z10: =V10+W10 -> 0
A11: 8 | B11: 106-2 | C11: 47.02 | D11: 13400 | E11: =ROUND(IF(F11<>0,C11*D11,0),0) -> 630068 | F11: 张雪静 | H11: 13400 | I11: 630068 | J11: =泰康小区账面房号及收款金额!B8+'2023年8-11月预收账款'!K11 -> 630068 | N11: =I11-J11 -> 0 | Q11: =[2]信息汇总表!$T$744 -> 630068 | S11: 600064.76 | T11: =I11/1.05 -> 600064.76 | U11: =I11-T11 -> 30003.238 | V11: =T11-S11-R11 -> 0.0019047619 | W11: =V11*0.05 -> 9.5238094e-05 | Y11: 不调整 | Z11: =V11+W11 -> 0.002
A12: 9 | B12: 107 | C12: 102.18 | D12: 17500 | E12: =ROUND(IF(F12<>0,C12*D12,0),0) -> 1788150 | F12: 雷良华 | H12: 17500 | I12: 1788150 | J12: =泰康小区账面房号及收款金额!B2 -> 1788150 | N12: =I12-J12 -> 0 | Q12: =[2]信息汇总表!$T$343+[2]信息汇总表!$T$344 -> 1788150 | R12: 1703000 | T12: =I12/1.05 -> 1703000 | U12: =I12-T12 -> 85150 | V12: =T12-S12-R12 -> 0 | W12: =V12*0.05 -> 0 | Y12: 不调整 | Z12: =V12+W12 -> 0
A13: 10 | B13: 108-1 | C13: 55.17 | E13: =ROUND(IF(F13<>0,C13*D13,0),0) -> 0 | I13: 570000 | J13: =泰康小区账面房号及收款金额!B10 -> 570000 | N13: =I13-J13 -> 0.003 | O13: 抵通力集团工程款 | Q13: =[2]信息汇总表!$T$287 -> 452266 | R13: =[1]sheet1!$K$410 -> 542857.14 | T13: =I13/1.05 -> 542857.14 | U13: =I13-T13 -> 27142.857 | V13: =T13-S13-R13 -> 0.0028571429 | W13: =V13*0.05 -> 0.00014285715 | Y13: 不调整 | Z13: =V13+W13 -> 0.0030000001
A14: 11 | B14: 108-2 | C14: 47.02 | E14: =ROUND(IF(F14<>0,C14*D14,0),0) -> 0 | I14: 0 | N14: =I14-J14 -> 0 | P14: 未售 | T14: =I14/1.05 -> 0 | U14: =I14-T14 -> 0 | Z14: =V14+W14 -> 0
A15: 12 | B15: 109 | C15: 102.19 | D15: 15657 | E15: =ROUND(IF(F15<>0,C15*D15,0),0) -> 1599989 | F15: 赵登兵 | G15: 抵账 | H15: 15657 | I15: 1600000 | N15: =I15-J15 -> 1600000 | O15: 抵账房，未实际付款 | T15: =I15/1.05 -> 1523809.5 | U15: =I15-T15 -> 76190.476 | Y15: 全额确认收入 | Z15: =V15+W15 -> 0
A16: 13 | B16: 110 | C16: 81.62 | E16: =ROUND(IF(F16<>0,C16*D16,0),0) -> 0 | N16: =I16-J16 -> 0 | T16: =I16/1.05 -> 0 | U16: =I16-T16 -> 0 | Z16: =V16+W16 -> 0
A17: 14 | B17: 111 | C17: 89.44 | D17: 14249.89 | E17: =ROUND(IF(F17<>0,C17*D17,0),0) -> 1274510 | F17: 赵海棠 | I17: 1274510 | J17: =泰康小区账面房号及收款金额!B16 -> 1274510 | N17: =I17-J17 -> 0 | Q17: =[2]信息汇总表!$T$714+[2]信息汇总表!$T$715 -> 1274510 | R17: =603109.46+610709.59 -> 1213819.1 | T17: =I17/1.05 -> 1213819 | U17: =I17-T17 -> 60690.952 | V17: =T17-S17-R17 -> -0.0023809501 | W17: =V17*0.05 -> -0.00011904751 | Y17: 不调整 | Z17: =V17+W17 -> -0.0024999977
A18: 15 | B18: 1-1-201 | C18: 102.51 | D18: 2676 | E18: =ROUND(IF(F18<>0,C18*D18,0),0) -> 274317 | F18: 雍宁宁 | H18: 2670 | I18: 273702 | J18: =VLOOKUP(B18,泰康小区账面房号及收款金额!$A$2:$B$424,2,0) -> 274688.4 | N18: =I18-J18 -> -986.4 | O18: 多收款 | Q18: =VLOOKUP(B18,[2]信息汇总表!$M$2:$T$816,8,0) -> 273702 | R18: =VLOOKUP(B18,[1]sheet1!$J$4:$K$413,2,0) -> 261608 | T18: =J18/1.05 -> 261608 | U18: =I18-T18 -> 12094 | V18: =T18-S18-R18 -> 0 | W18: =V18*0.05 -> 0 | Y18: 不调整 | Z18: =V18+W18 -> 0
A19: 16 | B19: 1-1-202 | C19: 103.38 | D19: 2676 | E19: =ROUND(IF(F19<>0,C19*D19,0),0) -> 276645 | F19: 卿银霞 | H19: 2640 | I19: 272923 | J19: =VLOOKUP(B19,泰康小区账面房号及收款金额!$A$2:$B$424,2,0) -> 273899.85 | N19: =I19-J19 -> -976.85 | O19: 多收款 | Q19: =VLOOKUP(B19,[2]信息汇总表!$M$2:$T$816,8,0) -> 272923 | R19: =VLOOKUP(B19,[1]sheet1!$J$4:$K$413,2,0) -> 260857 | T19: =J19/1.05 -> 260857 | U19: =I19-T19 -> 12066 | V19: =T19-S19-R19 -> 0 | W19: =V19*0.05 -> 0 | Y19: 不调整 | Z19: =V19+W19 -> 0
A20: 17 | B20: 1-1-301 | C20: 102.51 | D20: 3428 | E20: =ROUND(IF(F20<>0,C20*D20,0),0) -> 351404 | F20: 樊浪 | H20: 3050 | I20: 312656 | J20: =VLOOKUP(B20,泰康小区账面房号及收款金额!$A$2:$B$424,2,0) -> 312656.4 | N20: =I20-J20 -> -0.4 | Q20: =VLOOKUP(B20,[2]信息汇总表!$M$2:$T$816,8,0) -> 312655 | R20: =VLOOKUP(B20,[1]sheet1!$J$4:$K$413,2,0) -> 297768 | T20: =J20/1.05 -> 297768 | U20: =I20-T20 -> 14888 | V20: =T20-S20-R20 -> 0 | W20: =V20*0.05 -> 0 | X20: 9919 | Y20: 不调整 | Z20: =V20+W20 -> 0
A21: 18 | B21: 1-1-302 | C21: 103.38 | D21: 2696 | E21: =ROUND(IF(F21<>0,C21*D21,0),0) -> 278712 | F21: 涂川江 | G21: 抵账 | H21: 2670 | I21: 276025 | J21: =VLOOKUP(B21,泰康小区账面房号及收款金额!$A$2:$B$424,2,0) -> 278125.05 | N21: =I21-J21 -> -2100.05 | O21: 检查2022-7-19#凭证入账是否准确？ | Q21: =VLOOKUP(B21,[2]信息汇总表!$M$2:$T$816,8,0) -> 276025 | R21: =VLOOKUP(B21,[1]sheet1!$J$4:$K$413,2,0) -> 262881 | T21: =J21/1.05 -> 264881 | U21: =T21*0.05 -> 13244.05 | V21: =T21-S21-R21 -> 2000 | W21: =V21*0.05 -> 100 | Z21: =V21+W21 -> 2100
A22: 19 | B22: 1-1-401 | C22: 102.51 | D22: 2566 | E22: =ROUND(IF(F22<>0,C22*D22,0),0) -> 263041 | F22: 蒲养波 | H22: 2700 | I22: 276777 | J22: =VLOOKUP(B22,泰康小区账面房号及收款金额!$A$2:$B$424,2,0) -> 277775.4 | N22: =I22-J22 -> -998.4 | O22: 多收款 | Q22: =VLOOKUP(B22,[2]信息汇总表!$M$2:$T$816,8,0) -> 276777 | R22: =VLOOKUP(B22,[1]sheet1!$J$4:$K$413,2,0) -> 264548 | T22: =J22/1.05 -> 264548 | U22: =I22-T22 -> 12229 | V22: =T22-S22-R22 -> 0 | W22: =V22*0.05 -> 0 | Y22: 不调整 | Z22: =V22+W22 -> 0
A23: 20 | B23: 1-1-402 | C23: 103.38 | D23: 2566 | E23: =ROUND(IF(F23<>0,C23*D23,0),0) -> 265273 | F23: 刘光辉 | H23: 2700 | I23: 279126 | J23: =VLOOKUP(B23,泰康小区账面房号及收款金额!$A$2:$B$424,2,0) -> 280124.25 | N23: =I23-J23 -> -998.25 | O23: 多收款 | Q23: =VLOOKUP(B23,[2]信息汇总表!$M$2:$T$816,8,0) -> 279126 | R23: =VLOOKUP(B23,[1]sheet1!$J$4:$K$413,2,0) -> 266785 | T23: =J23/1.05 -> 266785 | U23: =I23-T23 -> 12341 | V23: =T23-S23-R23 -> 0 | W23: =V23*0.05 -> 0 | Y23: 不调整 | Z23: =V23+W23 -> 0
A24: 21 | B24: 1-1-501 | C24: 102.51 | D24: 2696 | E24: =ROUND(IF(F24<>0,C24*D24,0),0) -> 276367 | F24: 李敏 | H24: 2730 | I24: 279852 | J24: =VLOOKUP(B24,泰康小区账面房号及收款金额!$A$2:$B$424,2,0) -> 280862.4 | N24: =I24-J24 -> -1010.4 | O24: 多收款 | Q24: =VLOOKUP(B24,[2]信息汇总表!$M$2:$T$816,8,0) -> 279852 | R24: =VLOOKUP(B24,[1]sheet1!$J$4:$K$413,2,0) -> 267488 | T24: =J24/1.05 -> 267488 | U24: =I24-T24 -> 12364 | V24: =T24-S24-R24 -> 0 | W24: =V24*0.05 -> 0 | Y24: 不调整 | Z24: =V24+W24 -> 0
A25: 22 | B25: 1-1-502 | C25: 103.38 | D25: 2696 | E25: =ROUND(IF(F25<>0,C25*D25,0),0) -> 278712 | F25: 毛礼思 | H25: 2740 | I25: 283261 | J25: =VLOOKUP(B25,泰康小区账面房号及收款金额!$A$2:$B$424,2,0) -> 284274.9 | N25: =I25-J25 -> -1013.9 | O25: 多收款 | Q25: =VLOOKUP(B25,[2]信息汇总表!$M$2:$T$816,8,0) -> 283261 | R25: =VLOOKUP(B25,[1]sheet1!$J$4:$K$413,2,0) -> 270738 | T25: =J25/1.05 -> 270738 | U25: =I25-T25 -> 12523 | V25: =T25-S25-R25 -> 0 | W25: =V25*0.05 -> 0 | X25: 9048 | Y25: 不调整 | Z25: =V25+W25 -> 0
A26: 23 | B26: 1-1-601 | C26: 102.51 | D26: 2726 | E26: =ROUND(IF(F26<>0,C26*D26,0),0) -> 279442 | F26: 方堃 | G26: 抵账 | H26: 2630 | I26: 269601 | J26: =VLOOKUP(B26,泰康小区账面房号及收款金额!$A$2:$B$424,2,0) -> 269601.15 | N26: =I26-J26 -> -0.15 | Q26: =VLOOKUP(B26,[2]信息汇总表!$M$2:$T$816,8,0) -> 269601 | R26: =VLOOKUP(B26,[1]sheet1!$J$4:$K$413,2,0) -> 256763 | T26: =J26/1.05 -> 256763 | U26: =I26-T26 -> 12838 | V26: =T26-S26-R26 -> 0 | W26: =V26*0.05 -> 0 | Y26: 不调整 | Z26: =V26+W26 -> 0
A27: 24 | B27: 1-1-602 | C27: 103.38 | D27: 2726 | E27: =ROUND(IF(F27<>0,C27*D27,0),0) -> 281814 | F27: 霍存武 | H27: 2860 | I27: 295667 | J27: =VLOOKUP(B27,泰康小区账面房号及收款金额!$A$2:$B$424,2,0) -> 296725 | N27: =I27-J27 -> -1058 | O27: 多收款 | Q27: =VLOOKUP(B27,[2]信息汇总表!$M$2:$T$816,8,0) -> 295666.8 | R27: =VLOOKUP(B27,[1]sheet1!$J$4:$K$413,2,0) -> 296725 | T27: =J27/1.05 -> 282595.24 | U27: =T27*0.05 -> 14129.762 | V27: =T27-S27-R27 -> -14129.762 | W27: =U27-X27 -> 14129.762 | Y27: 不调整 | Z27: =V27+W27 -> 0
A28: 25 | B28: 1-1-701 | C28: 102.51 | D28: 2756 | E28: =ROUND(IF(F28<>0,C28*D28,0),0) -> 282518 | F28: 沈仁贤 | H28: 2870 | I28: 294204 | J28: =VLOOKUP(B28,泰康小区账面房号及收款金额!$A$2:$B$424,2,0) -> 294204.75 | N28: =I28-J28 -> -0.75 | Q28: =VLOOKUP(B28,[2]信息汇总表!$M$2:$T$816,8,0) -> 294204 | R28: =VLOOKUP(B28,[1]sheet1!$J$4:$K$413,2,0) -> 280195 | T28: =J28/1.05 -> 280195 | U28: =I28-T28 -> 14009 | V28: =T28-S28-R28 -> 0 | W28: =V28*0.05 -> 0 | Y28: 不调整 | Z28: =V28+W28 -> 0
A29: 26 | B29: 1-1-702 | C29: 103.76 | D29: 2756 | E29: =ROUND(IF(F29<>0,C29*D29,0),0) -> 285963 | F29: 赵小亚 | H29: 2800 | I29: 290528 | J29: =VLOOKUP(B29,泰康小区账面房号及收款金额!$A$2:$B$424,2,0) -> 291592 | N29: =I29-J29 -> -1064 | O29: 多收款 | Q29: =VLOOKUP(B29,[2]信息汇总表!$M$2:$T$816,8,0) -> 290528 | R29: =VLOOKUP(B29,[1]sheet1!$J$4:$K$413,2,0) -> 291592 | T29: =J29/1.05 -> 277706.67 | U29: =T29*0.05 -> 13885.333 | V29: =T29-S29-R29 -> -13885.333 | W29: =U29-X29 -> 13885.333 | Y29: 前期确认收入时未计提销项税，本期调整多确认的收入至销项税 | Z29: =V29+W29 -> -1.0004442e-10
A30: 27 | B30: 1-1-801 | C30: 102.51 | D30: 2716 | E30: =ROUND(IF(F30<>0,C30*D30,0),0) -> 278417 | F30: 王志香 | G30: 抵账 | H30: 2800 | I30: 287028 | J30: =VLOOKUP(B30,泰康小区账面房号及收款金额!$A$2:$B$424,2,0) -> 287028 | N30: =I30-J30 -> 0 | Q30: =VLOOKUP(B30,[2]信息汇总表!$M$2:$T$816,8,0) -> 287028 | R30: =VLOOKUP(B30,[1]sheet1!$J$4:$K$413,2,0) -> 273360 | T30: =J30/1.05 -> 273360 | U30: =I30-T30 -> 13668 | V30: =T30-S30-R30 -> 0 | W30: =V30*0.05 -> 0 | Y30: 不调整 | Z30: =V30+W30 -> 0
A31: 28 | B31: 1-1-802 | C31: 103.76 | D31: 2716 | E31: =ROUND(IF(F31<>0,C31*D31,0),0) -> 281812 | F31: 谭见辉 | G31: 抵账 | H31: 3100 | I31: 321656 | J31: =VLOOKUP(B31,泰康小区账面房号及收款金额!$A$2:$B$424,2,0) -> 322823.65 | N31: =I31-J31 -> -1167.65 | O31: 多收款 | Q31: =VLOOKUP(B31,[2]信息汇总表!$M$2:$T$816,8,0) -> 321656 | R31: =VLOOKUP(B31,[1]sheet1!$J$4:$K$413,2,0) -> 316157 | T31: =J31/1.05 -> 307451.1 | U31: =T31*0.05 -> 15372.555 | V31: =T31-S31-R31 -> -8705.9048 | W31: =U31-X31 -> 8705.9048 | X31: 6666.65 | Y31: 前期确认收入时未计提销项税，本期调整多确认的收入至销项税 | Z31: =V31+W31 -> 4.0017767e-11
A32: 29 | B32: 1-1-901 | C32: 102.51 | D32: 2736 | E32: =ROUND(IF(F32<>0,C32*D32,0),0) -> 280467 | F32: 尚康利 | G32: 抵账 | H32: 2850 | I32: 292154 | J32: =VLOOKUP(B32,泰康小区账面房号及收款金额!$A$2:$B$424,2,0) -> 292154.1 | N32: =I32-J32 -> -0.1 | Q32: =VLOOKUP(B32,[2]信息汇总表!$M$2:$T$816,8,0) -> 292154 | R32: =VLOOKUP(B32,[1]sheet1!$J$4:$K$413,2,0) -> 278242 | T32: =I32/1.05 -> 278241.9 | U32: =I32-T32 -> 13912.095 | V32: =T32-S32-R32 -> -0.095238095 | W32: =V32*0.05 -> -0.0047619047 | Y32: 不调整 | Z32: =V32+W32 -> -0.1
A33: 30 | B33: 1-1-902 | C33: 103.76 | D33: 3638 | E33: =ROUND(IF(F33<>0,C33*D33,0),0) -> 377479 | F33: 陈淑源 | G33: 抵账 | H33: 2600 | I33: 269776 | J33: =VLOOKUP(B33,泰康小区账面房号及收款金额!$A$2:$B$424,2,0) -> 269776.2 | N33: =I33-J33 -> -0.2 | Q33: =VLOOKUP(B33,[2]信息汇总表!$M$2:$T$816,8,0) -> 269776 | R33: =VLOOKUP(B33,[1]sheet1!$J$4:$K$413,2,0) -> 269776.2 | T33: =I33/1.05 -> 256929.52 | U33: =I33-T33 -> 12846.476 | V33: =T33-S33-R33 -> -12846.676 | W33: =U33-X33 -> 12846.476 | X33: 0 | Y33: 前期确认收入时未计提销项税，本期调整多确认的收入至销项税 | Z33: =V33+W33 -> -0.2
A34: 31 | B34: 1-1-1001 | C34: 102.51 | D34: 3668 | E34: =ROUND(IF(F34<>0,C34*D34,0),0) -> 376007 | F34: 唐浩 | G34: 抵账 | H34: 2850 | I34: 292154 | J34: =VLOOKUP(B34,泰康小区账面房号及收款金额!$A$2:$B$424,2,0) -> 292154.1 | N34: =I34-J34 -> -0.1 | Q34: =VLOOKUP(B34,[2]信息汇总表!$M$2:$T$816,8,0) -> 292154 | R34: =VLOOKUP(B34,[1]sheet1!$J$4:$K$413,2,0) -> 278242 | T34: =J34/1.05 -> 278242 | U34: =I34-T34 -> 13912 | V34: =T34-S34-R34 -> 0 | W34: =V34*0.05 -> 0 | Y34: 不调整 | Z34: =V34+W34 -> 0
A35: 32 | B35: 1-1-1002 | C35: 103.76 | D35: 2756 | E35: =ROUND(IF(F35<>0,C35*D35,0),0) -> 285963 | F35: 杨阳 | G35: 抵账 | H35: 2650.35 | I35: 275000 | J35: =VLOOKUP(B35,泰康小区账面房号及收款金额!$A$2:$B$424,2,0) -> 274963.5 | N35: =I35-J35 -> 36.5 | Q35: =VLOOKUP(B35,[2]信息汇总表!$M$2:$T$816,8,0) -> 275000 | R35: =VLOOKUP(B35,[1]sheet1!$J$4:$K$413,2,0) -> 261870 | T35: =J35/1.05 -> 261870 | U35: =I35-T35 -> 13130 | V35: =T35-S35-R35 -> 0 | W35: =V35*0.05 -> 0 | Y35: 不调整 | Z35: =V35+W35 -> 0
A36: 33 | B36: 1-1-1101 | C36: 94.98 | D36: 2756 | E36: =ROUND(IF(F36<>0,C36*D36,0),0) -> 261765 | F36: 王萧宇 | H36: 2600 | I36: 246948 | J36: =VLOOKUP(B36,泰康小区账面房号及收款金额!$A$2:$B$424,2,0) -> 246949.5 | N36: =I36-J36 -> -1.5 | Q36: =VLOOKUP(B36,[2]信息汇总表!$M$2:$T$816,8,0) -> 246948 | R36: =VLOOKUP(B36,[1]sheet1!$J$4:$K$413,2,0) -> 235190 | T36: =J36/1.05 -> 235190 | U36: =I36-T36 -> 11758 | V36: =T36-S36-R36 -> 0 | W36: =V36*0.05 -> 0 | Y36: 不调整 | Z36: =V36+W36 -> 0
A37: 34 | B37: 1-1-1102 | C37: 96.23 | D37: 3658 | E37: =ROUND(IF(F37<>0,C37*D37,0),0) -> 352009 | F37: 王来来 | H37: 2800 | I37: 269444 | J37: =VLOOKUP(B37,泰康小区账面房号及收款金额!$A$2:$B$424,2,0) -> 270394.95 | N37: =I37-J37 -> -950.95 | Q37: =VLOOKUP(B37,[2]信息汇总表!$M$2:$T$816,8,0) -> 269444 | R37: =VLOOKUP(B37,[1]sheet1!$J$4:$K$413,2,0) -> 257519 | T37: =J37/1.05 -> 257519 | U37: =I37-T37 -> 11925 | V37: =T37-S37-R37 -> 0 | W37: =V37*0.05 -> 0 | Y37: 不调整 | Z37: =V37+W37 -> 0
A38: 35 | B38: 1-2-201 | C38: 101.69 | D38: 3098 | E38: =ROUND(IF(F38<>0,C38*D38,0),0) -> 315036 | F38: 张树敏 | H38: 3180 | I38: 323374 | J38: =VLOOKUP(B38,泰康小区账面房号及收款金额!$A$2:$B$424,2,0) -> 323373.75 | N38: =I38-J38 -> 0.25 | Q38: =VLOOKUP(B38,[2]信息汇总表!$M$2:$T$816,8,0) -> 323374 | R38: =VLOOKUP(B38,[1]sheet1!$J$4:$K$413,2,0) -> 307975 | T38: =J38/1.05 -> 307975 | U38: =I38-T38 -> 15399 | V38: =T38-S38-R38 -> 0 | W38: =V38*0.05 -> 0 | Y38: 不调整 | Z38: =V38+W38 -> 0
A39: 36 | B39: 1-2-202 | C39: 101.47 | D39: 3778 | E39: =ROUND(IF(F39<>0,C39*D39,0),0) -> 383354 | F39: 杨攀 | H39: 3100 | I39: 314557 | J39: =VLOOKUP(B39,泰康小区账面房号及收款金额!$A$2:$B$424,2,0) -> 314556.9 | N39: =I39-J39 -> 0.1 | Q39: =VLOOKUP(B39,[2]信息汇总表!$M$2:$T$816,8,0) -> 314557 | R39: =VLOOKUP(B39,[1]sheet1!$J$4:$K$413,2,0) -> 299578 | T39: =I39/1.05 -> 299578.1 | U39: =I39-T39 -> 14978.905 | V39: =T39-S39-R39 -> 0.095238095 | W39: =V39*0.05 -> 0.0047619047 | Y39: 不调整 | Z39: =V39+W39 -> 0.1
A40: 37 | B40: 1-2-301 | C40: 101.69 | D40: 3098 | E40: =ROUND(IF(F40<>0,C40*D40,0),0) -> 315036 | F40: 代国寿 | H40: 3000 | I40: 305070 | J40: =VLOOKUP(B40,泰康小区账面房号及收款金额!$A$2:$B$424,2,0) -> 305071.2 | N40: =I40-J40 -> -1.2 | Q40: =VLOOKUP(B40,[2]信息汇总表!$M$2:$T$816,8,0) -> 305070 | R40: =VLOOKUP(B40,[1]sheet1!$J$4:$K$413,2,0) -> 290544 | S40: 290542.86 | T40: =I40/1.05 -> 290542.86 | U40: =I40-T40 -> 14527.143 | V40: =T40-S40-R40 -> -290544 | W40: =V40*0.05 -> -14527.2 | X40: 14526 | Z40: =V40+W40 -> -305071.2
A41: 38 | B41: 1-2-302 | C41: 101.47 | D41: 3098 | E41: =ROUND(IF(F41<>0,C41*D41,0),0) -> 314354 | F41: 张昌远 | H41: 2950 | I41: 299337 | J41: =VLOOKUP(B41,泰康小区账面房号及收款金额!$A$2:$B$424,2,0) -> 299337.15 | N41: =I41-J41 -> -0.15 | Q41: =VLOOKUP(B41,[2]信息汇总表!$M$2:$T$816,8,0) -> 299337 | R41: =VLOOKUP(B41,[1]sheet1!$J$4:$K$413,2,0) -> 285083 | T41: =J41/1.05 -> 285083 | U41: =I41-T41 -> 14254 | V41: =T41-S41-R41 -> 0 | W41: =V41*0.05 -> 0 | X41: 9524 | Y41: 不调整 | Z41: =V41+W41 -> 0
A42: 39 | B42: 1-2-401 | C42: 101.69 | D42: 2818 | E42: =ROUND(IF(F42<>0,C42*D42,0),0) -> 286562 | F42: 杨菊修 | H42: 2800 | I42: 284732 | J42: =VLOOKUP(B42,泰康小区账面房号及收款金额!$A$2:$B$424,2,0) -> 284731.65 | N42: =I42-J42 -> 0.35 | Q42: =VLOOKUP(B42,[2]信息汇总表!$M$2:$T$816,8,0) -> 284732 | R42: =VLOOKUP(B42,[1]sheet1!$J$4:$K$413,2,0) -> 271173 | T42: =J42/1.05 -> 271173 | U42: =I42-T42 -> 13559 | V42: =T42-S42-R42 -> 0 | W42: =V42*0.05 -> 0 | Y42: 不调整 | Z42: =V42+W42 -> 0
A43: 40 | B43: 1-2-402 | C43: 101.47 | D43: 2818 | E43: =ROUND(IF(F43<>0,C43*D43,0),0) -> 285942 | F43: 吴海燕 | H43: 2800 | I43: 284116 | J43: =VLOOKUP(B43,泰康小区账面房号及收款金额!$A$2:$B$424,2,0) -> 284116.35 | N43: =I43-J43 -> -0.35 | Q43: =VLOOKUP(B43,[2]信息汇总表!$M$2:$T$816,8,0) -> 284116 | R43: =VLOOKUP(B43,[1]sheet1!$J$4:$K$413,2,0) -> 270587 | T43: =J43/1.05 -> 270587 | U43: =I43-T43 -> 13529 | V43: =T43-S43-R43 -> 0 | W43: =V43*0.05 -> 0 | Y43: 不调整 | Z43: =V43+W43 -> 0
A44: 41 | B44: 1-2-501 | C44: 101.69 | D44: 2596 | E44: =ROUND(IF(F44<>0,C44*D44,0),0) -> 263987 | F44: 林朝霞 | H44: 2580 | I44: 262360 | J44: =VLOOKUP(B44,泰康小区账面房号及收款金额!$A$2:$B$424,2,0) -> 262360.35 | N44: =I44-J44 -> -0.35 | Q44: =VLOOKUP(B44,[2]信息汇总表!$M$2:$T$816,8,0) -> 262360 | R44: =VLOOKUP(B44,[1]sheet1!$J$4:$K$413,2,0) -> 249867 | T44: =J44/1.05 -> 249867 | U44: =I44-T44 -> 12493 | V44: =T44-S44-R44 -> 0 | W44: =V44*0.05 -> 0 | Y44: 不调整 | Z44: =V44+W44 -> 0
A45: 42 | B45: 1-2-502 | C45: 101.47 | D45: 2596 | E45: =ROUND(IF(F45<>0,C45*D45,0),0) -> 263416 | F45: 田海涛 | H45: 3168 | I45: 321457 | J45: =VLOOKUP(B45,泰康小区账面房号及收款金额!$A$2:$B$424,2,0) -> 321456.7 | N45: =I45-J45 -> 0.3 | Q45: =VLOOKUP(B45,[2]信息汇总表!$M$2:$T$816,8,0) -> 321457 | R45: =VLOOKUP(B45,[1]sheet1!$J$4:$K$413,2,0) -> 310979 | T45: =J45/1.05 -> 306149.24 | U45: =I45-T45 -> 15307.762 | V45: =T45-S45-R45 -> -4829.7619 | W45: =U45-X45 -> 4829.7619 | X45: 10478 | Y45: 前期确认收入时未计提销项税，本期调整多确认的收入至销项税 | Z45: =V45+W45 -> 0
A46: 43 | B46: 1-2-601 | C46: 94.74 | D46: 2096 | E46: =ROUND(IF(F46<>0,C46*D46,0),0) -> 198575 | F46: 刘俊树 | G46: 抵账 | H46: 2164 | I46: 205017 | J46: =VLOOKUP(B46,泰康小区账面房号及收款金额!$A$2:$B$424,2,0) -> 205016.7 | N46: =I46-J46 -> 0.3 | Q46: =VLOOKUP(B46,[2]信息汇总表!$M$2:$T$816,8,0) -> 205017 | R46: =VLOOKUP(B46,[1]sheet1!$J$4:$K$413,2,0) -> 195254 | T46: =J46/1.05 -> 195254 | U46: =I46-T46 -> 9763 | V46: =T46-S46-R46 -> 0 | W46: =V46*0.05 -> 0 | Y46: 不调整 | Z46: =V46+W46 -> 0
A47: 44 | B47: 1-2-602 | C47: 94.52 | D47: 2096 | E47: =ROUND(IF(F47<>0,C47*D47,0),0) -> 198114 | F47: 田赞 | H47: 2200 | I47: 207944 | J47: =VLOOKUP(B47,泰康小区账面房号及收款金额!$A$2:$B$424,2,0) -> 207944.1 | N47: =I47-J47 -> -0.1 | Q47: =VLOOKUP(B47,[2]信息汇总表!$M$2:$T$816,8,0) -> 207944 | R47: =VLOOKUP(B47,[1]sheet1!$J$4:$K$413,2,0) -> 198042 | T47: =J47/1.05 -> 198042 | U47: =I47-T47 -> 9902 | V47: =T47-S47-R47 -> 0 | W47: =V47*0.05 -> 0 | Y47: 不调整 | Z47: =V47+W47 -> 0
A48: 45 | B48: 1-3-201 | C48: 101.49 | D48: 3098 | E48: =ROUND(IF(F48<>0,C48*D48,0),0) -> 314416 | F48: 程玲杰 | H48: 3150 | I48: 319694 | J48: =VLOOKUP(B48,泰康小区账面房号及收款金额!$A$2:$B$424,2,0) -> 319631.55 | N48: =I48-J48 -> 62.45 | Q48: =VLOOKUP(B48,[2]信息汇总表!$M$2:$T$816,8,0) -> 319696 | R48: =VLOOKUP(B48,[1]sheet1!$J$4:$K$413,2,0) -> 304411 | T48: =J48/1.05 -> 304411 | U48: =I48-T48 -> 15283 | V48: =T48-S48-R48 -> 0 | W48: =V48*0.05 -> 0 | X48: 10476 | Y48: 不调整 | Z48: =V48+W48 -> 0
A49: 46 | B49: 1-3-202 | C49: 101.49 | D49: 3098 | E49: =ROUND(IF(F49<>0,C49*D49,0),0) -> 314416 | F49: 谢红梅 | H49: 3150 | I49: 319694 | J49: =VLOOKUP(B49,泰康小区账面房号及收款金额!$A$2:$B$424,2,0) -> 319294.45 | N49: =I49-J49 -> 399.5525 | Q49: =VLOOKUP(B49,[2]信息汇总表!$M$2:$T$816,8,0) -> 319694 | R49: =VLOOKUP(B49,[1]sheet1!$J$4:$K$413,2,0) -> 304089.95 | T49: =J49/1.05 -> 304089.95 | U49: =I49-T49 -> 15604.05 | V49: =T49-S49-R49 -> 0 | W49: =V49*0.05 -> 0 | Y49: 不调整 | Z49: =V49+W49 -> 0
A50: 47 | B50: 1-3-301 | C50: 101.49 | D50: 3098 | E50: =ROUND(IF(F50<>0,C50*D50,0),0) -> 314416 | F50: 张小营 | H50: 3130 | I50: 317664 | J50: =VLOOKUP(B50,泰康小区账面房号及收款金额!$A$2:$B$424,2,0) -> 317663.85 | N50: =I50-J50 -> 0.15 | Q50: =VLOOKUP(B50,[2]信息汇总表!$M$2:$T$816,8,0) -> 317664 | R50: =VLOOKUP(B50,[1]sheet1!$J$4:$K$413,2,0) -> 302537 | T50: =J50/1.05 -> 302537 | U50: =I50-T50 -> 15127 | V50: =T50-S50-R50 -> 0 | W50: =V50*0.05 -> 0 | Y50: 不调整 | Z50: =V50+W50 -> 0
A51: 48 | B51: 1-3-302 | C51: 101.49 | D51: 3098 | E51: =ROUND(IF(F51<>0,C51*D51,0),0) -> 314416 | F51: 候琼 | H51: 3150 | I51: 319694 | J51: =VLOOKUP(B51,泰康小区账面房号及收款金额!$A$2:$B$424,2,0) -> 319694.55 | N51: =I51-J51 -> -0.55 | Q51: =VLOOKUP(B51,[2]信息汇总表!$M$2:$T$816,8,0) -> 319696 | R51: =VLOOKUP(B51,[1]sheet1!$J$4:$K$413,2,0) -> 304471 | T51: =J51/1.05 -> 304471 | U51: =I51-T51 -> 15223 | V51: =T51-S51-R51 -> 0 | W51: =V51*0.05 -> 0 | Y51: 不调整 | Z51: =V51+W51 -> 0
A52: 49 | B52: 1-3-401 | C52: 101.49 | D52: 2818 | E52: =ROUND(IF(F52<>0,C52*D52,0),0) -> 285999 | F52: 艾力塔西 | H52: 2920 | I52: 296351 | J52: =VLOOKUP(B52,泰康小区账面房号及收款金额!$A$2:$B$424,2,0) -> 297350.55 | N52: =I52-J52 -> -999.55 | Q52: =VLOOKUP(B52,[2]信息汇总表!$M$2:$T$816,8,0) -> 296351 | R52: =VLOOKUP(B52,[1]sheet1!$J$4:$K$413,2,0) -> 283191 | T52: =J52/1.05 -> 283191 | U52: =I52-T52 -> 13160 | V52: =T52-S52-R52 -> 0 | W52: =V52*0.05 -> 0 | Y52: 不调整 | Z52: =V52+W52 -> 0
A53: 50 | B53: 1-3-402 | C53: 101.49 | D53: 2818 | E53: =ROUND(IF(F53<>0,C53*D53,0),0) -> 285999 | F53: 王小刚 | H53: 2800 | I53: 284172 | J53: =VLOOKUP(B53,泰康小区账面房号及收款金额!$A$2:$B$424,2,0) -> 284760 | N53: =I53-J53 -> -588 | O53: 多收款 | Q53: =VLOOKUP(B53,[2]信息汇总表!$M$2:$T$816,8,0) -> 284172 | R53: =VLOOKUP(B53,[1]sheet1!$J$4:$K$413,2,0) -> 271200 | T53: =J53/1.05 -> 271200 | U53: =I53-T53 -> 12972 | V53: =T53-S53-R53 -> 0 | W53: =V53*0.05 -> 0 | Y53: 不调整 | Z53: =V53+W53 -> 0
A54: 51 | B54: 1-3-501 | C54: 101.49 | D54: 2596 | E54: =ROUND(IF(F54<>0,C54*D54,0),0) -> 263468 | F54: 王玲 | H54: 2580 | I54: 261844 | J54: =VLOOKUP(B54,泰康小区账面房号及收款金额!$A$2:$B$424,2,0) -> 261844.8 | N54: =I54-J54 -> -0.8 | Q54: =VLOOKUP(B54,[2]信息汇总表!$M$2:$T$816,8,0) -> 261844 | R54: =VLOOKUP(B54,[1]sheet1!$J$4:$K$413,2,0) -> 249376 | T54: =J54/1.05 -> 249376 | U54: =I54-T54 -> 12468 | V54: =T54-S54-R54 -> 0 | W54: =V54*0.05 -> 0 | Y54: 不调整 | Z54: =V54+W54 -> 0
A55: 52 | B55: 1-3-502 | C55: 101.49 | D55: 2596 | E55: =ROUND(IF(F55<>0,C55*D55,0),0) -> 263468 | F55: 安外尔吐尼亚孜 | H55: 2650 | I55: 268949 | J55: =VLOOKUP(B55,泰康小区账面房号及收款金额!$A$2:$B$424,2,0) -> 268949.1 | N55: =I55-J55 -> -0.1 | Q55: =VLOOKUP(B55,[2]信息汇总表!$M$2:$T$816,8,0) -> 268949 | R55: =VLOOKUP(B55,[1]sheet1!$J$4:$K$413,2,0) -> 256142 | T55: =J55/1.05 -> 256142 | U55: =I55-T55 -> 12807 | V55: =T55-S55-R55 -> 0 | W55: =V55*0.05 -> 0 | Y55: 不调整 | Z55: =V55+W55 -> 0
A56: 53 | B56: 1-3-601 | C56: 94.54 | D56: 2096 | E56: =ROUND(IF(F56<>0,C56*D56,0),0) -> 198156 | F56: 孙红超 | H56: 2200 | I56: 207988 | J56: =VLOOKUP(B56,泰康小区账面房号及收款金额!$A$2:$B$424,2,0) -> 207988.2 | N56: =I56-J56 -> -0.2 | Q56: =VLOOKUP(B56,[2]信息汇总表!$M$2:$T$816,8,0) -> 207988 | R56: =VLOOKUP(B56,[1]sheet1!$J$4:$K$413,2,0) -> 198084 | T56: =J56/1.05 -> 198084 | U56: =I56-T56 -> 9904 | V56: =T56-S56-R56 -> 0 | W56: =V56*0.05 -> 0 | Y56: 不调整 | Z56: =V56+W56 -> 0
A57: 54 | B57: 1-3-602 | C57: 94.54 | D57: 2096 | E57: =ROUND(IF(F57<>0,C57*D57,0),0) -> 198156 | F57: 吴秀凤 | H57: 2200 | I57: 207988 | J57: =VLOOKUP(B57,泰康小区账面房号及收款金额!$A$2:$B$424,2,0) -> 207988.2 | N57: =I57-J57 -> -0.2 | Q57: =VLOOKUP(B57,[2]信息汇总表!$M$2:$T$816,8,0) -> 207988 | R57: =VLOOKUP(B57,[1]sheet1!$J$4:$K$413,2,0) -> 198084 | T57: =J57/1.05 -> 198084 | U57: =I57-T57 -> 9904 | V57: =T57-S57-R57 -> 0 | W57: =V57*0.05 -> 0 | Y57: 不调整 | Z57: =V57+W57 -> 0
A58: 55 | B58: 1-4-201 | C58: 101.17 | D58: 3098 | E58: =ROUND(IF(F58<>0,C58*D58,0),0) -> 313425 | F58: 万雅琪 | G58: 抵账 | H58: 3130 | I58: 316662 | J58: =VLOOKUP(B58,泰康小区账面房号及收款金额!$A$2:$B$424,2,0) -> 316662.15 | N58: =I58-J58 -> -0.15 | Q58: =VLOOKUP(B58,[2]信息汇总表!$M$2:$T$816,8,0) -> 316662 | R58: =VLOOKUP(B58,[1]sheet1!$J$4:$K$413,2,0) -> 301583 | T58: =J58/1.05 -> 301583 | U58: =I58-T58 -> 15079 | V58: =T58-S58-R58 -> 0 | W58: =V58*0.05 -> 0 | Y58: 不调整 | Z58: =V58+W58 -> 0
A59: 56 | B59: 1-4-202 | C59: 106.7 | D59: 3098 | E59: =ROUND(IF(F59<>0,C59*D59,0),0) -> 330557 | F59: 鲁茂全 | H59: 3190 | I59: 340373 | J59: =VLOOKUP(B59,泰康小区账面房号及收款金额!$A$2:$B$424,2,0) -> 340373.25 | N59: =I59-J59 -> -0.25 | Q59: =VLOOKUP(B59,[2]信息汇总表!$M$2:$T$816,8,0) -> 340373 | R59: =VLOOKUP(B59,[1]sheet1!$J$4:$K$413,2,0) -> 324165 | T59: =J59/1.05 -> 324165 | U59: =I59-T59 -> 16208 | V59: =T59-S59-R59 -> 0 | W59: =V59*0.05 -> 0 | Y59: 不调整 | Z59: =V59+W59 -> 0
A60: 57 | B60: 1-4-301 | C60: 101.17 | D60: 3098 | E60: =ROUND(IF(F60<>0,C60*D60,0),0) -> 313425 | F60: 李建国 | H60: 3250 | I60: 328803 | J60: =VLOOKUP(B60,泰康小区账面房号及收款金额!$A$2:$B$424,2,0) -> 328803.3 | N60: =I60-J60 -> -0.3 | Q60: =VLOOKUP(B60,[2]信息汇总表!$M$2:$T$816,8,0) -> 328803 | R60: =VLOOKUP(B60,[1]sheet1!$J$4:$K$413,2,0) -> 313146 | T60: =J60/1.05 -> 313146 | U60: =I60-T60 -> 15657 | V60: =T60-S60-R60 -> 0 | W60: =V60*0.05 -> 0 | Y60: 不调整 | Z60: =V60+W60 -> 0
A61: 58 | B61: 1-4-302 | C61: 106.7 | D61: 3098 | E61: =ROUND(IF(F61<>0,C61*D61,0),0) -> 330557 | F61: 齐静 | H61: 3000 | I61: 320100 | J61: =VLOOKUP(B61,泰康小区账面房号及收款金额!$A$2:$B$424,2,0) -> 320099.85 | N61: =I61-J61 -> 0.15 | Q61: =VLOOKUP(B61,[2]信息汇总表!$M$2:$T$816,8,0) -> 320100 | R61: =VLOOKUP(B61,[1]sheet1!$J$4:$K$413,2,0) -> 304857 | T61: =J61/1.05 -> 304857 | U61: =I61-T61 -> 15243 | V61: =T61-S61-R61 -> 0 | W61: =V61*0.05 -> 0 | Y61: 不调整 | Z61: =V61+W61 -> 0
A62: 59 | B62: 1-4-401 | C62: 101.17 | D62: 2818 | E62: =ROUND(IF(F62<>0,C62*D62,0),0) -> 285097 | F62: 赵小弟 | H62: 2768 | I62: 280039 | J62: =VLOOKUP(B62,泰康小区账面房号及收款金额!$A$2:$B$424,2,0) -> 280039.2 | N62: =I62-J62 -> -0.2 | Q62: =VLOOKUP(B62,[2]信息汇总表!$M$2:$T$816,8,0) -> 280039 | R62: =VLOOKUP(B62,[1]sheet1!$J$4:$K$413,2,0) -> 266704 | T62: =J62/1.05 -> 266704 | U62: =I62-T62 -> 13335 | V62: =T62-S62-R62 -> 0 | W62: =V62*0.05 -> 0 | Y62: 不调整 | Z62: =V62+W62 -> 0
A63: 60 | B63: 1-4-402 | C63: 106.7 | D63: 2818 | E63: =ROUND(IF(F63<>0,C63*D63,0),0) -> 300681 | F63: 余传明 | H63: 2800 | I63: 298760 | J63: =VLOOKUP(B63,泰康小区账面房号及收款金额!$A$2:$B$424,2,0) -> 298760.7 | N63: =I63-J63 -> -0.7 | Q63: =VLOOKUP(B63,[2]信息汇总表!$M$2:$T$816,8,0) -> 298760 | R63: =VLOOKUP(B63,[1]sheet1!$J$4:$K$413,2,0) -> 284534 | T63: =J63/1.05 -> 284534 | U63: =I63-T63 -> 14226 | V63: =T63-S63-R63 -> 0 | W63: =V63*0.05 -> 0 | X63: 1417 | Y63: 不调整 | Z63: =V63+W63 -> 0
A64: 61 | B64: 1-4-501 | C64: 101.17 | D64: 2596 | E64: =ROUND(IF(F64<>0,C64*D64,0),0) -> 262637 | F64: 李小华 | H64: 2580 | I64: 261019 | J64: =VLOOKUP(B64,泰康小区账面房号及收款金额!$A$2:$B$424,2,0) -> 261793.35 | N64: =I64-J64 -> -774.35 | O64: 多收款 | Q64: =VLOOKUP(B64,[2]信息汇总表!$M$2:$T$816,8,0) -> 261019 | R64: =VLOOKUP(B64,[1]sheet1!$J$4:$K$413,2,0) -> 249327 | T64: =J64/1.05 -> 249327 | U64: =I64-T64 -> 11692 | V64: =T64-S64-R64 -> 0 | W64: =V64*0.05 -> 0 | X64: 4762 | Y64: 不调整 | Z64: =V64+W64 -> 0
A65: 62 | B65: 1-4-502 | C65: 106.7 | D65: 2596 | E65: =ROUND(IF(F65<>0,C65*D65,0),0) -> 276993 | F65: 李清珍 | H65: 2580 | I65: 275286 | J65: =VLOOKUP(B65,泰康小区账面房号及收款金额!$A$2:$B$424,2,0) -> 275285.85 | N65: =I65-J65 -> 0.15 | Q65: =VLOOKUP(B65,[2]信息汇总表!$M$2:$T$816,8,0) -> 275286 | R65: =VLOOKUP(B65,[1]sheet1!$J$4:$K$413,2,0) -> 262177 | T65: =J65/1.05 -> 262177 | U65: =I65-T65 -> 13109 | V65: =T65-S65-R65 -> 0 | W65: =V65*0.05 -> 0 | X65: 952 | Y65: 不调整 | Z65: =V65+W65 -> 0
A66: 63 | B66: 1-4-601 | C66: 94.24 | D66: 2096 | E66: =ROUND(IF(F66<>0,C66*D66,0),0) -> 197527 | F66: 曾陈 | H66: 2200 | I66: 207328 | J66: =VLOOKUP(B66,泰康小区账面房号及收款金额!$A$2:$B$424,2,0) -> 207327.75 | N66: =I66-J66 -> 0.25 | Q66: =VLOOKUP(B66,[2]信息汇总表!$M$2:$T$816,8,0) -> 207328 | R66: =VLOOKUP(B66,[1]sheet1!$J$4:$K$413,2,0) -> 197455 | T66: =J66/1.05 -> 197455 | U66: =I66-T66 -> 9873 | V66: =T66-S66-R66 -> 0 | W66: =V66*0.05 -> 0 | X66: 2635 | Y66: 不调整 | Z66: =V66+W66 -> 0
A67: 64 | B67: 1-4-602 | C67: 99.77 | D67: 2096 | E67: =ROUND(IF(F67<>0,C67*D67,0),0) -> 209118 | F67: 李祥辉 | H67: 2180 | I67: 217499 | J67: =VLOOKUP(B67,泰康小区账面房号及收款金额!$A$2:$B$424,2,0) -> 217499.1 | N67: =I67-J67 -> -0.1 | Q67: =VLOOKUP(B67,[2]信息汇总表!$M$2:$T$816,8,0) -> 217499 | R67: =VLOOKUP(B67,[1]sheet1!$J$4:$K$413,2,0) -> 207142 | T67: =J67/1.05 -> 207142 | U67: =I67-T67 -> 10357 | V67: =T67-S67-R67 -> 0 | W67: =V67*0.05 -> 0 | Y67: 不调整 | Z67: =V67+W67 -> 0
A68: 65 | B68: 1-5-201 | C68: 32.98 | D68: 3500 | E68: =ROUND(IF(F68<>0,C68*D68,0),0) -> 115430 | F68: 王金川 | G68: 甲控 | H68: 2200 | I68: =C68*H68 -> 72556 | J68: =泰康小区账面房号及收款金额!B3-100000 -> 8034089.4 | N68: =SUM(I68:I137)-J68 -> 0 | R68: =[1]sheet1!$K$114 -> 7937228 | T68: =I68/1.05 -> 69100.952 | U68: =I68-T68 -> 3455.0476 | X68: 8334089.4 | Z68: =V68+W68 -> 0
A69: 66 | B69: 1-5-202 | C69: =32.5+0.15 -> 32.65 | D69: 3500 | E69: =ROUND(IF(F69<>0,C69*D69,0),0) -> 114275 | F69: 王金川 | G69: 甲控 | H69: 2200 | I69: =C69*H69 -> 71830 | T69: =I69/1.05 -> 68409.524 | U69: =I69-T69 -> 3420.4762 | Z69: =V69+W69 -> 0
A70: 67 | B70: 1-5-203 | C70: 32.5 | D70: 3500 | E70: =ROUND(IF(F70<>0,C70*D70,0),0) -> 113750 | F70: 王金川 | G70: 甲控 | H70: 2200 | I70: =C70*H70 -> 71500 | T70: =I70/1.05 -> 68095.238 | U70: =I70-T70 -> 3404.7619 | Z70: =V70+W70 -> 0
A71: 68 | B71: 1-5-204 | C71: 32.5 | D71: 3500 | E71: =ROUND(IF(F71<>0,C71*D71,0),0) -> 113750 | F71: 王金川 | G71: 甲控 | H71: 2200 | I71: =C71*H71 -> 71500 | T71: =I71/1.05 -> 68095.238 | U71: =I71-T71 -> 3404.7619 | Z71: =V71+W71 -> 0
A72: 69 | B72: 1-5-205 | C72: 32.5 | D72: 3500 | E72: =ROUND(IF(F72<>0,C72*D72,0),0) -> 113750 | F72: 王金川 | G72: 甲控 | H72: 2200 | I72: =C72*H72 -> 71500 | T72: =I72/1.05 -> 68095.238 | U72: =I72-T72 -> 3404.7619 | Z72: =V72+W72 -> 0
A73: 70 | B73: 1-5-206 | C73: 32.59 | D73: 3500 | E73: =ROUND(IF(F73<>0,C73*D73,0),0) -> 114065 | F73: 王金川 | G73: 甲控 | H73: 2200 | I73: =C73*H73 -> 71698 | T73: =I73/1.05 -> 68283.81 | U73: =I73-T73 -> 3414.1905 | Z73: =V73+W73 -> 0
A74: 71 | B74: 1-5-207 | C74: 32.61 | D74: 3500 | E74: =ROUND(IF(F74<>0,C74*D74,0),0) -> 114135 | F74: 王金川 | G74: 甲控 | H74: 2200 | I74: =C74*H74 -> 71742 | T74: =I74/1.05 -> 68325.714 | U74: =I74-T74 -> 3416.2857 | Z74: =V74+W74 -> 0
A75: 72 | B75: 1-5-208 | C75: 32.5 | D75: 3500 | E75: =ROUND(IF(F75<>0,C75*D75,0),0) -> 113750 | F75: 王金川 | G75: 甲控 | H75: 2200 | I75: =C75*H75 -> 71500 | T75: =I75/1.05 -> 68095.238 | U75: =I75-T75 -> 3404.7619 | Z75: =V75+W75 -> 0
A76: 73 | B76: 1-5-209 | C76: 32.5 | D76: 3500 | E76: =ROUND(IF(F76<>0,C76*D76,0),0) -> 113750 | F76: 王金川 | G76: 甲控 | H76: 2200 | I76: =C76*H76 -> 71500 | T76: =I76/1.05 -> 68095.238 | U76: =I76-T76 -> 3404.7619 | Z76: =V76+W76 -> 0
A77: 74 | B77: 1-5-210 | C77: 32.5 | D77: 3500 | E77: =ROUND(IF(F77<>0,C77*D77,0),0) -> 113750 | F77: 王金川 | G77: 甲控 | H77: 2200 | I77: =C77*H77 -> 71500 | T77: =I77/1.05 -> 68095.238 | U77: =I77-T77 -> 3404.7619 | Z77: =V77+W77 -> 0
A78: 75 | B78: 1-5-211 | C78: 32.5 | D78: 3500 | E78: =ROUND(IF(F78<>0,C78*D78,0),0) -> 113750 | F78: 王金川 | G78: 甲控 | H78: 2200 | I78: =C78*H78 -> 71500 | T78: =I78/1.05 -> 68095.238 | U78: =I78-T78 -> 3404.7619 | Z78: =V78+W78 -> 0
A79: 76 | B79: 1-5-212 | C79: 32.5 | D79: 3500 | E79: =ROUND(IF(F79<>0,C79*D79,0),0) -> 113750 | F79: 王金川 | G79: 甲控 | H79: 2200 | I79: =C79*H79 -> 71500 | T79: =I79/1.05 -> 68095.238 | U79: =I79-T79 -> 3404.7619 | Z79: =V79+W79 -> 0
A80: 77 | B80: 1-5-213 | C80: 32.5 | D80: 3500 | E80: =ROUND(IF(F80<>0,C80*D80,0),0) -> 113750 | F80: 王金川 | G80: 甲控 | H80: 2200 | I80: =C80*H80 -> 71500 | T80: =I80/1.05 -> 68095.238 | U80: =I80-T80 -> 3404.7619 | Z80: =V80+W80 -> 0
A81: 78 | B81: 1-5-214 | C81: 32.98 | D81: 3500 | E81: =ROUND(IF(F81<>0,C81*D81,0),0) -> 115430 | F81: 王金川 | G81: 甲控 | H81: 2200 | I81: =C81*H81 -> 72556 | T81: =I81/1.05 -> 69100.952 | U81: =I81-T81 -> 3455.0476 | Z81: =V81+W81 -> 0
... A137: 134 | B137: 1-5-614 | C137: 32.98 | D137: 3500 | E137: =ROUND(IF(F137<>0,C137*D137,0),0) -> 115430 | F137: 王金川 | G137: 甲控 | H137: 2200 | I137: =C137*H137 -> 72556 | T137: =I137/1.05 -> 69100.952 | U137: =I137-T137 -> 3455.0476 | Z137: =V137+W137 -> 0
A138: 135 | E138: =ROUND(IF(F138<>0,C138*D138,0),0) -> 0 | H138: 0 | I138: 0 | N138: =I138-J138 -> 0 | T138: =I138/1.05 -> 0 | U138: =I138-T138 -> 0 | Z138: =V138+W138 -> 0
A139: 136 | B139: 2-1-101 | C139: 125.06 | D139: 3688 | E139: =ROUND(IF(F139<>0,C139*D139,0),0) -> 461221 | F139: 韩芳 | H139: 3622 | I139: 452967 | J139: =VLOOKUP(B139,泰康小区账面房号及收款金额!$A$2:$B$424,2,0) -> 452967 | N139: =I139-J139 -> 0 | Q139: =VLOOKUP(B139,[2]信息汇总表!$M$2:$T$816,8,0) -> 452967 | R139: =VLOOKUP(B139,[1]sheet1!$J$4:$K$413,2,0) -> 452967 | T139: =J139/1.05 -> 431397.14 | U139: =I139-T139 -> 21569.857 | V139: =T139-S139-R139 -> -21569.857 | W139: =U139-X139 -> 21569.857 | Y139: 前期确认收入时未计提销项税，本期调整多确认的收入至销项税 | Z139: =V139+W139 -> 0
A140: 137 | B140: 2-1-102 | C140: 124.66 | D140: 3458 | E140: =ROUND(IF(F140<>0,C140*D140,0),0) -> 431074 | F140: 谭玉荣 | H140: 3458 | I140: 431074 | J140: =VLOOKUP(B140,泰康小区账面房号及收款金额!$A$2:$B$424,2,0) -> 431074 | N140: =I140-J140 -> 0 | Q140: =VLOOKUP(B140,[2]信息汇总表!$M$2:$T$816,8,0) -> 431074 | R140: =VLOOKUP(B140,[1]sheet1!$J$4:$K$413,2,0) -> 431074 | T140: =I140/1.05 -> 410546.67 | U140: =I140-T140 -> 20527.333 | V140: =T140-S140-R140 -> -20527.333 | W140: =U140-X140 -> 20527.333 | Y140: 前期确认收入时未计提销项税，本期调整多确认的收入至销项税 | Z140: =V140+W140 -> 0
A141: 138 | B141: 2-1-201 | C141: 125.06 | D141: 3638 | E141: =ROUND(IF(F141<>0,C141*D141,0),0) -> 454968 | F141: 兰建均 | H141: 3668 | I141: 458720 | J141: =VLOOKUP(B141,泰康小区账面房号及收款金额!$A$2:$B$424,2,0) -> 458720 | N141: =I141-J141 -> 0 | Q141: =VLOOKUP(B141,[2]信息汇总表!$M$2:$T$816,8,0) -> 458720 | R141: =VLOOKUP(B141,[1]sheet1!$J$4:$K$413,2,0) -> 458720 | T141: =I141/1.05 -> 436876.19 | U141: =I141-T141 -> 21843.81 | V141: =T141-S141-R141 -> -21843.81 | W141: =U141-X141 -> 21843.81 | Y141: 前期确认收入时未计提销项税，本期调整多确认的收入至销项税 | Z141: =V141+W141 -> 0
A142: 139 | B142: 2-1-202 | C142: 124.66 | D142: 3638 | E142: =ROUND(IF(F142<>0,C142*D142,0),0) -> 453513 | F142: 张明国 | H142: 3668 | I142: 457253 | J142: =VLOOKUP(B142,泰康小区账面房号及收款金额!$A$2:$B$424,2,0) -> 457253 | N142: =I142-J142 -> 0 | Q142: =VLOOKUP(B142,[2]信息汇总表!$M$2:$T$816,8,0) -> 457253 | R142: =VLOOKUP(B142,[1]sheet1!$J$4:$K$413,2,0) -> 457253 | T142: =I142/1.05 -> 435479.05 | U142: =I142-T142 -> 21773.952 | V142: =T142-S142-R142 -> -21773.952 | W142: =U142-X142 -> 21773.952 | Y142: 前期确认收入时未计提销项税，本期调整多确认的收入至销项税 | Z142: =V142+W142 -> 0
A143: 140 | B143: 2-1-301 | C143: 125.06 | D143: 3598 | E143: =ROUND(IF(F143<>0,C143*D143,0),0) -> 449966 | F143: 蔡均 | H143: 3628 | I143: 453718 | J143: =VLOOKUP(B143,泰康小区账面房号及收款金额!$A$2:$B$424,2,0) -> 453718 | N143: =I143-J143 -> 0 | Q143: =VLOOKUP(B143,[2]信息汇总表!$M$2:$T$816,8,0) -> 453718 | R143: =VLOOKUP(B143,[1]sheet1!$J$4:$K$413,2,0) -> 453718 | T143: =I143/1.05 -> 432112.38 | U143: =I143-T143 -> 21605.619 | V143: =T143-S143-R143 -> -21605.619 | W143: =U143-X143 -> 21605.619 | Y143: 前期确认收入时未计提销项税，本期调整多确认的收入至销项税 | Z143: =V143+W143 -> 0
A144: 141 | B144: 2-1-302 | C144: 124.66 | D144: 3598 | E144: =ROUND(IF(F144<>0,C144*D144,0),0) -> 448527 | F144: 代艳琼 | H144: 3628 | I144: 452266 | J144: =VLOOKUP(B144,泰康小区账面房号及收款金额!$A$2:$B$424,2,0) -> 452266 | N144: =I144-J144 -> 0 | Q144: =VLOOKUP(B144,[2]信息汇总表!$M$2:$T$816,8,0) -> 452266 | R144: =VLOOKUP(B144,[1]sheet1!$J$4:$K$413,2,0) -> 452266 | T144: =I144/1.05 -> 430729.52 | U144: =I144-T144 -> 21536.476 | V144: =T144-S144-R144 -> -21536.476 | W144: =U144-X144 -> 21536.476 | Y144: 前期确认收入时未计提销项税，本期调整多确认的收入至销项税 | Z144: =V144+W144 -> 0
A145: 142 | B145: 2-1-401 | C145: 125.06 | D145: 3528 | E145: =ROUND(IF(F145<>0,C145*D145,0),0) -> 441212 | F145: 王志宏 | H145: 3558 | I145: 444963 | J145: =VLOOKUP(B145,泰康小区账面房号及收款金额!$A$2:$B$424,2,0) -> 444963 | N145: =I145-J145 -> 0 | Q145: =VLOOKUP(B145,[2]信息汇总表!$M$2:$T$816,8,0) -> 444963 | R145: =VLOOKUP(B145,[1]sheet1!$J$4:$K$413,2,0) -> 444963 | T145: =I145/1.05 -> 423774.29 | U145: =I145-T145 -> 21188.714 | V145: =T145-S145-R145 -> -21188.714 | W145: =U145-X145 -> 21188.714 | Y145: 前期确认收入时未计提销项税，本期调整多确认的收入至销项税 | Z145: =V145+W145 -> 0
A146: 143 | B146: 2-1-402 | C146: 124.66 | D146: 3458 | E146: =ROUND(IF(F146<>0,C146*D146,0),0) -> 431074 | F146: 赵东洋 | H146: 3458 | I146: 431074 | J146: =VLOOKUP(B146,泰康小区账面房号及收款金额!$A$2:$B$424,2,0) -> 431074 | N146: =I146-J146 -> 0 | Q146: =VLOOKUP(B146,[2]信息汇总表!$M$2:$T$816,8,0) -> 431074 | R146: =VLOOKUP(B146,[1]sheet1!$J$4:$K$413,2,0) -> 431074 | T146: =I146/1.05 -> 410546.67 | U146: =I146-T146 -> 20527.333 | V146: =T146-S146-R146 -> -20527.333 | W146: =U146-X146 -> 20527.333 | Y146: 前期确认收入时未计提销项税，本期调整多确认的收入至销项税 | Z146: =V146+W146 -> 0
A147: 144 | B147: 2-1-501 | C147: 125.06 | D147: 3138 | E147: =ROUND(IF(F147<>0,C147*D147,0),0) -> 392438 | F147: 侯长碧 | H147: 3122 | I147: 390437 | J147: =VLOOKUP(B147,泰康小区账面房号及收款金额!$A$2:$B$424,2,0) -> 390437 | N147: =I147-J147 -> 0 | Q147: =VLOOKUP(B147,[2]信息汇总表!$M$2:$T$816,8,0) -> 390437 | R147: =VLOOKUP(B147,[1]sheet1!$J$4:$K$413,2,0) -> 390437 | T147: =I147/1.05 -> 371844.76 | U147: =I147-T147 -> 18592.238 | V147: =T147-S147-R147 -> -18592.238 | W147: =U147-X147 -> 18592.238 | Y147: 前期确认收入时未计提销项税，本期调整多确认的收入至销项税 | Z147: =V147+W147 -> 0
A148: 145 | B148: 2-1-502 | C148: 124.66 | D148: 3138 | E148: =ROUND(IF(F148<>0,C148*D148,0),0) -> 391183 | F148: 陈杰 | H148: 3168 | I148: 394923 | J148: =VLOOKUP(B148,泰康小区账面房号及收款金额!$A$2:$B$424,2,0) -> 394923 | N148: =I148-J148 -> 0 | Q148: =VLOOKUP(B148,[2]信息汇总表!$M$2:$T$816,8,0) -> 394923 | R148: =VLOOKUP(B148,[1]sheet1!$J$4:$K$413,2,0) -> 394923 | T148: =I148/1.05 -> 376117.14 | U148: =I148-T148 -> 18805.857 | V148: =T148-S148-R148 -> -18805.857 | W148: =U148-X148 -> 18805.857 | Y148: 前期确认收入时未计提销项税，本期调整多确认的收入至销项税 | Z148: =V148+W148 -> 0
A149: 146 | B149: 2-1-601 | C149: 117.84 | D149: 3038 | E149: =ROUND(IF(F149<>0,C149*D149,0),0) -> 357998 | F149: 张鹏程 | G149: 甲控 | H149: 2500 | I149: 294600 | J149: =VLOOKUP(B149,泰康小区账面房号及收款金额!$A$2:$B$424,2,0) -> 294600 | N149: =I149-J149 -> 0 | Q149: =VLOOKUP(B149,[2]信息汇总表!$M$2:$T$816,8,0) -> 294600 | R149: =VLOOKUP(B149,[1]sheet1!$J$4:$K$413,2,0) -> 294600 | T149: =I149/1.05 -> 280571.43 | U149: =I149-T149 -> 14028.571 | V149: =T149-S149-R149 -> -14028.571 | W149: =U149-X149 -> 14028.571 | Y149: 前期确认收入时未计提销项税，本期调整多确认的收入至销项税 | Z149: =V149+W149 -> 0
A150: 147 | B150: 2-1-602 | C150: 117.44 | D150: 2096 | E150: =ROUND(IF(F150<>0,C150*D150,0),0) -> 246154 | F150: 李杰 | H150: 1960 | I150: 230182 | J150: =VLOOKUP(B150,泰康小区账面房号及收款金额!$A$2:$B$424,2,0) -> 230182 | N150: =I150-J150 -> 0 | Q150: =VLOOKUP(B150,[2]信息汇总表!$M$2:$T$816,8,0) -> 230182 | R150: =VLOOKUP(B150,[1]sheet1!$J$4:$K$413,2,0) -> 230182 | T150: =I150/1.05 -> 219220.95 | U150: =I150-T150 -> 10961.048 | V150: =T150-S150-R150 -> -10961.048 | W150: =U150-X150 -> 10961.048 | Y150: 前期确认收入时未计提销项税，本期调整多确认的收入至销项税 | Z150: =V150+W150 -> 0
A151: 148 | B151: 2-2-101 | C151: 124.66 | D151: 3638 | E151: =ROUND(IF(F151<>0,C151*D151,0),0) -> 453513 | F151: 周青松 | H151: 3638 | I151: 453513 | J151: =VLOOKUP(B151,泰康小区账面房号及收款金额!$A$2:$B$424,2,0) -> 453513 | N151: =I151-J151 -> 0 | Q151: =VLOOKUP(B151,[2]信息汇总表!$M$2:$T$816,8,0) -> 453513 | R151: =VLOOKUP(B151,[1]sheet1!$J$4:$K$413,2,0) -> 453513 | T151: =I151/1.05 -> 431917.14 | U151: =I151-T151 -> 21595.857 | V151: =T151-S151-R151 -> -21595.857 | W151: =U151-X151 -> 21595.857 | Y151: 前期确认收入时未计提销项税，本期调整多确认的收入至销项税 | Z151: =V151+W151 -> 0
A152: 149 | B152: 2-2-102 | C152: 124.66 | D152: 3668 | E152: =ROUND(IF(F152<>0,C152*D152,0),0) -> 457253 | F152: 代远杰 | G152: 甲控 | H152: 3638 | I152: 453513 | J152: =VLOOKUP(B152,泰康小区账面房号及收款金额!$A$2:$B$424,2,0) -> 453513 | N152: =I152-J152 -> 0 | Q152: =VLOOKUP(B152,[2]信息汇总表!$M$2:$T$816,8,0) -> 479692 | R152: =VLOOKUP(B152,[1]sheet1!$J$4:$K$413,2,0) -> 453513 | T152: =I152/1.05 -> 431917.14 | U152: =I152-T152 -> 21595.857 | V152: =T152-S152-R152 -> -21595.857 | W152: =U152-X152 -> 21595.857 | Y152: 前期确认收入时未计提销项税，本期调整多确认的收入至销项税 | Z152: =V152+W152 -> 0
A153: 150 | B153: 2-2-201 | C153: 124.66 | D153: 3638 | E153: =ROUND(IF(F153<>0,C153*D153,0),0) -> 453513 | F153: 蒋春飞 | H153: 3668 | I153: 457253 | J153: =VLOOKUP(B153,泰康小区账面房号及收款金额!$A$2:$B$424,2,0) -> 457253 | N153: =I153-J153 -> 0 | Q153: =VLOOKUP(B153,[2]信息汇总表!$M$2:$T$816,8,0) -> 457253 | R153: =VLOOKUP(B153,[1]sheet1!$J$4:$K$413,2,0) -> 457253 | T153: =I153/1.05 -> 435479.05 | U153: =I153-T153 -> 21773.952 | V153: =T153-S153-R153 -> -21773.952 | W153: =U153-X153 -> 21773.952 | Y153: 前期确认收入时未计提销项税，本期调整多确认的收入至销项税 | Z153: =V153+W153 -> 0
A154: 151 | B154: 2-2-202 | C154: 124.66 | D154: 3638 | E154: =ROUND(IF(F154<>0,C154*D154,0),0) -> 453513 | F154: 李娟 | H154: 3668 | I154: 457253 | J154: =VLOOKUP(B154,泰康小区账面房号及收款金额!$A$2:$B$424,2,0) -> 457253 | N154: =I154-J154 -> 0 | Q154: =VLOOKUP(B154,[2]信息汇总表!$M$2:$T$816,8,0) -> 457253 | R154: =VLOOKUP(B154,[1]sheet1!$J$4:$K$413,2,0) -> 457253 | T154: =I154/1.05 -> 435479.05 | U154: =I154-T154 -> 21773.952 | V154: =T154-S154-R154 -> -21773.952 | W154: =U154-X154 -> 21773.952 | Y154: 前期确认收入时未计提销项税，本期调整多确认的收入至销项税 | Z154: =V154+W154 -> 0
A155: 152 | B155: 2-2-301 | C155: 124.66 | D155: 3598 | E155: =ROUND(IF(F155<>0,C155*D155,0),0) -> 448527 | F155: 黄得用 | H155: 3628 | I155: 452266 | J155: =VLOOKUP(B155,泰康小区账面房号及收款金额!$A$2:$B$424,2,0) -> 452266 | N155: =I155-J155 -> 0 | Q155: =VLOOKUP(B155,[2]信息汇总表!$M$2:$T$816,8,0) -> 452266 | R155: =VLOOKUP(B155,[1]sheet1!$J$4:$K$413,2,0) -> 452266 | T155: =I155/1.05 -> 430729.52 | U155: =I155-T155 -> 21536.476 | V155: =T155-S155-R155 -> -21536.476 | W155: =U155-X155 -> 21536.476 | Y155: 前期确认收入时未计提销项税，本期调整多确认的收入至销项税 | Z155: =V155+W155 -> 0
...

Sheet 多浪小镇一期
B1: 房屋资料 | F1: 客户资料 | G1: 实收房款 | I1: 账面截至2023年12月累计回款金额 | K1: 台账与账面差异 | L1: 差异原因 | M1: 备注
A2: 序号 | B2: 房号 | C2: 面积 | D2: 基准 | F2: 姓名 | G2: 台账已收房款金额 | H2: 未收房款金额 | N2: 账面已确认收入
D3: 单价 | E3: 房价 | I3: 其他应付款 | J3: 阿克苏分公司预收账款 | N3: 预收账款余额 | O3: 已开票金额 | P3: 以前年度损益 | Q3: 主营业务收入 | R3: 已确认销项 | S3: 本期应确认收入 | T3: 本期应确认税金 | U3: 调整分类
B4: A10-2-502 | E4: 121005 | G4: 121005 | J4: 121005 | P4: =[3]sheet1!$K$340 -> 115243 | R4: =J4-P4-Q4 -> 5762 | S4: =J4/1.05-P4-Q4 -> -0.14285714 | T4: =J4/1.05*0.05-R4 -> 0.14285714 | U4: 不调整
A5: 1 | B5: A11-1-101 | C5: 82.13 | D5: 2600 | E5: =ROUND(IF(F5<>0,C5*D5,0),0) -> 213538 | F5: 托乎提·麦木太克 | G5: 213538 | H5: =E5-G5 -> 0 | J5: =VLOOKUP(B5,'多浪一期账面房号及收款金额-分公司'!$A$2:$B$436,2,0) -> 213538.5 | K5: =G5-I5-J5 -> -0.5 | P5: 203370 | R5: =J5-P5-Q5 -> 10168.5 | S5: =J5/1.05-P5-Q5 -> 0 | T5: =J5/1.05*0.05-R5 -> 0 | U5: 不调整
A6: 2 | B6: A11-1-102 | C6: 81.76 | D6: 3418 | E6: =ROUND(IF(F6<>0,C6*D6,0),0) -> 279456 | F6: 巴哈古丽·托乎提 | G6: 279456 | H6: =E6-G6 -> 0 | J6: =VLOOKUP(B6,'多浪一期账面房号及收款金额-分公司'!$A$2:$B$436,2,0) -> 279456 | K6: =G6-I6-J6 -> 0 | N6: =VLOOKUP(B6,[4]Sheet1!$D$5:$N$69,11,0) -> -279456 | O6: 279456 | P6: 279456 | Q6: =279456/1.05 -> 266148.57 | R6: =Q6*0.05 -> 13307.429 | S6: =J6/1.05-P6-Q6 -> -279456 | T6: =J6/1.05*0.05-R6 -> 2.1827873e-11 | U6: 调整以前年度多确认的收入
A7: 3 | B7: A11-1-201 | C7: 82.13 | D7: 3368 | E7: =ROUND(IF(F7<>0,C7*D7,0),0) -> 276614 | F7: 吾斯曼·吐尼亚孜 | G7: 276614 | H7: =E7-G7 -> 0 | J7: =VLOOKUP(B7,'多浪一期账面房号及收款金额-分公司'!$A$2:$B$436,2,0) -> 276614 | K7: =G7-I7-J7 -> 0 | P7: 276614 | R7: =J7-P7-Q7 -> 0 | S7: =J7/1.05-P7-Q7 -> -13172.095 | T7: =J7/1.05*0.05-R7 -> 13172.095 | U7: 前期确认收入时未计提销项税，本期调整多确认的收入至销项税
A8: 4 | B8: A11-1-202 | C8: 81.76 | D8: 2460 | E8: =ROUND(IF(F8<>0,C8*D8,0),0) -> 201130 | F8: 玉苏普·图拉克 | G8: 201130 | H8: =E8-G8 -> 0 | J8: =VLOOKUP(B8,'多浪一期账面房号及收款金额-分公司'!$A$2:$B$436,2,0) -> 201130.65 | K8: =G8-I8-J8 -> -0.65 | P8: 191553 | R8: =J8-P8-Q8 -> 9577.65 | S8: =J8/1.05-P8-Q8 -> 0 | T8: =J8/1.05*0.05-R8 -> 0 | U8: 不调整
A9: 5 | B9: A11-1-301 | C9: 82.13 | D9: 2500 | E9: =ROUND(IF(F9<>0,C9*D9,0),0) -> 205325 | F9: 艾合麦提·依马木尼亚孜 | G9: 205325 | H9: =E9-G9 -> 0 | J9: =VLOOKUP(B9,'多浪一期账面房号及收款金额-分公司'!$A$2:$B$436,2,0) -> 205324.35 | K9: =G9-I9-J9 -> 0.65 | P9: 195547 | R9: =J9-P9-Q9 -> 9777.35 | S9: =J9/1.05-P9-Q9 -> 0 | T9: =J9/1.05*0.05-R9 -> 0 | U9: 不调整
A10: 6 | B10: A11-1-302 | C10: 81.76 | D10: 2500 | E10: =ROUND(IF(F10<>0,C10*D10,0),0) -> 204400 | F10: 帕特木·沙依木 | G10: 204400 | H10: =E10-G10 -> 0 | J10: =VLOOKUP(B10,'多浪一期账面房号及收款金额-分公司'!$A$2:$B$436,2,0) -> 204399.3 | K10: =G10-I10-J10 -> 0.7 | P10: 194666 | R10: =J10-P10-Q10 -> 9733.3 | S10: =J10/1.05-P10-Q10 -> 0 | T10: =J10/1.05*0.05-R10 -> 0 | U10: 不调整
A11: 7 | B11: A11-1-401 | C11: 82.13 | D11: 2200 | E11: =ROUND(IF(F11<>0,C11*D11,0),0) -> 180686 | F11: 阿布都克热木·阿布都热合曼 | G11: 180686 | H11: =E11-G11 -> 0 | J11: =VLOOKUP(B11,'多浪一期账面房号及收款金额-分公司'!$A$2:$B$436,2,0) -> 180686.1 | K11: =G11-I11-J11 -> -0.1 | P11: 172082 | R11: =J11-P11-Q11 -> 8604.1 | S11: =J11/1.05-P11-Q11 -> 0 | T11: =J11/1.05*0.05-R11 -> 0 | U11: 不调整
A12: 8 | B12: A11-1-402 | C12: 81.76 | D12: 3108 | E12: =ROUND(IF(F12<>0,C12*D12,0),0) -> 254110 | F12: 托合提阿布拉 | G12: 254110 | H12: =E12-G12 -> 0 | J12: =VLOOKUP(B12,'多浪一期账面房号及收款金额-分公司'!$A$2:$B$436,2,0) -> 254110 | K12: =G12-I12-J12 -> 0 | P12: 254110 | R12: =J12-P12-Q12 -> 0 | S12: =J12/1.05-P12-Q12 -> -12100.476 | T12: =J12/1.05*0.05-R12 -> 12100.476 | U12: 前期确认收入时未计提销项税，本期调整多确认的收入至销项税
A13: 9 | B13: A11-1-501 | C13: 82.13 | D13: 2908 | E13: =ROUND(IF(F13<>0,C13*D13,0),0) -> 238834 | F13: 哈合尼亚孜·吐尼亚孜 | G13: 238834 | H13: =E13-G13 -> 0 | J13: =VLOOKUP(B13,'多浪一期账面房号及收款金额-分公司'!$A$2:$B$436,2,0) -> 238834 | K13: =G13-I13-J13 -> 0 | P13: 238834 | R13: =J13-P13-Q13 -> 0 | S13: =J13/1.05-P13-Q13 -> -11373.048 | T13: =J13/1.05*0.05-R13 -> 11373.048 | U13: 前期确认收入时未计提销项税，本期调整多确认的收入至销项税
A14: 10 | B14: A11-1-502 | C14: 81.76 | D14: 2908 | E14: =ROUND(IF(F14<>0,C14*D14,0),0) -> 237758 | F14: 侯功甲 | G14: 237758 | H14: =E14-G14 -> 0 | J14: =VLOOKUP(B14,'多浪一期账面房号及收款金额-分公司'!$A$2:$B$436,2,0) -> 237758 | K14: =G14-I14-J14 -> 0 | N14: =[4]Sheet1!$N$16 -> -237758 | O14: 237758 | P14: 237758 | Q14: 226436.19 | R14: 11321.81 | S14: =J14/1.05-P14-Q14 -> -237758 | T14: =J14/1.05*0.05-R14 -> -0.00047619047 | U14: 调整以前年度多确认的收入
A15: 11 | B15: A11-1-601 | C15: 82.13 | D15: 2508 | E15: =ROUND(IF(F15<>0,C15*D15,0),0) -> 205982 | F15: 吐妮呀孜 | G15: 205982 | H15: =E15-G15 -> 0 | J15: =VLOOKUP(B15,'多浪一期账面房号及收款金额-分公司'!$A$2:$B$436,2,0) -> 205982 | K15: =G15-I15-J15 -> 0 | P15: 205982 | R15: =J15-P15-Q15 -> 0 | S15: =J15/1.05-P15-Q15 -> -9808.6667 | T15: =J15/1.05*0.05-R15 -> 9808.6667 | U15: 前期确认收入时未计提销项税，本期调整多确认的收入至销项税
A16: 12 | B16: A11-1-602 | C16: 81.76 | D16: 2508 | E16: =ROUND(IF(F16<>0,C16*D16,0),0) -> 205054 | F16: 韩刘梅 | G16: 205054 | H16: =E16-G16 -> 0 | J16: =VLOOKUP(B16,'多浪一期账面房号及收款金额-分公司'!$A$2:$B$436,2,0) -> 205054 | K16: =G16-I16-J16 -> 0 | P16: 205054 | R16: =J16-P16-Q16 -> 0 | S16: =J16/1.05-P16-Q16 -> -9764.4762 | T16: =J16/1.05*0.05-R16 -> 9764.4762 | U16: 前期确认收入时未计提销项税，本期调整多确认的收入至销项税
A17: 13 | B17: A11-2-101 | C17: 81.76 | D17: 2580 | E17: =ROUND(IF(F17<>0,C17*D17,0),0) -> 210941 | F17: 木沙·阿木提 | G17: 210941 | H17: =E17-G17 -> 0 | J17: =VLOOKUP(B17,'多浪一期账面房号及收款金额-分公司'!$A$2:$B$436,2,0) -> 210940.8 | K17: =G17-I17-J17 -> 0.2 | P17: 200896 | R17: =J17-P17-Q17 -> 10044.8 | S17: =J17/1.05-P17-Q17 -> 0 | T17: =J17/1.05*0.05-R17 -> 0 | U17: 不调整
A18: 14 | B18: A11-2-102 | C18: 81.76 | D18: 2500 | E18: 204700 | F18: 帕旦木·阿西丁改为艾麦尔·依斯拉木，西热力·麦麦提 | G18: 204700 | H18: =E18-G18 -> 0 | J18: =VLOOKUP(B18,'多浪一期账面房号及收款金额-分公司'!$A$2:$B$436,2,0) -> 204700.29 | K18: =G18-I18-J18 -> -0.293 | O18: =194666.67-0.01 -> 194666.66 | P18: 286 | Q18: =194666.67-0.01 -> 194666.66 | R18: =J18-P18-Q18 -> 9747.633 | S18: =J18/1.05-P18-Q18 -> 0 | T18: =J18/1.05*0.05-R18 -> 0 | U18: 不调整
A19: 15 | B19: A11-2-201 | C19: 81.76 | D19: 2500 | E19: =ROUND(IF(F19<>0,C19*D19,0),0) -> 204400 | F19: 木塔力甫·艾木都拉 | G19: 204400 | H19: =E19-G19 -> 0 | J19: =VLOOKUP(B19,'多浪一期账面房号及收款金额-分公司'!$A$2:$B$436,2,0) -> 204399.3 | K19: =G19-I19-J19 -> 0.7 | P19: 194666 | R19: =J19-P19-Q19 -> 9733.3 | S19: =J19/1.05-P19-Q19 -> 0 | T19: =J19/1.05*0.05-R19 -> 0 | U19: 不调整
A20: 16 | B20: A11-2-202 | C20: 81.76 | D20: 2500 | E20: =ROUND(IF(F20<>0,C20*D20,0),0) -> 204400 | F20: 图尔荪毛拉麦提 | G20: 204400 | H20: =E20-G20 -> 0 | J20: =VLOOKUP(B20,'多浪一期账面房号及收款金额-分公司'!$A$2:$B$436,2,0) -> 204399.3 | K20: =G20-I20-J20 -> 0.7 | P20: 194666 | R20: =J20-P20-Q20 -> 9733.3 | S20: =J20/1.05-P20-Q20 -> 0 | T20: =J20/1.05*0.05-R20 -> 0 | U20: 不调整
A21: 17 | B21: A11-2-301 | C21: 81.76 | D21: 2200 | E21: =ROUND(IF(F21<>0,C21*D21,0),0) -> 179872 | F21: 阿力莆沙依木 | G21: 179872 | H21: =E21-G21 -> 0 | J21: =VLOOKUP(B21,'多浪一期账面房号及收款金额-分公司'!$A$2:$B$436,2,0) -> 179872 | K21: =G21-I21-J21 -> 0 | P21: 179872 | R21: =J21-P21-Q21 -> 0 | S21: =J21/1.05-P21-Q21 -> -8565.3333 | T21: =J21/1.05*0.05-R21 -> 8565.3333 | U21: 前期确认收入时未计提销项税，本期调整多确认的收入至销项税
A22: 18 | B22: A11-2-302 | C22: 81.76 | D22: 2460 | E22: =ROUND(IF(F22<>0,C22*D22,0),0) -> 201130 | F22: 约尔尼沙汗·依马木尼亚孜 | G22: 201130 | H22: =E22-G22 -> 0 | J22: =VLOOKUP(B22,'多浪一期账面房号及收款金额-分公司'!$A$2:$B$436,2,0) -> 201129.6 | K22: =G22-I22-J22 -> 0.4 | P22: 191552 | R22: =J22-P22-Q22 -> 9577.6 | S22: =J22/1.05-P22-Q22 -> 0 | T22: =J22/1.05*0.05-R22 -> 0 | U22: 不调整
A23: 19 | B23: A11-2-401 | C23: 81.76 | D23: 3108 | E23: =ROUND(IF(F23<>0,C23*D23,0),0) -> 254110 | F23: 努尔尼亚斯依明 | G23: 254110 | H23: =E23-G23 -> 0 | J23: =VLOOKUP(B23,'多浪一期账面房号及收款金额-分公司'!$A$2:$B$436,2,0) -> 254110 | K23: =G23-I23-J23 -> 0 | P23: 254110 | R23: =J23-P23-Q23 -> 0 | S23: =J23/1.05-P23-Q23 -> -12100.476 | T23: =J23/1.05*0.05-R23 -> 12100.476 | U23: 前期确认收入时未计提销项税，本期调整多确认的收入至销项税
A24: 20 | B24: A11-2-402 | C24: 81.76 | D24: 3108 | E24: =ROUND(IF(F24<>0,C24*D24,0),0) -> 254110 | F24: 阿那古力玉山 | G24: 110 | H24: =E24-G24 -> 254000 | K24: =G24-I24-J24 -> 110 | R24: =J24-P24-Q24 -> 0 | S24: =J24/1.05-P24-Q24 -> 0 | T24: =J24/1.05*0.05-R24 -> 0 | U24: 不调整
A25: 21 | B25: A11-2-501 | C25: 81.76 | D25: 2928 | E25: =ROUND(IF(F25<>0,C25*D25,0),0) -> 239393 | F25: 刘杰 | G25: 239393 | H25: =E25-G25 -> 0 | J25: =VLOOKUP(B25,'多浪一期账面房号及收款金额-分公司'!$A$2:$B$436,2,0) -> 239393 | K25: =G25-I25-J25 -> 0 | P25: 239393 | R25: =J25-P25-Q25 -> 0 | S25: =J25/1.05-P25-Q25 -> -11399.667 | T25: =J25/1.05*0.05-R25 -> 11399.667 | U25: 前期确认收入时未计提销项税，本期调整多确认的收入至销项税
A26: 22 | B26: A11-2-502 | C26: 81.76 | D26: 2928 | E26: =ROUND(IF(F26<>0,C26*D26,0),0) -> 239393 | F26: 黄屹东 | G26: 239393 | H26: =E26-G26 -> 0 | J26: =VLOOKUP(B26,'多浪一期账面房号及收款金额-分公司'!$A$2:$B$436,2,0) -> 239393 | K26: =G26-I26-J26 -> 0 | P26: 239393 | R26: =J26-P26-Q26 -> 0 | S26: =J26/1.05-P26-Q26 -> -11399.667 | T26: =J26/1.05*0.05-R26 -> 11399.667 | U26: 前期确认收入时未计提销项税，本期调整多确认的收入至销项税
A27: 23 | B27: A11-2-601 | C27: 81.76 | D27: 2530 | E27: =ROUND(IF(F27<>0,C27*D27,0),0) -> 206853 | F27: 芦永峰 | G27: 206853 | H27: =E27-G27 -> 0 | J27: =VLOOKUP(B27,'多浪一期账面房号及收款金额-分公司'!$A$2:$B$436,2,0) -> 206853 | K27: =G27-I27-J27 -> 0 | P27: 206853 | R27: =J27-P27-Q27 -> 0 | S27: =J27/1.05-P27-Q27 -> -9850.1429 | T27: =J27/1.05*0.05-R27 -> 9850.1429 | U27: 前期确认收入时未计提销项税，本期调整多确认的收入至销项税
A28: 24 | B28: A11-2-602 | C28: 81.76 | D28: 2530 | E28: =ROUND(IF(F28<>0,C28*D28,0),0) -> 206853 | F28: 艾则孜。麦麦提 | G28: 206853 | H28: =E28-G28 -> 0 | J28: =VLOOKUP(B28,'多浪一期账面房号及收款金额-分公司'!$A$2:$B$436,2,0) -> 206853 | K28: =G28-I28-J28 -> 0 | P28: 206853 | R28: =J28-P28-Q28 -> 0 | S28: =J28/1.05-P28-Q28 -> -9850.1429 | T28: =J28/1.05*0.05-R28 -> 9850.1429 | U28: 前期确认收入时未计提销项税，本期调整多确认的收入至销项税
A29: 25 | B29: A11-3-101 | C29: 81.76 | D29: 2500 | E29: =ROUND(IF(F29<>0,C29*D29,0),0) -> 204400 | F29: 艾力·尤努司 | G29: 204400 | H29: =E29-G29 -> 0 | J29: =VLOOKUP(B29,'多浪一期账面房号及收款金额-分公司'!$A$2:$B$436,2,0) -> 204399.3 | K29: =G29-I29-J29 -> 0.7 | P29: 194666 | R29: =J29-P29-Q29 -> 9733.3 | S29: =J29/1.05-P29-Q29 -> 0 | T29: =J29/1.05*0.05-R29 -> 0 | U29: 不调整
A30: 26 | B30: A11-3-102 | C30: 81.76 | D30: 2480.1 | E30: =ROUND(IF(F30<>0,C30*D30,0),0) -> 202773 | F30: 黑力且木·艾依提 | G30: 202773 | H30: =E30-G30 -> 0 | J30: =VLOOKUP(B30,'多浪一期账面房号及收款金额-分公司'!$A$2:$B$436,2,0) -> 202772.85 | K30: =G30-I30-J30 -> 0.15 | P30: 193117 | R30: =J30-P30-Q30 -> 9655.85 | S30: =J30/1.05-P30-Q30 -> 0 | T30: =J30/1.05*0.05-R30 -> 0 | U30: 不调整
A31: 27 | B31: A11-3-201 | C31: 81.76 | D31: 3368 | E31: =ROUND(IF(F31<>0,C31*D31,0),0) -> 275368 | F31: 吐尼亚孜斯地克 | G31: 275368 | H31: =E31-G31 -> 0 | J31: =VLOOKUP(B31,'多浪一期账面房号及收款金额-分公司'!$A$2:$B$436,2,0) -> 275368 | K31: =G31-I31-J31 -> 0 | P31: 275368 | R31: =J31-P31-Q31 -> 0 | S31: =J31/1.05-P31-Q31 -> -13112.762 | T31: =J31/1.05*0.05-R31 -> 13112.762 | U31: 前期确认收入时未计提销项税，本期调整多确认的收入至销项税
A32: 28 | B32: A11-3-202 | C32: 81.76 | D32: 3368 | E32: =ROUND(IF(F32<>0,C32*D32,0),0) -> 275368 | F32: 哈尼克孜·铁力瓦迪 | G32: 368 | H32: =E32-G32 -> 275000 | J32: =VLOOKUP(B32,'多浪一期账面房号及收款金额-分公司'!$A$2:$B$436,2,0) -> 368.55 | K32: =G32-I32-J32 -> -0.55 | P32: 351 | R32: =J32-P32-Q32 -> 17.55 | S32: =J32/1.05-P32-Q32 -> 0 | T32: =J32/1.05*0.05-R32 -> 0 | U32: 不调整
A33: 29 | B33: A11-3-301 | C33: 81.76 | D33: 2750 | E33: =ROUND(IF(F33<>0,C33*D33,0),0) -> 224840 | F33: 阿依古力古吉克 | G33: 500 | H33: =E33-G33 -> 224340 | J33: =VLOOKUP(B33,'多浪一期账面房号及收款金额-分公司'!$A$2:$B$436,2,0) -> 499.8 | K33: =G33-I33-J33 -> 0.2 | P33: 476 | R33: =J33-P33-Q33 -> 23.8 | S33: =J33/1.05-P33-Q33 -> 0 | T33: =J33/1.05*0.05-R33 -> 0 | U33: 不调整
A34: 30 | B34: A11-3-302 | C34: 81.76 | D34: 2500 | E34: =ROUND(IF(F34<>0,C34*D34,0),0) -> 204400 | F34: 木塔力甫·木合旦 | G34: 204400 | H34: =E34-G34 -> 0 | J34: =VLOOKUP(B34,'多浪一期账面房号及收款金额-分公司'!$A$2:$B$436,2,0) -> 204399.4 | K34: =G34-I34-J34 -> 0.595 | O34: =194666.67-194666.67 -> 0 | P34: 194666.1 | R34: =J34-P34-Q34 -> 9733.305 | S34: =J34/1.05-P34-Q34 -> 0 | T34: =J34/1.05*0.05-R34 -> 0 | U34: 不调整
A35: 31 | B35: A11-3-401 | C35: 81.76 | D35: 2858 | E35: =ROUND(IF(F35<>0,C35*D35,0),0) -> 233670 | F35: 古丽阿依夏目·艾买提 | G35: 670 | H35: =E35-G35 -> 233000 | J35: =VLOOKUP(B35,'多浪一期账面房号及收款金额-分公司'!$A$2:$B$436,2,0) -> 669.9 | K35: =G35-I35-J35 -> 0.1 | P35: 638 | R35: =J35-P35-Q35 -> 31.9 | S35: =J35/1.05-P35-Q35 -> 0 | T35: =J35/1.05*0.05-R35 -> 0 | U35: 不调整
A36: 32 | B36: A11-3-402 | C36: 81.76 | D36: 2200 | E36: =ROUND(IF(F36<>0,C36*D36,0),0) -> 179872 | F36: 吐拉汗·达尼 | G36: 179872 | H36: =E36-G36 -> 0 | J36: =VLOOKUP(B36,'多浪一期账面房号及收款金额-分公司'!$A$2:$B$436,2,0) -> 179872.35 | K36: =G36-I36-J36 -> -0.35 | P36: 171307 | R36: =J36-P36-Q36 -> 8565.35 | S36: =J36/1.05-P36-Q36 -> 0 | T36: =J36/1.05*0.05-R36 -> 0 | U36: 不调整
A37: 33 | B37: A11-3-501 | C37: 81.76 | D37: 2928 | E37: =ROUND(IF(F37<>0,C37*D37,0),0) -> 239393 | F37: 张新 | G37: 239393 | H37: =E37-G37 -> 0 | J37: =VLOOKUP(B37,'多浪一期账面房号及收款金额-分公司'!$A$2:$B$436,2,0) -> 239393 | K37: =G37-I37-J37 -> 0 | O37: 227993.33 | P37: 239393 | Q37: =227993.33-227993.33 -> 0 | R37: =J37-P37-Q37 -> 0 | S37: =J37/1.05-P37-Q37 -> -11399.667 | T37: =J37/1.05*0.05-R37 -> 11399.667 | U37: 前期确认收入时未计提销项税，本期调整多确认的收入至销项税
A38: 34 | B38: A11-3-502 | C38: 81.76 | D38: 2020 | E38: =ROUND(IF(F38<>0,C38*D38,0),0) -> 165155 | F38: 帕拉提居马 | G38: 165155 | H38: =E38-G38 -> 0 | J38: =VLOOKUP(B38,'多浪一期账面房号及收款金额-分公司'!$A$2:$B$436,2,0) -> 165155 | K38: =G38-I38-J38 -> 0 | P38: 165155 | R38: =J38-P38-Q38 -> 0 | S38: =J38/1.05-P38-Q38 -> -7864.5238 | T38: =J38/1.05*0.05-R38 -> 7864.5238 | U38: 前期确认收入时未计提销项税，本期调整多确认的收入至销项税
A39: 35 | B39: A11-3-601 | C39: 81.76 | D39: 1850 | E39: =ROUND(IF(F39<>0,C39*D39,0),0) -> 151256 | F39: 蒋达华 | G39: 151256 | H39: =E39-G39 -> 0 | J39: =VLOOKUP(B39,'多浪一期账面房号及收款金额-分公司'!$A$2:$B$436,2,0) -> 151256 | K39: =G39-I39-J39 -> 0 | P39: 151256 | R39: =J39-P39-Q39 -> 0 | S39: =J39/1.05-P39-Q39 -> -7202.6667 | T39: =J39/1.05*0.05-R39 -> 7202.6667 | U39: 前期确认收入时未计提销项税，本期调整多确认的收入至销项税
A40: 36 | B40: A11-3-602 | C40: 81.76 | D40: 2530 | E40: =ROUND(IF(F40<>0,C40*D40,0),0) -> 206853 | F40: 韩冰 | G40: 206853 | H40: =E40-G40 -> 0 | J40: =VLOOKUP(B40,'多浪一期账面房号及收款金额-分公司'!$A$2:$B$436,2,0) -> 206853 | K40: =G40-I40-J40 -> 0 | P40: 206853 | R40: =J40-P40-Q40 -> 0 | S40: =J40/1.05-P40-Q40 -> -9850.1429 | T40: =J40/1.05*0.05-R40 -> 9850.1429 | U40: 前期确认收入时未计提销项税，本期调整多确认的收入至销项税
A41: 37 | B41: A11-4-101 | C41: 81.76 | D41: 2500 | E41: =ROUND(IF(F41<>0,C41*D41,0),0) -> 204400 | F41: 吐尼亚孜·麦提尼亚孜 | G41: 204400 | H41: =E41-G41 -> 0 | J41: =VLOOKUP(B41,'多浪一期账面房号及收款金额-分公司'!$A$2:$B$436,2,0) -> 204399.3 | K41: =G41-I41-J41 -> 0.7 | P41: 194666 | R41: =J41-P41-Q41 -> 9733.3 | S41: =J41/1.05-P41-Q41 -> 0 | T41: =J41/1.05*0.05-R41 -> 0 | U41: 不调整
A42: 38 | B42: A11-4-102 | C42: 82.13 | D42: 2500 | E42: =ROUND(IF(F42<>0,C42*D42,0),0) -> 205325 | F42: 艾合买提·图尼亚孜 | G42: 205352 | H42: =E42-G42 -> -27 | J42: =VLOOKUP(B42,'多浪一期账面房号及收款金额-分公司'!$A$2:$B$436,2,0) -> 205351.96 | K42: =G42-I42-J42 -> 0.035 | P42: 195573.3 | R42: =J42-P42-Q42 -> 9778.665 | S42: =J42/1.05-P42-Q42 -> 0 | T42: =J42/1.05*0.05-R42 -> 0 | U42: 不调整
A43: 39 | B43: A11-4-201 | C43: 81.76 | D43: 2500 | E43: =ROUND(IF(F43<>0,C43*D43,0),0) -> 204400 | F43: 艾麦尔·肉则、阿西木阿吉 | G43: 204400 | H43: =E43-G43 -> 0 | J43: =VLOOKUP(B43,'多浪一期账面房号及收款金额-分公司'!$A$2:$B$436,2,0) -> 204399.3 | K43: =G43-I43-J43 -> 0.7 | P43: 194666 | R43: =J43-P43-Q43 -> 9733.3 | S43: =J43/1.05-P43-Q43 -> 0 | T43: =J43/1.05*0.05-R43 -> 0 | U43: 不调整
A44: 40 | B44: A11-4-202 | C44: 82.13 | D44: 2500 | E44: =ROUND(IF(F44<>0,C44*D44,0),0) -> 205325 | F44: 艾合提吐尼亚孜 | G44: 205325 | H44: =E44-G44 -> 0 | J44: =VLOOKUP(B44,'多浪一期账面房号及收款金额-分公司'!$A$2:$B$436,2,0) -> 205325.4 | K44: =G44-I44-J44 -> -0.4 | P44: 195548 | R44: =J44-P44-Q44 -> 9777.4 | S44: =J44/1.05-P44-Q44 -> 0 | T44: =J44/1.05*0.05-R44 -> 0 | U44: 不调整
A45: 41 | B45: A11-4-301 | C45: 81.76 | D45: 2460 | E45: =ROUND(IF(F45<>0,C45*D45,0),0) -> 201130 | F45: 哈尼扎但木·马木提 | G45: 201130 | H45: =E45-G45 -> 0 | J45: =VLOOKUP(B45,'多浪一期账面房号及收款金额-分公司'!$A$2:$B$436,2,0) -> 201129.6 | K45: =G45-I45-J45 -> 0.4 | P45: 191552 | R45: =J45-P45-Q45 -> 9577.6 | S45: =J45/1.05-P45-Q45 -> 0 | T45: =J45/1.05*0.05-R45 -> 0 | U45: 不调整
A46: 42 | B46: A11-4-302 | C46: 82.13 | D46: 2000 | E46: =ROUND(IF(F46<>0,C46*D46,0),0) -> 164260 | F46: （永安混凝土）买木塔吾拉买买提明 | G46: 299774 | H46: =E46-G46 -> -135514 | J46: =VLOOKUP(B46,'多浪一期账面房号及收款金额-分公司'!$A$2:$B$436,2,0) -> 5000.1 | K46: =G46-I46-J46 -> 294773.9 | P46: 4762 | R46: =J46-P46-Q46 -> 238.1 | S46: =J46/1.05-P46-Q46 -> 0 | T46: =J46/1.05*0.05-R46 -> 0 | U46: 不调整
A47: 43 | B47: A11-4-401 | C47: 81.76 | D47: 2250 | E47: =ROUND(IF(F47<>0,C47*D47,0),0) -> 183960 | F47: 阿曼古丽艾合坦木 | G47: 183960 | H47: =E47-G47 -> 0 | J47: =VLOOKUP(B47,'多浪一期账面房号及收款金额-分公司'!$A$2:$B$436,2,0) -> 183960 | K47: =G47-I47-J47 -> 0 | P47: 175200 | R47: =J47-P47-Q47 -> 8760 | S47: =J47/1.05-P47-Q47 -> 0 | T47: =J47/1.05*0.05-R47 -> 0 | U47: 不调整
A48: 44 | B48: A11-4-402 | C48: 82.13 | D48: 2250 | E48: =ROUND(IF(F48<>0,C48*D48,0),0) -> 184793 | F48: 亚森赛买提 | G48: 184793 | H48: =E48-G48 -> 0 | J48: =VLOOKUP(B48,'多浪一期账面房号及收款金额-分公司'!$A$2:$B$436,2,0) -> 184793.7 | K48: =G48-I48-J48 -> -0.7 | P48: 175994 | R48: =J48-P48-Q48 -> 8799.7 | S48: =J48/1.05-P48-Q48 -> 0 | T48: =J48/1.05*0.05-R48 -> 0 | U48: 不调整
A49: 45 | B49: A11-4-501 | C49: 81.76 | D49: 2928 | E49: =ROUND(IF(F49<>0,C49*D49,0),0) -> 239393 | F49: 郭健民 | G49: 239393 | H49: =E49-G49 -> 0 | J49: =VLOOKUP(B49,'多浪一期账面房号及收款金额-分公司'!$A$2:$B$436,2,0) -> 239392.7 | K49: =G49-I49-J49 -> 0.3 | P49: 237407 | R49: =J49-P49-Q49 -> 1985.7 | S49: =J49/1.05-P49-Q49 -> -9413.9524 | T49: =J49/1.05*0.05-R49 -> 9413.9524 | U49: 前期确认收入时未计提销项税，本期调整多确认的收入至销项税
... A51: 47 | B51: A11-4-601 | C51: 81.76 | D51: 2530 | E51: =ROUND(IF(F51<>0,C51*D51,0),0) -> 206853 | F51: 丁自然 | G51: 206853 | H51: =E51-G51 -> 0 | J51: =VLOOKUP(B51,'多浪一期账面房号及收款金额-分公司'!$A$2:$B$436,2,0) -> 206853.15 | K51: =G51-I51-J51 -> -0.15 | P51: 197003 | R51: =J51-P51-Q51 -> 9850.15 | S51: =J51/1.05-P51-Q51 -> 0 | T51: =J51/1.05*0.05-R51 -> 0 | U51: 不调整
A52: 48 | B52: A11-4-602 | C52: 82.13 | D52: 1550 | E52: =ROUND(IF(F52<>0,C52*D52,0),0) -> 127302 | F52: 吐尔逊古力·托黑提 | G52: 127302 | H52: =E52-G52 -> 0 | J52: =VLOOKUP(B52,'多浪一期账面房号及收款金额-分公司'!$A$2:$B$436,2,0) -> 127302 | K52: =G52-I52-J52 -> 0 | O52: =121240-121240 -> 0 | P52: 121240 | R52: =J52-P52-Q52 -> 6062 | S52: =J52/1.05-P52-Q52 -> 0 | T52: =J52/1.05*0.05-R52 -> 0 | U52: 不调整
A53: 49 | B53: A12-1-101 | C53: 99.69 | D53: 2500 | E53: =ROUND(IF(F53<>0,C53*D53,0),0) -> 249225 | F53: 依米尔江·托乎尼牙孜 | G53: 249225 | H53: =E53-G53 -> 0 | J53: =VLOOKUP(B53,'多浪一期账面房号及收款金额-分公司'!$A$2:$B$436,2,0) -> 249224.85 | K53: =G53-I53-J53 -> 0.15 | P53: 237357 | R53: =J53-P53-Q53 -> 11867.85 | S53: =J53/1.05-P53-Q53 -> 0 | T53: =J53/1.05*0.05-R53 -> 0 | U53: 不调整
A54: 50 | B54: A12-1-102 | C54: 89.5 | D54: 2492 | E54: =ROUND(IF(F54<>0,C54*D54,0),0) -> 223034 | F54: 乌斯曼·达吾提 | G54: 223034 | H54: =E54-G54 -> 0 | J54: =VLOOKUP(B54,'多浪一期账面房号及收款金额-分公司'!$A$2:$B$436,2,0) -> 223034.7 | K54: =G54-I54-J54 -> -0.7 | P54: 212414 | R54: =J54-P54-Q54 -> 10620.7 | S54: =J54/1.05-P54-Q54 -> 0 | T54: =J54/1.05*0.05-R54 -> 0 | U54: 不调整
A55: 51 | B55: A12-1-201 | C55: 99.69 | D55: 2480 | E55: =ROUND(IF(F55<>0,C55*D55,0),0) -> 247231 | F55: 吐尼亚孜·托合尼亚孜 | G55: 247231 | H55: =E55-G55 -> 0 | J55: =VLOOKUP(B55,'多浪一期账面房号及收款金额-分公司'!$A$2:$B$436,2,0) -> 247230.9 | K55: =G55-I55-J55 -> 0.1 | P55: 235458 | R55: =J55-P55-Q55 -> 11772.9 | S55: =J55/1.05-P55-Q55 -> 0 | T55: =J55/1.05*0.05-R55 -> 0 | U55: 不调整
A56: 52 | B56: A12-1-202 | C56: 89.5 | D56: 2500 | E56: =ROUND(IF(F56<>0,C56*D56,0),0) -> 223750 | F56: 吐拉克孜·艾买尔（希克·艾拉克） | G56: 223750 | H56: =E56-G56 -> 0 | J56: 228750 | K56: =G56-I56-J56 -> -5000 | L56: 2017年12-52#5000元是否挂错房号 | N56: =VLOOKUP(B56,[4]Sheet1!$D$5:$N$69,11,0) -> -219940 | O56: 223750 | P56: 214047 | Q56: 213095.24 | R56: 10892.85 | S56: =J56/1.05-P56-Q56 -> -209285.1 | T56: =J56/1.05*0.05-R56 -> 0.0071428571 | U56: 调整以前年度多确认的收入
A57: 53 | B57: A12-1-301 | C57: 99.69 | D57: 2580 | E57: =ROUND(IF(F57<>0,C57*D57,0),0) -> 257200 | F57: 木萨·阿布拉（钟文彬） | G57: 257200 | H57: =E57-G57 -> 0 | J57: =VLOOKUP(B57,'多浪一期账面房号及收款金额-分公司'!$A$2:$B$436,2,0) -> 257200.65 | K57: =G57-I57-J57 -> -0.65 | N57: =VLOOKUP(B57,[4]Sheet1!$D$5:$N$69,11,0) -> -257200 | O57: 244952.38 | P57: 244953 | Q57: 244952.38 | R57: 12247.62 | S57: =J57/1.05-P57-Q57 -> -244952.38 | T57: =J57/1.05*0.05-R57 -> 0.03 | U57: 调整以前年度多确认的收入
A58: 54 | B58: A12-1-302 | C58: 89.5 | D58: 2500 | E58: =ROUND(IF(F58<>0,C58*D58,0),0) -> 223750 | F58: 阿曼古力·麦麦提尼亚孜（阿依古力·托胡提） | G58: 224750 | H58: =E58-G58 -> -1000 | J58: 224750 | K58: =G58-I58-J58 -> 0 | P58: 214047 | R58: 10703 | S58: =J58/1.05-P58-Q58 -> 0.61904762 | T58: =J58/1.05*0.05-R58 -> -0.61904762 | U58: 不调整
A59: 55 | B59: A12-1-401 | C59: 99.69 | D59: 2200 | E59: =ROUND(IF(F59<>0,C59*D59,0),0) -> 219318 | F59: 库尔班·阿里木 | G59: 219318 | H59: =E59-G59 -> 0 | J59: 219318 | K59: =G59-I59-J59 -> 0 | P59: 208875 | R59: 10443 | S59: =J59/1.05-P59-Q59 -> -0.71428571 | T59: =J59/1.05*0.05-R59 -> 0.71428571 | U59: 不调整
A60: 56 | B60: A12-1-402 | C60: 89.5 | D60: 2200 | E60: =ROUND(IF(F60<>0,C60*D60,0),0) -> 196900 | F60: 吾古利尼萨·纳斯尔 | G60: 201900 | H60: =E60-G60 -> -5000 | J60: 201900 | K60: =G60-I60-J60 -> 0 | P60: 192286 | R60: 9614 | S60: =J60/1.05-P60-Q60 -> -0.28571429 | T60: =J60/1.05*0.05-R60 -> 0.28571429 | U60: 不调整
A61: 57 | B61: A12-1-501 | C61: 99.69 | D61: 2100 | E61: =ROUND(IF(F61<>0,C61*D61,0),0) -> 209349 | F61: 陈建华 | G61: 209349 | H61: =E61-G61 -> 0 | J61: =VLOOKUP(B61,'多浪一期账面房号及收款金额-分公司'!$A$2:$B$436,2,0) -> 209349 | K61: =G61-I61-J61 -> 0 | P61: 199380 | R61: 9969 | S61: =J61/1.05-P61-Q61 -> 0 | T61: =J61/1.05*0.05-R61 -> 0 | U61: 不调整
A62: 58 | B62: A12-1-502 | C62: 89.5 | D62: 2000 | E62: =ROUND(IF(F62<>0,C62*D62,0),0) -> 179000 | F62: 依里艾尔·艾斯凯尔改为克热木·阿不力孜 | G62: 179000 | H62: =E62-G62 -> 0 | J62: =VLOOKUP(B62,'多浪一期账面房号及收款金额-分公司'!$A$2:$B$436,2,0) -> 178999.2 | K62: =G62-I62-J62 -> 0.7985 | N62: =VLOOKUP(B62,[4]Sheet1!$D$5:$N$69,11,0) -> 9523.81 | O62: =39047.62+170476.19-143809.19 -> 65714.62 | P62: 95237 | Q62: =39047.62+170476.19-143809.19 -> 65714.62 | R62: 8523.77 | S62: =J62/1.05-P62-Q62 -> 9523.81 | T62: =J62/1.05*0.05-R62 -> 0.0015 | U62: 前期已确认全额销项税，本期仅结转收入
A63: 59 | B63: A12-1-601 | C63: 99.69 | D63: 1890 | E63: =ROUND(IF(F63<>0,C63*D63,0),0) -> 188414 | F63: 吐尔地·卡地尔 | G63: 186914 | H63: =E63-G63 -> 1500 | J63: =VLOOKUP(B63,'多浪一期账面房号及收款金额-分公司'!$A$2:$B$436,2,0) -> 186913.65 | K63: =G63-I63-J63 -> 0.35 | P63: 178013 | R63: 8901 | S63: =J63/1.05-P63-Q63 -> 0 | T63: =J63/1.05*0.05-R63 -> -0.35 | U63: 不调整
A64: 60 | B64: A12-1-602 | C64: 89.5 | D64: 1800 | E64: =ROUND(IF(F64<>0,C64*D64,0),0) -> 161100 | F64: 阿娜古丽·赛麦提、卡迪·尔丹 | G64: 161100 | H64: =E64-G64 -> 0 | J64: =VLOOKUP(B64,'多浪一期账面房号及收款金额-分公司'!$A$2:$B$436,2,0) -> 170704.8 | K64: =G64-I64-J64 -> -9604.8 | L64: 上任购房人未退款项结转收入9148元 | O64: 153428 | P64: 9148 | Q64: 153428 | R64: =Q64*0.05+457 -> 8128.4 | S64: =J64/1.05-P64-Q64 -> 0 | T64: =J64/1.05*0.05-R64 -> 0.4 | U64: 不调整
A65: 61 | B65: A12-2-101 | C65: 89.5 | D65: 2400 | E65: =ROUND(IF(F65<>0,C65*D65,0),0) -> 214800 | F65: 阿布都沙拉木·阿不都热西提、佐热古丽·吐尼亚孜 | G65: 214800 | H65: =E65-G65 -> 0 | J65: =VLOOKUP(B65,'多浪一期账面房号及收款金额-分公司'!$A$2:$B$436,2,0) -> 215801.05 | K65: =G65-I65-J65 -> -1001.0505 | L65: 上任购房人未退款项结转收入952元 | O65: =204571.43+0.38 -> 204571.81 | P65: 953 | Q65: =204571.43+0.38 -> 204571.81 | R65: =Q65*0.05+47 -> 10275.591 | S65: =J65/1.05-P65-Q65 -> 0 | T65: =J65/1.05*0.05-R65 -> 0.65 | U65: 不调整
A66: 62 | B66: A12-2-102 | C66: 101.54 | D66: =E66/C66 -> 2480 | E66: 251819.2 | F66: 李中超（麦热米汗·艾瓦拉） | G66: 251819 | H66: =E66-G66 -> 0.2 | I66: 251819 | K66: =G66-I66-J66 -> 0 | S66: =I66/1.05-P66-Q66 -> 239827.62 | T66: =I66/1.05*0.05-R66 -> 11991.381 | U66: 未开票结转收入
A67: 63 | B67: A12-2-201 | C67: 89.5 | D67: 2492 | E67: =ROUND(IF(F67<>0,C67*D67,0),0) -> 223034 | F67: 麦麦提·阿吾提 | G67: 223000 | H67: =E67-G67 -> 34 | J67: =VLOOKUP(B67,'多浪一期账面房号及收款金额-分公司'!$A$2:$B$436,2,0) -> 223000.05 | K67: =G67-I67-J67 -> -0.05 | N67: =[4]Sheet1!$N$41 -> -127762 | O67: 223000 | P67: 117143 | Q67: 212380.95 | R67: 10619.05 | S67: =J67/1.05-P67-Q67 -> -117142.95 | T67: =J67/1.05*0.05-R67 -> 0 | U67: 调整以前年度多确认的收入
A68: 64 | B68: A12-2-202 | C68: 101.54 | D68: 2500 | E68: =ROUND(IF(F68<>0,C68*D68,0),0) -> 253850 | F68: 巴哈尔古力·亚库甫 | G68: 103850 | H68: =E68-G68 -> 150000 | J68: =VLOOKUP(B68,'多浪一期账面房号及收款金额-分公司'!$A$2:$B$436,2,0) -> 103850 | K68: =G68-I68-J68 -> 0 | N68: =VLOOKUP(B68,[4]Sheet1!$D$5:$N$69,11,0) -> 0 | O68: =-9524+103850+150000 -> 244326 | P68: 9524 | Q68: =-9524+241761.9 -> 232237.9 | R68: 12088.1 | S68: =E68/1.05-P68-Q68 -> 0.0047619048 | T68: =E68/1.05*0.05-R68 -> -0.0047619048 | U68: 不调整
A69: 65 | B69: A12-2-301 | C69: 89.5 | D69: 2560 | E69: =ROUND(IF(F69<>0,C69*D69,0),0) -> 229120 | F69: 克热木·伊德日斯 | G69: 229120 | H69: =E69-G69 -> 0 | J69: =VLOOKUP(B69,'多浪一期账面房号及收款金额-分公司'!$A$2:$B$436,2,0) -> 229120.5 | K69: =G69-I69-J69 -> -0.5 | P69: 218210 | R69: 10910 | S69: =J69/1.05-P69-Q69 -> 0 | T69: =J69/1.05*0.05-R69 -> 0.5 | U69: 不调整
A70: 66 | B70: A12-2-302 | C70: 101.54 | D70: =G70/C70 -> 2400 | E70: =ROUND(IF(F70<>0,C70*D70,0),0) -> 243696 | F70: 米尔扎·艾合麦提 | G70: 243696 | H70: =E70-G70 -> 0 | J70: =VLOOKUP(B70,'多浪一期账面房号及收款金额-分公司'!$A$2:$B$436,2,0) -> 243696.6 | K70: =G70-I70-J70 -> -0.6 | P70: 232092 | R70: 11604 | S70: =J70/1.05-P70-Q70 -> 0 | T70: =J70/1.05*0.05-R70 -> 0.6 | U70: 不调整
A71: 67 | B71: A12-2-401 | C71: 89.5 | D71: 2200 | E71: =ROUND(IF(F71<>0,C71*D71,0),0) -> 196900 | F71: 阿力木·阿合尼牙孜 | G71: 196900 | H71: =E71-G71 -> 0 | J71: =VLOOKUP(B71,'多浪一期账面房号及收款金额-分公司'!$A$2:$B$436,2,0) -> 196900.2 | K71: =G71-I71-J71 -> -0.2 | P71: 187524 | R71: 9376 | S71: =J71/1.05-P71-Q71 -> 0 | T71: =J71/1.05*0.05-R71 -> 0.2 | U71: 不调整
A72: 68 | B72: A12-2-402 | C72: 101.54 | D72: 2200 | E72: =ROUND(IF(F72<>0,C72*D72,0),0) -> 223388 | F72: 阿依左克热·居麦克，努丽古丽·居买克 | G72: 223388 | H72: =E72-G72 -> 0 | J72: =VLOOKUP(B72,'多浪一期账面房号及收款金额-分公司'!$A$2:$B$436,2,0) -> 228388.65 | K72: =G72-I72-J72 -> -5000.65 | L72: 2017年12-103#5000元转入C3-112，未做帐 | N72: =VLOOKUP(B72,[4]Sheet1!$D$5:$N$69,11,0) -> 0.52 | O72: 212750.48 | P72: 4762 | Q72: 212750.48 | R72: =Q72*0.05+238 -> 10875.524 | S72: =J72/1.05-P72-Q72 -> 0.52 | T72: =J72/1.05*0.05-R72 -> 0.126 | U72: 不调整
A73: 69 | B73: A12-2-501 | C73: 89.5 | D73: 2000 | E73: =ROUND(IF(F73<>0,C73*D73,0),0) -> 179000 | F73: 曼苏尔·麦麦提 | G73: 179000 | H73: =E73-G73 -> 0 | J73: =VLOOKUP(B73,'多浪一期账面房号及收款金额-分公司'!$A$2:$B$436,2,0) -> 178999.8 | K73: =G73-I73-J73 -> 0.2 | P73: 170476 | R73: 8524 | S73: =J73/1.05-P73-Q73 -> 0 | T73: =J73/1.05*0.05-R73 -> -0.2 | U73: 不调整
A74: 70 | B74: A12-2-502 | C74: 101.54 | D74: 1949 | E74: =ROUND(IF(F74<>0,C74*D74,0),0) -> 197901 | F74: 张林 | G74: 197901 | H74: =E74-G74 -> 0 | J74: =VLOOKUP(B74,'多浪一期账面房号及收款金额-分公司'!$A$2:$B$436,2,0) -> 197900.85 | K74: =G74-I74-J74 -> 0.15 | P74: 188477 | R74: 9424 | S74: =J74/1.05-P74-Q74 -> 0 | T74: =J74/1.05*0.05-R74 -> -0.15 | U74: 不调整
A75: 71 | B75: A12-2-601 | C75: 89.5 | D75: 1900 | E75: =ROUND(IF(F75<>0,C75*D75,0),0) -> 170050 | F75: 阿布都肉苏力·托合逊（吾不力·吐热） | G75: 170050 | H75: =E75-G75 -> 0 | J75: =VLOOKUP(B75,'多浪一期账面房号及收款金额-分公司'!$A$2:$B$436,2,0) -> 170049.6 | K75: =G75-I75-J75 -> 0.4 | P75: 161952 | R75: 8098 | S75: =J75/1.05-P75-Q75 -> 0 | T75: =J75/1.05*0.05-R75 -> -0.4 | U75: 不调整
A76: 72 | B76: A12-2-602 | C76: 101.54 | D76: 1739.2456 | E76: =ROUND(IF(F76<>0,C76*D76,0),0) -> 176603 | F76: 艾科拜尔·艾海提 | G76: 176603 | H76: =E76-G76 -> 0 | J76: =VLOOKUP(B76,'多浪一期账面房号及收款金额-分公司'!$A$2:$B$436,2,0) -> 176602.65 | K76: =G76-I76-J76 -> 0.35 | N76: =VLOOKUP(B76,[4]Sheet1!$D$5:$N$69,11,0) -> 12381 | P76: 155812 | R76: 8409.65 | S76: =J76/1.05-P76-Q76 -> 12381 | T76: =J76/1.05*0.05-R76 -> 0 | U76: 前期已确认全额销项税，本期仅结转收入
A77: 73 | B77: A12-3-101 | C77: 101.54 | D77: 2560 | E77: =ROUND(IF(F77<>0,C77*D77,0),0) -> 259942 | F77: 吾热古丽·斯买日 | G77: 259942 | H77: =E77-G77 -> 0 | J77: =VLOOKUP(B77,'多浪一期账面房号及收款金额-分公司'!$A$2:$B$436,2,0) -> 259942.2 | K77: =G77-I77-J77 -> -0.2 | P77: 247564 | R77: 12378 | S77: =J77/1.05-P77-Q77 -> 0 | T77: =J77/1.05*0.05-R77 -> 0.2 | U77: 不调整
A78: 74 | B78: A12-3-102 | C78: 89.5 | D78: 2460 | E78: =ROUND(IF(F78<>0,C78*D78,0),0) -> 220170 | F78: 托胡提·塔瓦台库力，艾克拜尔·麦麦提 | G78: 226750 | H78: =E78-G78 -> -6580 | J78: =VLOOKUP(B78,'多浪一期账面房号及收款金额-分公司'!$A$2:$B$436,2,0) -> 226749.6 | K78: =G78-I78-J78 -> 0.4 | N78: =VLOOKUP(B78,[4]Sheet1!$D$5:$N$69,11,0) -> -10655 | O78: 223750 | P78: 2857 | Q78: 213095.24 | R78: =Q78*0.05+143 -> 10797.762 | S78: =J78/1.05-P78-Q78 -> -0.24 | T78: =J78/1.05*0.05-R78 -> -0.162 | U78: 不调整
A79: 75 | B79: A12-3-201 | C79: 101.54 | D79: 2400 | E79: =ROUND(IF(F79<>0,C79*D79,0),0) -> 243696 | F79: 于山·买买提 | G79: 253696 | H79: =E79-G79 -> -10000 | J79: =VLOOKUP(B79,'多浪一期账面房号及收款金额-分公司'!$A$2:$B$436,2,0) -> 253695.75 | K79: =G79-I79-J79 -> 0.25 | P79: 241615 | R79: 12081 | S79: =J79/1.05-P79-Q79 -> 0 | T79: =J79/1.05*0.05-R79 -> -0.25 | U79: 不调整
A80: 76 | B80: A12-3-202 | C80: 89.5 | D80: 2500 | E80: =ROUND(IF(F80<>0,C80*D80,0),0) -> 223750 | F80: 艾麦提·巴腊提 | G80: 223750 | H80: =E80-G80 -> 0 | J80: =VLOOKUP(B80,'多浪一期账面房号及收款金额-分公司'!$A$2:$B$436,2,0) -> 223749.75 | K80: =G80-I80-J80 -> 0.25 | O80: =VLOOKUP(B80,[2]信息汇总表!$M$2:$T$816,8,0) -> 223750 | P80: 213095 | R80: 10655 | S80: =J80/1.05-P80-Q80 -> 0 | T80: =J80/1.05*0.05-R80 -> -0.25 | U80: 不调整
A81: 77 | B81: A12-3-301 | C81: 101.54 | D81: 2500 | E81: =ROUND(IF(F81<>0,C81*D81,0),0) -> 253850 | F81: 莫台力甫·艾拉克 | G81: 254850 | H81: =E81-G81 -> -1000 | J81: =VLOOKUP(B81,'多浪一期账面房号及收款金额-分公司'!$A$2:$B$436,2,0) -> 254849.7 | K81: =G81-I81-J81 -> 0.3 | O81: 241762 | P81: 952 | Q81: 241762 | R81: =Q81*0.05+48 -> 12136.1 | S81: =J81/1.05-P81-Q81 -> 0 | T81: =J81/1.05*0.05-R81 -> -0.4 | U81: 不调整
A82: 78 | B82: A12-3-302 | C82: 89.5 | D82: 2400 | E82: =ROUND(IF(F82<>0,C82*D82,0),0) -> 214800 | F82: 阿依孜木·赛麦提 | G82: 214800 | H82: =E82-G82 -> 0 | J82: =VLOOKUP(B82,'多浪一期账面房号及收款金额-分公司'!$A$2:$B$436,2,0)-2000 -> 204800.65 | K82: =G82-I82-J82 -> 9999.35 | O82: =195048 -> 195048 | P82: 1905 | Q82: 195048 | R82: 9847 | S82: =E82/1.05-P82-Q82 -> 7618.4286 | T82: =E82/1.05*0.05-R82 -> 381.57143 | U82: 本期全额确认收入
A83: 79 | B83: A12-3-401 | C83: 101.54 | D83: 2350 | E83: =ROUND(IF(F83<>0,C83*D83,0),0) -> 238619 | F83: 麦合木提·艾拜都拉 | G83: 238619 | H83: =E83-G83 -> 0 | J83: 238619 | K83: =G83-I83-J83 -> 0 | N83: =VLOOKUP(B83,[4]Sheet1!$D$5:$N$69,11,0) -> -11648.1 | O83: =952.38+238619 -> 239571.38 | Q83: =952.38+(238619/1.05) -> 228208.57 | R83: 22058.97 | S83: =J83/1.05-P83-Q83 -> -952.38 | T83: =J83/1.05*0.05-R83 -> -10696.16 | U83: 调整以前年度多确认的收入及销项税
A84: 80 | B84: A12-3-402 | C84: 89.5 | D84: 2300 | E84: =ROUND(IF(F84<>0,C84*D84,0),0) -> 205850 | F84: 努尔古丽·托乎提（吐逊麦麦提） | G84: 205850 | H84: =E84-G84 -> 0 | J84: =VLOOKUP(B84,'多浪一期账面房号及收款金额-分公司'!$A$2:$B$436,2,0) -> 205850.4 | K84: =G84-I84-J84 -> -0.4 | P84: 196048 | R84: 9802 | S84: =J84/1.05-P84-Q84 -> 0 | T84: =J84/1.05*0.05-R84 -> 0.4 | U84: 不调整
A85: 81 | B85: A12-3-501 | C85: 101.54 | D85: 2098 | E85: =ROUND(IF(F85<>0,C85*D85,0),0) -> 213031 | F85: 张建中 | G85: 213034 | H85: =E85-G85 -> -3 | J85: =VLOOKUP(B85,'多浪一期账面房号及收款金额-分公司'!$A$2:$B$436,2,0) -> 213034.5 | K85: =G85-I85-J85 -> -0.5 | P85: 202890 | R85: 10144 | S85: =J85/1.05-P85-Q85 -> 0 | T85: =J85/1.05*0.05-R85 -> 0.5 | U85: 不调整
A86: 82 | B86: A12-3-502 | C86: 89.5 | D86: 2100 | E86: =ROUND(IF(F86<>0,C86*D86,0),0) -> 187950 | F86: 艾孜孜·木萨 | G86: 187950 | H86: =E86-G86 -> 0 | J86: =VLOOKUP(B86,'多浪一期账面房号及收款金额-分公司'!$A$2:$B$436,2,0) -> 187950 | K86: =G86-I86-J86 -> 0 | P86: 179000 | R86: 8950 | S86: =J86/1.05-P86-Q86 -> 0 | T86: =J86/1.05*0.05-R86 -> 0 | U86: 不调整
A87: 83 | B87: A12-3-601 | C87: 101.54 | D87: 1739.2456 | E87: =ROUND(IF(F87<>0,C87*D87,0),0) -> 176603 | F87: 阿卜杜艾尼·萨伍提 | G87: 176603 | H87: =E87-G87 -> 0 | J87: 176603 | K87: =G87-I87-J87 -> 0 | N87: =VLOOKUP(B87,[4]Sheet1!$D$5:$N$69,11,0) -> 2857 | P87: 165337 | R87: 8409 | S87: =J87/1.05-P87-Q87 -> 2856.3333 | T87: =J87/1.05*0.05-R87 -> 0.66666667 | U87: 未开票结转收入
A88: 84 | B88: A12-3-602 | C88: 89.5 | D88: 1788 | E88: =ROUND(IF(F88<>0,C88*D88,0),0) -> 160026 | F88: 苏里塔克·吐尔迪 | G88: 160026 | H88: =E88-G88 -> 0 | J88: =VLOOKUP(B88,'多浪一期账面房号及收款金额-分公司'!$A$2:$B$436,2,0) -> 160025.25 | K88: =G88-I88-J88 -> 0.75 | P88: 152405 | R88: 7621 | S88: =J88/1.05-P88-Q88 -> 0 | T88: =J88/1.05*0.05-R88 -> -0.75 | U88: 不调整
A89: 85 | B89: A12-4-101 | C89: 89.5 | D89: 2500 | E89: =ROUND(IF(F89<>0,C89*D89,0),0) -> 223750 | F89: 塔吉古丽·麦合苏木 | G89: 223750 | H89: =E89-G89 -> 0 | J89: =VLOOKUP(B89,'多浪一期账面房号及收款金额-分公司'!$A$2:$B$436,2,0) -> 223749.75 | K89: =G89-I89-J89 -> 0.25 | P89: 213095 | R89: 10655 | S89: =J89/1.05-P89-Q89 -> 0 | T89: =J89/1.05*0.05-R89 -> -0.25 | U89: 不调整
A90: 86 | B90: A12-4-102 | C90: 89.5 | D90: 2450 | E90: =ROUND(IF(F90<>0,C90*D90,0),0) -> 219275 | F90: 阿不都热依木·沙地克 | G90: 219275 | H90: =E90-G90 -> 0 | J90: =VLOOKUP(B90,'多浪一期账面房号及收款金额-分公司'!$A$2:$B$436,2,0) -> 219275.7 | K90: =G90-I90-J90 -> -0.7 | N90: =VLOOKUP(B90,[4]Sheet1!$D$5:$N$69,11,0) -> -219275 | O90: 219275 | P90: 208834 | Q90: 208833.33 | R90: 10441.67 | S90: =J90/1.05-P90-Q90 -> -208833.33 | T90: =J90/1.05*0.05-R90 -> 0.03 | U90: 调整以前年度多确认的收入
A91: 87 | B91: A12-4-201 | C91: 89.5 | D91: 2400 | E91: =ROUND(IF(F91<>0,C91*D91,0),0) -> 214800 | F91: 夏扎旦·库尔班，吐热汗·库尔班,艾合麦提·麦木提力 | G91: 214800 | H91: =E91-G91 -> 0 | J91: =VLOOKUP(B91,'多浪一期账面房号及收款金额-分公司'!$A$2:$B$436,2,0) -> 214800.31 | K91: =G91-I91-J91 -> -0.306 | O91: =214800-19752 -> 195048 | P91: 9524 | Q91: =214800-19752.28 -> 195047.72 | R91: =Q91*0.05+476 -> 10228.386 | S91: =J91/1.05-P91-Q91 -> 0 | T91: =J91/1.05*0.05-R91 -> 0.2 | U91: 不调整
A92: 88 | B92: A12-4-202 | C92: 89.5 | D92: 2500 | E92: =ROUND(IF(F92<>0,C92*D92,0),0) -> 223750 | F92: 努尔麦麦提·阿不都尼亚孜 | G92: 223750 | H92: =E92-G92 -> 0 | J92: =VLOOKUP(B92,'多浪一期账面房号及收款金额-分公司'!$A$2:$B$436,2,0) -> 223749.75 | K92: =G92-I92-J92 -> 0.25 | P92: 213095 | R92: 10655 | S92: =J92/1.05-P92-Q92 -> 0 | T92: =J92/1.05*0.05-R92 -> -0.25 | U92: 不调整
A93: 89 | B93: A12-4-301 | C93: 89.5 | D93: 2560 | E93: =ROUND(IF(F93<>0,C93*D93,0),0) -> 229120 | F93: 阿迪力江.艾麦提 | G93: 229120 | H93: =E93-G93 -> 0 | J93: =VLOOKUP(B93,'多浪一期账面房号及收款金额-分公司'!$A$2:$B$436,2,0) -> 229120.5 | K93: =G93-I93-J93 -> -0.5 | P93: 218210 | R93: 10910 | S93: =J93/1.05-P93-Q93 -> 0 | T93: =J93/1.05*0.05-R93 -> 0.5 | U93: 不调整
A94: 90 | B94: A12-4-302 | C94: 89.5 | D94: 2560 | E94: =ROUND(IF(F94<>0,C94*D94,0),0) -> 229120 | F94: 安外尔·热合曼 | G94: 229120 | H94: =E94-G94 -> 0 | J94: =VLOOKUP(B94,'多浪一期账面房号及收款金额-分公司'!$A$2:$B$436,2,0) -> 229120.5 | K94: =G94-I94-J94 -> -0.5 | P94: 218210 | R94: 10910 | S94: =J94/1.05-P94-Q94 -> 0 | T94: =J94/1.05*0.05-R94 -> 0.5 | U94: 不调整
A95: 91 | B95: A12-4-401 | C95: 89.5 | D95: 2300 | E95: =ROUND(IF(F95<>0,C95*D95,0),0) -> 205850 | F95: 阿布都萨拉木·艾麦尔 | G95: 205850 | H95: =E95-G95 -> 0 | J95: =VLOOKUP(B95,'多浪一期账面房号及收款金额-分公司'!$A$2:$B$436,2,0) -> 205850.4 | K95: =G95-I95-J95 -> -0.4 | P95: 196048 | R95: 9802 | S95: =J95/1.05-P95-Q95 -> 0 | T95: =J95/1.05*0.05-R95 -> 0.4 | U95: 不调整
A96: 92 | B96: A12-4-402 | C96: 89.5 | D96: 2300 | E96: =ROUND(IF(F96<>0,C96*D96,0),0) -> 205850 | F96: 玉素甫·买买提 | G96: 207850 | H96: =E96-G96 -> -2000 | J96: =VLOOKUP(B96,'多浪一期账面房号及收款金额-分公司'!$A$2:$B$436,2,0) -> 207849.6 | K96: =G96-I96-J96 -> 0.4 | P96: 197952 | R96: 9898 | S96: =J96/1.05-P96-Q96 -> 0 | T96: =J96/1.05*0.05-R96 -> -0.4 | U96: 不调整
A97: 93 | B97: A12-4-501 | C97: 89.5 | D97: 2100 | E97: =ROUND(IF(F97<>0,C97*D97,0),0) -> 187950 | F97: 托合提尼亚孜·图尼亚孜 | G97: 187950 | H97: =E97-G97 -> 0 | J97: =VLOOKUP(B97,'多浪一期账面房号及收款金额-分公司'!$A$2:$B$436,2,0) -> 187950 | K97: =G97-I97-J97 -> 0 | P97: 179000 | R97: 8950 | S97: =J97/1.05-P97-Q97 -> 0 | T97: =J97/1.05*0.05-R97 -> 0 | U97: 不调整
A98: 94 | B98: A12-4-502 | C98: 89.5 | D98: 2100 | E98: =ROUND(IF(F98<>0,C98*D98,0),0) -> 187950 | F98: 吐尔洪江·艾则孜 | G98: 187950 | H98: =E98-G98 -> 0 | J98: =VLOOKUP(B98,'多浪一期账面房号及收款金额-分公司'!$A$2:$B$436,2,0) -> 187950.36 | K98: =G98-I98-J98 -> -0.357 | P98: 179000.34 | R98: 8949.66 | S98: =J98/1.05-P98-Q98 -> 0 | T98: =J98/1.05*0.05-R98 -> 0.357 | U98: 不调整
A99: 95 | B99: A12-4-601 | C99: 89.5 | D99: 1890 | E99: =ROUND(IF(F99<>0,C99*D99,0),0) -> 169155 | F99: 买买江·艾山(麦合木提·吾休尔) | G99: 170155 | H99: =E99-G99 -> -1000 | J99: 170155 | K99: =G99-I99-J99 -> 0 | N99: =VLOOKUP(B99,[4]Sheet1!$D$5:$N$69,11,0) -> -169155 | O99: 169155 | P99: 162052 | Q99: 161100 | R99: 16159 | S99: =J99/1.05-P99-Q99 -> -161099.62 | T99: =J99/1.05*0.05-R99 -> -8056.381 | U99: 调整以前年度多确认的收入及销项税
A100: 96 | B100: A12-4-602 | C100: 89.5 | D100: 1888 | E100: =ROUND(IF(F100<>0,C100*D100,0),0) -> 168976 | F100: 玉苏甫·阿不都热合曼 | G100: 168976 | H100: =E100-G100 -> 0 | J100: =VLOOKUP(B100,'多浪一期账面房号及收款金额-分公司'!$A$2:$B$436,2,0) -> 168976.5 | K100: =G100-I100-J100 -> -0.5 | P100: 160930 | R100: 8046 | S100: =J100/1.05-P100-Q100 -> 0 | T100: =J100/1.05*0.05-R100 -> 0.5 | U100: 不调整
A101: 97 | B101: A12-5-101 | C101: 89.5 | D101: 2416 | E101: =ROUND(IF(F101<>0,C101*D101,0),0) -> 216232 | F101: 艾克拜尔·依马木 | G101: 216232 | H101: =E101-G101 -> 0 | J101: =VLOOKUP(B101,'多浪一期账面房号及收款金额-分公司'!$A$2:$B$436,2,0) -> 216231.75 | K101: =G101-I101-J101 -> 0.25 | N101: =[4]Sheet1!$N$11 -> -216232 | O101: 216232 | P101: 205935 | Q101: 205935.24 | R101: 10296.76 | S101: =J101/1.05-P101-Q101 -> -205935.24 | T101: =J101/1.05*0.05-R101 -> -0.01 | U101: 调整以前年度多确认的收入
...

Sheet 多浪小镇二期
B1: 房屋资料 | F1: 客户资料 | G1: 实收房款 | I1: 账面截至2023年10月累计回款金额 | K1: 台账与账面差异 | L1: 差异原因 | M1: 备注 | N1: 已开票金额 | P1: 已结转收入
A2: 序号 | B2: 房号 | C2: 面积 | D2: 确认销售 | F2: 姓名 | G2: 台账已收房款金额 | H2: 未收房款金额 | R2: 应结转收入 | S2: 应确认销项税 | T2: 本期结转收入 | U2: 本期确认销项税
D3: 单价 | E3: 房价 | I3: 预收账款 | J3: 应收账款 | Q3: 12月开票
A4: 1 | B4: A1-1-201 | C4: 77.25 | D4: 3000 | E4: =ROUND(IF(F4<>0,C4*D4,0),0) -> 231750 | F4: 帕旦木·阿不来提 | G4: 231750 | H4: =E4-G4 -> 0 | I4: =VLOOKUP(B4,多浪小区账面房号及收款金额!$A$2:$B$474,2,0) -> 231750 | K4: =G4-I4 -> 0 | N4: =VLOOKUP(B4,[2]信息汇总表!$M$2:$T$816,8,0) -> 231750 | O4: =N4/1.09 -> 212614.68 | P4: 212614.68 | R4: =I4/1.09 -> 212614.68 | S4: =R4*0.05 -> 10630.734 | T4: =R4-P4 -> -0.0011009174 | U4: =S4-(P4*0.05) -> -5.5045872e-05
A5: 2 | B5: A1-1-202 | C5: 72.37 | D5: 2980 | E5: =ROUND(IF(F5<>0,C5*D5,0),0) -> 215663 | F5: 古力扎尔·玉素甫（阿不都热依木·阿不来提） | G5: 215663 | H5: =E5-G5 -> 0 | I5: =VLOOKUP(B5,多浪小区账面房号及收款金额!$A$2:$B$474,2,0) -> 215663 | K5: =G5-I5 -> 0 | N5: =VLOOKUP(B5,[2]信息汇总表!$M$2:$T$816,8,0) -> 215663 | O5: =N5/1.09 -> 197855.96 | P5: 197855.96 | R5: =I5/1.09 -> 197855.96 | S5: =R5*0.05 -> 9892.7982 | T5: =R5-P5 -> 0.003302752 | U5: =S5-(P5*0.05) -> 0.0001651376
A6: 3 | B6: A1-1-301 | C6: 77.25 | D6: 2900 | E6: =ROUND(IF(F6<>0,C6*D6,0),0) -> 224025 | F6: 库尔班·吾休尔 | G6: 224025 | H6: =E6-G6 -> 0 | I6: =VLOOKUP(B6,多浪小区账面房号及收款金额!$A$2:$B$474,2,0) -> 224025 | K6: =G6-I6 -> 0 | N6: =VLOOKUP(B6,[2]信息汇总表!$M$2:$T$816,8,0) -> 224025 | O6: =N6/1.09 -> 205527.52 | P6: 205527.52 | R6: =I6/1.09 -> 205527.52 | S6: =R6*0.05 -> 10276.376 | T6: =R6-P6 -> 0.00293578 | U6: =S6-(P6*0.05) -> 0.000146789
A7: 4 | B7: A1-1-302 | C7: 72.37 | D7: 3000 | E7: =ROUND(IF(F7<>0,C7*D7,0),0) -> 217110 | F7: 古力巴哈尔·阿皮孜 | G7: 217110 | H7: =E7-G7 -> 0 | I7: =VLOOKUP(B7,多浪小区账面房号及收款金额!$A$2:$B$474,2,0) -> 217110 | K7: =G7-I7 -> 0 | O7: =N7/1.09 -> 0 | R7: =I7/1.09 -> 199183.49 | S7: =R7*0.05 -> 9959.1743 | T7: =R7-P7 -> 199183.49 | U7: =S7-(P7*0.05) -> 9959.1743
A8: 5 | B8: A1-1-401 | C8: 77.25 | D8: 2800 | E8: =ROUND(IF(F8<>0,C8*D8,0),0) -> 216300 | F8: 帕坦木·托合提尼牙孜 | G8: 216300 | H8: =E8-G8 -> 0 | I8: =VLOOKUP(B8,多浪小区账面房号及收款金额!$A$2:$B$474,2,0)+'2023年8-11月预收账款'!K36 -> 0 | K8: =G8-I8 -> 216300 | N8: =VLOOKUP(B8,[2]信息汇总表!$M$2:$T$816,8,0) -> 216300 | O8: =N8/1.09 -> 198440.37 | P8: 198440.37 | R8: 0 | S8: =R8*0.05 -> 0 | T8: =R8-P8 -> -198440.37 | U8: =S8-(P8*0.05) -> -9922.0185
A9: 6 | B9: A1-1-402 | C9: 72.37 | D9: 2850 | E9: =ROUND(IF(F9<>0,C9*D9,0),0) -> 206255 | F9: 艾尼瓦·阿布拉 | G9: 206255 | H9: =E9-G9 -> 0 | I9: =VLOOKUP(B9,多浪小区账面房号及收款金额!$A$2:$B$474,2,0) -> 206255 | K9: =G9-I9 -> 0 | N9: 206255 | O9: =N9/1.09 -> 189224.77 | R9: =I9/1.09 -> 189224.77 | S9: =R9*0.05 -> 9461.2385 | T9: =R9-P9 -> 189224.77 | U9: =S9-(P9*0.05) -> 9461.2385
A10: 7 | B10: A1-1-501 | C10: 77.25 | D10: 2683.28 | E10: =ROUND(IF(F10<>0,C10*D10,0),0) -> 207283 | F10: 巴哈尔古丽·吐尼亚孜 | G10: 207283 | H10: =E10-G10 -> 0 | I10: =VLOOKUP(B10,多浪小区账面房号及收款金额!$A$2:$B$474,2,0) -> 137224 | K10: =G10-I10 -> 70059 | L10: 房号挂串，见多浪小镇一期C5-3-601 | N10: =VLOOKUP(B10,[2]信息汇总表!$M$2:$T$816,8,0) -> 207283 | O10: =N10/1.09 -> 190167.89 | P10: 125901 | R10: =G10/1.09 -> 190167.89 | S10: =R10*0.05 -> 9508.3945 | T10: =R10-P10 -> 64266.89 | U10: =T10*0.09 -> 5784.0201
A11: 8 | B11: A1-1-502 | C11: 72.37 | D11: 2650.01 | E11: =ROUND(IF(F11<>0,C11*D11,0),0) -> 191781 | F11: 麦合木提·木塔力甫 | G11: 191781 | H11: =E11-G11 -> 0 | I11: =VLOOKUP(B11,多浪小区账面房号及收款金额!$A$2:$B$474,2,0) -> 191781 | K11: =G11-I11 -> 0 | O11: =N11/1.09 -> 0 | R11: =I11/1.09 -> 175945.87 | S11: =R11*0.05 -> 8797.2936 | T11: =R11-P11 -> 175945.87 | U11: =S11-(P11*0.05) -> 8797.2936
A12: 9 | B12: A1-1-601 | C12: 77.25 | D12: 2600 | E12: =ROUND(IF(F12<>0,C12*D12,0),0) -> 200850 | F12: 麦麦提艾力·阿卜杜克热木 | G12: 200850 | H12: =E12-G12 -> 0 | I12: =VLOOKUP(B12,多浪小区账面房号及收款金额!$A$2:$B$474,2,0) -> 200850 | K12: =G12-I12 -> 0 | N12: =VLOOKUP(B12,[2]信息汇总表!$M$2:$T$816,8,0) -> 200850 | O12: =N12/1.09 -> 184266.06 | P12: 184266.06 | R12: =I12/1.09 -> 184266.06 | S12: =R12*0.05 -> 9213.3028 | T12: =R12-P12 -> -0.004954128 | U12: =S12-(P12*0.05) -> -0.0002477064
A13: 10 | B13: A1-1-602 | C13: 72.37 | D13: 2700 | E13: =ROUND(IF(F13<>0,C13*D13,0),0) -> 195399 | F13: 吐尔逊·阿布来提 | G13: 195399 | H13: =E13-G13 -> 0 | I13: =VLOOKUP(B13,多浪小区账面房号及收款金额!$A$2:$B$474,2,0) -> 195399 | K13: =G13-I13 -> 0 | O13: =N13/1.09 -> 0 | R13: =I13/1.09 -> 179265.14 | S13: =R13*0.05 -> 8963.2569 | T13: =R13-P13 -> 179265.14 | U13: =S13-(P13*0.05) -> 8963.2569
A14: 11 | B14: A1-2-201 | C14: 72.37 | D14: 3038.9 | E14: =ROUND(IF(F14<>0,C14*D14,0),0) -> 219925 | F14: 阿依古力·哈斯木 | G14: 175925 | H14: =E14-G14 -> 44000 | I14: =VLOOKUP(B14,多浪小区账面房号及收款金额!$A$2:$B$474,2,0) -> 175925 | K14: =G14-I14 -> 0 | O14: =N14/1.09 -> 0 | R14: =I14/1.09 -> 161399.08 | S14: =R14*0.05 -> 8069.9541 | T14: =R14-P14 -> 161399.08 | U14: =S14-(P14*0.05) -> 8069.9541
A15: 12 | B15: A1-2-202 | C15: 72.37 | D15: 2984.66 | E15: =ROUND(IF(F15<>0,C15*D15,0),0) -> 216000 | F15: 库尔班·麦麦提 | G15: 216000 | H15: =E15-G15 -> 0 | I15: =VLOOKUP(B15,多浪小区账面房号及收款金额!$A$2:$B$474,2,0) -> 216000 | K15: =G15-I15 -> 0 | O15: =N15/1.09 -> 0 | R15: =I15/1.09 -> 198165.14 | S15: =R15*0.05 -> 9908.2569 | T15: =R15-P15 -> 198165.14 | U15: =S15-(P15*0.05) -> 9908.2569
A16: 13 | B16: A1-2-301 | C16: 72.37 | D16: 3000 | E16: =ROUND(IF(F16<>0,C16*D16,0),0) -> 217110 | F16: 阿布都哈力克·依马木尼亚孜，阿瓦古丽·亚森 | G16: 217110 | H16: =E16-G16 -> 0 | I16: =VLOOKUP(B16,多浪小区账面房号及收款金额!$A$2:$B$474,2,0) -> 217110 | K16: =G16-I16 -> 0 | N16: =VLOOKUP(B16,[2]信息汇总表!$M$2:$T$816,8,0) -> 217110 | O16: =N16/1.09 -> 199183.49 | P16: 199183.49 | R16: =I16/1.09 -> 199183.49 | S16: =R16*0.05 -> 9959.1743 | T16: =R16-P16 -> -0.003761468 | U16: =S16-(P16*0.05) -> -0.0001880734
A17: 14 | B17: A1-2-302 | C17: 72.37 | D17: 3000 | E17: =ROUND(IF(F17<>0,C17*D17,0),0) -> 217110 | F17: 古丽齐曼·米热吾提 | G17: 217110 | H17: =E17-G17 -> 0 | I17: =VLOOKUP(B17,多浪小区账面房号及收款金额!$A$2:$B$474,2,0) -> 217220 | K17: =G17-I17 -> -110 | L17: 收款大于结转110元 | N17: =VLOOKUP(B17,[2]信息汇总表!$M$2:$T$816,8,0) -> 217110 | O17: =N17/1.09 -> 199183.49 | P17: 199183.49 | R17: =I17/1.09 -> 199284.4 | S17: =R17*0.05 -> 9964.2202 | T17: =R17-P17 -> 100.91743 | U17: =S17-(P17*0.05) -> 5.0458716
A18: 15 | B18: A1-2-401 | C18: 72.37 | D18: 2900 | E18: =ROUND(IF(F18<>0,C18*D18,0),0) -> 209873 | F18: 塔依尔·吐尔逊 | G18: 209873 | H18: =E18-G18 -> 0 | I18: =VLOOKUP(B18,多浪小区账面房号及收款金额!$A$2:$B$474,2,0) -> 209873 | K18: =G18-I18 -> 0 | N18: =VLOOKUP(B18,[2]信息汇总表!$M$2:$T$816,8,0) -> 209873 | O18: =N18/1.09 -> 192544.04 | P18: 192544.04 | R18: =I18/1.09 -> 192544.04 | S18: =R18*0.05 -> 9627.2018 | T18: =R18-P18 -> -0.003302752 | U18: =S18-(P18*0.05) -> -0.0001651376
A19: 16 | B19: A1-2-402 | C19: 72.37 | D19: 2838.91 | E19: =ROUND(IF(F19<>0,C19*D19,0),0) -> 205452 | F19: 穆瓦罕·阿西木 | G19: 205452 | H19: =E19-G19 -> 0 | I19: =VLOOKUP(B19,多浪小区账面房号及收款金额!$A$2:$B$474,2,0) -> 205452 | K19: =G19-I19 -> 0 | N19: =VLOOKUP(B19,[2]信息汇总表!$M$2:$T$816,8,0) -> 205452 | O19: =N19/1.09 -> 188488.07 | P19: 188488.07 | R19: =I19/1.09 -> 188488.07 | S19: =R19*0.05 -> 9424.4037 | T19: =R19-P19 -> 0.003394495 | U19: =S19-(P19*0.05) -> 0.00016972475
A20: 17 | B20: A1-2-501 | C20: 72.37 | D20: 2700 | E20: =ROUND(IF(F20<>0,C20*D20,0),0) -> 195399 | F20: 玉素甫·麦麦提 | G20: 195399 | H20: =E20-G20 -> 0 | I20: =VLOOKUP(B20,多浪小区账面房号及收款金额!$A$2:$B$474,2,0) -> 195399 | K20: =G20-I20 -> 0 | O20: =N20/1.09 -> 0 | R20: =I20/1.09 -> 179265.14 | S20: =R20*0.05 -> 8963.2569 | T20: =R20-P20 -> 179265.14 | U20: =S20-(P20*0.05) -> 8963.2569
A21: 18 | B21: A1-2-502 | C21: 72.37 | D21: 2690 | E21: =ROUND(IF(F21<>0,C21*D21,0),0) -> 194675 | F21: 艾麦提·阿合尼亚孜 | G21: 194675 | H21: =E21-G21 -> 0 | I21: =VLOOKUP(B21,多浪小区账面房号及收款金额!$A$2:$B$474,2,0) -> 194675 | K21: =G21-I21 -> 0 | N21: =VLOOKUP(B21,[2]信息汇总表!$M$2:$T$816,8,0) -> 194675 | O21: =N21/1.09 -> 178600.92 | P21: 178600.92 | R21: =I21/1.09 -> 178600.92 | S21: =R21*0.05 -> 8930.0459 | T21: =R21-P21 -> -0.002568807 | U21: =S21-(P21*0.05) -> -0.00012844035
A22: 19 | B22: A1-2-601 | C22: 72.37 | D22: 2680 | E22: =ROUND(IF(F22<>0,C22*D22,0),0) -> 193952 | F22: 阿斯艳木·吐逊 | G22: 193952 | H22: =E22-G22 -> 0 | I22: =VLOOKUP(B22,多浪小区账面房号及收款金额!$A$2:$B$474,2,0) -> 193952 | K22: =G22-I22 -> 0 | O22: =N22/1.09 -> 0 | R22: =I22/1.09 -> 177937.61 | S22: =R22*0.05 -> 8896.8807 | T22: =R22-P22 -> 177937.61 | U22: =S22-(P22*0.05) -> 8896.8807
A23: 20 | B23: A1-2-602 | C23: 72.37 | D23: 2700 | E23: =ROUND(IF(F23<>0,C23*D23,0),0) -> 195399 | F23: 艾麦提·亚森 | G23: 195400 | H23: =E23-G23 -> -1 | I23: =VLOOKUP(B23,多浪小区账面房号及收款金额!$A$2:$B$474,2,0) -> 195400 | K23: =G23-I23 -> 0 | N23: =VLOOKUP(B23,[2]信息汇总表!$M$2:$T$816,8,0) -> 195399 | O23: =N23/1.09 -> 179265.14 | P23: 179265.14 | R23: =I23/1.09 -> 179266.06 | S23: =R23*0.05 -> 8963.3028 | T23: =R23-P23 -> 0.91504587 | U23: =S23-(P23*0.05) -> 0.045752294
A24: 21 | B24: A1-3-201 | C24: 72.37 | D24: 2978.9 | E24: =ROUND(IF(F24<>0,C24*D24,0),0) -> 215583 | F24: 阿斯牙木·阿吾提 | G24: 215583 | H24: =E24-G24 -> 0 | I24: =VLOOKUP(B24,多浪小区账面房号及收款金额!$A$2:$B$474,2,0) -> 215583 | K24: =G24-I24 -> 0 | N24: =VLOOKUP(B24,[2]信息汇总表!$M$2:$T$816,8,0) -> 215583 | O24: =N24/1.09 -> 197782.57 | P24: 197782.57 | R24: =I24/1.09 -> 197782.57 | S24: =R24*0.05 -> 9889.1284 | T24: =R24-P24 -> -0.001192661 | U24: =S24-(P24*0.05) -> -5.963305e-05
A25: 22 | B25: A1-3-202 | C25: 77.25 | D25: 3033 | E25: =ROUND(IF(F25<>0,C25*D25,0),0) -> 234299 | F25: 木塔力甫·麦麦提（托乎提·沙吾尔） | G25: 234299 | H25: =E25-G25 -> 0 | I25: =VLOOKUP(B25,多浪小区账面房号及收款金额!$A$2:$B$474,2,0) -> 234299 | K25: =G25-I25 -> 0 | N25: =VLOOKUP(B25,[2]信息汇总表!$M$2:$T$816,8,0) -> 234299 | O25: =N25/1.09 -> 214953.21 | P25: 214953.21 | R25: =I25/1.09 -> 214953.21 | S25: =R25*0.05 -> 10747.661 | T25: =R25-P25 -> 0.001009174 | U25: =S25-(P25*0.05) -> 5.0458701e-05
A26: 23 | B26: A1-3-301 | C26: 72.37 | D26: 2950 | E26: =ROUND(IF(F26<>0,C26*D26,0),0) -> 213492 | F26: 阿斯古丽·图尔荪（吐尔逊·阿不都热西提） | G26: 213492 | H26: =E26-G26 -> 0 | I26: =VLOOKUP(B26,多浪小区账面房号及收款金额!$A$2:$B$474,2,0) -> 218492 | K26: =G26-I26 -> -5000 | L26: 2018年10月收款未计入台账 | M26: 检查2018-10-2#凭证 | N26: =VLOOKUP(B26,[2]信息汇总表!$M$2:$T$816,8,0) -> 213492 | O26: =N26/1.09 -> 195864.22 | R26: =I26/1.09 -> 200451.38 | S26: =R26*0.05 -> 10022.569 | T26: =R26-P26 -> 200451.38 | U26: =S26-(P26*0.05) -> 10022.569
A27: 24 | B27: A1-3-302 | C27: 77.25 | D27: 2900 | E27: =ROUND(IF(F27<>0,C27*D27,0),0) -> 224025 | F27: 努尔郎·毛拉吾提 | G27: 224025 | H27: =E27-G27 -> 0 | I27: =VLOOKUP(B27,多浪小区账面房号及收款金额!$A$2:$B$474,2,0) -> 224025 | K27: =G27-I27 -> 0 | O27: =N27/1.09 -> 0 | R27: =I27/1.09 -> 205527.52 | S27: =R27*0.05 -> 10276.376 | T27: =R27-P27 -> 205527.52 | U27: =S27-(P27*0.05) -> 10276.376
A28: 25 | B28: A1-3-401 | C28: 72.37 | D28: 2880 | E28: =ROUND(IF(F28<>0,C28*D28,0),0) -> 208426 | F28: 居麦克·麦麦提(艾热提·米基提) | G28: 208426 | H28: =E28-G28 -> 0 | I28: =VLOOKUP(B28,多浪小区账面房号及收款金额!$A$2:$B$474,2,0) -> 208426 | K28: =G28-I28 -> 0 | N28: =VLOOKUP(B28,[2]信息汇总表!$M$2:$T$816,8,0) -> 208426 | O28: =N28/1.09 -> 191216.51 | P28: 191216.51 | R28: =I28/1.09 -> 191216.51 | S28: =R28*0.05 -> 9560.8257 | T28: =R28-P28 -> 0.003761468 | U28: =S28-(P28*0.05) -> 0.0001880734
A29: 26 | B29: A1-3-402 | C29: 77.25 | D29: 2850 | E29: =ROUND(IF(F29<>0,C29*D29,0),0) -> 220163 | F29: 阿孜古力·托合提 | G29: 218163 | H29: =E29-G29 -> 2000 | I29: =VLOOKUP(B29,多浪小区账面房号及收款金额!$A$2:$B$474,2,0) -> 218163 | K29: =G29-I29 -> 0 | O29: =N29/1.09 -> 0 | R29: =I29/1.09 -> 200149.54 | S29: =R29*0.05 -> 10007.477 | T29: =R29-P29 -> 200149.54 | U29: =S29-(P29*0.05) -> 10007.477
A30: 27 | B30: A1-3-501 | C30: 72.37 | D30: 2700 | E30: =ROUND(IF(F30<>0,C30*D30,0),0) -> 195399 | F30: 吐尔逊·阿布拉 | G30: 195399 | H30: =E30-G30 -> 0 | I30: =VLOOKUP(B30,多浪小区账面房号及收款金额!$A$2:$B$474,2,0) -> 195399 | K30: =G30-I30 -> 0 | N30: 179265.14 | O30: =N30/1.09 -> 164463.43 | Q30: =I30/1.09 -> 179265.14 | R30: =I30/1.09 -> 179265.14 | S30: =R30*0.05 -> 8963.2569 | T30: =R30-P30 -> 179265.14 | U30: =S30-(P30*0.05) -> 8963.2569
A31: 28 | B31: A1-3-502 | C31: 77.25 | D31: 2700 | E31: =ROUND(IF(F31<>0,C31*D31,0),0) -> 208575 | F31: 图尔贡·阿西尔 | G31: 208575 | H31: =E31-G31 -> 0 | I31: =VLOOKUP(B31,多浪小区账面房号及收款金额!$A$2:$B$474,2,0) -> 208575 | K31: =G31-I31 -> 0 | O31: =N31/1.09 -> 0 | R31: =I31/1.09 -> 191353.21 | S31: =R31*0.05 -> 9567.6606 | T31: =R31-P31 -> 191353.21 | U31: =S31-(P31*0.05) -> 9567.6606
A32: 29 | B32: A1-3-601 | C32: 72.37 | D32: 2750 | E32: =ROUND(IF(F32<>0,C32*D32,0),0) -> 199018 | F32: 再吐尼汗·肉孜（阿不力米提·卡地尔） | G32: 186780 | H32: =E32-G32 -> 12238 | I32: =VLOOKUP(B32,多浪小区账面房号及收款金额!$A$2:$B$474,2,0) -> 186780 | K32: =G32-I32 -> 0 | O32: =N32/1.09 -> 0 | R32: =I32/1.09 -> 171357.8 | S32: =R32*0.05 -> 8567.8899 | T32: =R32-P32 -> 171357.8 | U32: =S32-(P32*0.05) -> 8567.8899
A33: 30 | B33: A1-3-602 | C33: 77.25 | D33: 2600 | E33: =ROUND(IF(F33<>0,C33*D33,0),0) -> 200850 | F33: 热西丹·卡合尔曼 | G33: 200850 | H33: =E33-G33 -> 0 | I33: =VLOOKUP(B33,多浪小区账面房号及收款金额!$A$2:$B$474,2,0) -> 200850 | K33: =G33-I33 -> 0 | N33: =VLOOKUP(B33,[2]信息汇总表!$M$2:$T$816,8,0) -> 200850 | O33: =N33/1.09 -> 184266.06 | P33: 184266.06 | R33: =I33/1.09 -> 184266.06 | S33: =R33*0.05 -> 9213.3028 | T33: =R33-P33 -> -0.004954128 | U33: =S33-(P33*0.05) -> -0.0002477064
A34: 31 | B34: A2-1-201 | C34: 94.94 | D34: 2980 | E34: =ROUND(IF(F34<>0,C34*D34,0),0) -> 282921 | F34: 古丽阿依木·吐尼亚孜 | G34: 112921.2 | H34: =E34-G34 -> 169999.8 | I34: ='2023年8-11月预收账款'!K12+'2023年8-11月预收账款'!K27 -> 112921.2 | K34: =G34-I34 -> 0 | L34: 2023年5月账面已退还房款，台账未记录 | O34: =N34/1.09 -> 0 | P34: 2680 | R34: =I34/1.09 -> 103597.43 | S34: =R34*0.05 -> 5179.8716 | T34: =R34-P34 -> 100917.43 | U34: =S34-(P34*0.05) -> 5045.8716
A35: 32 | B35: A2-1-202 | C35: 54.91 | D35: 3031.56 | E35: =ROUND(IF(F35<>0,C35*D35,0),0) -> 166463 | F35: 古尼沙汗·托乎提 | G35: 166463 | H35: =E35-G35 -> 0 | I35: =VLOOKUP(B35,多浪小区账面房号及收款金额!$A$2:$B$474,2,0) -> 166463 | K35: =G35-I35 -> 0 | O35: =N35/1.09 -> 0 | R35: =I35/1.09 -> 152718.35 | S35: =R35*0.05 -> 7635.9174 | T35: =R35-P35 -> 152718.35 | U35: =S35-(P35*0.05) -> 7635.9174
A36: 33 | B36: A2-1-203 | C36: 78.52 | D36: 2850 | E36: =ROUND(IF(F36<>0,C36*D36,0),0) -> 223782 | F36: 麦热木尼沙汗·提来木 | G36: 223782 | H36: =E36-G36 -> 0 | I36: =VLOOKUP(B36,多浪小区账面房号及收款金额!$A$2:$B$474,2,0) -> 223782 | K36: =G36-I36 -> 0 | N36: =VLOOKUP(B36,[2]信息汇总表!$M$2:$T$816,8,0) -> 223782 | O36: =N36/1.09 -> 205304.59 | P36: 205304.59 | R36: =I36/1.09 -> 205304.59 | S36: =R36*0.05 -> 10265.229 | T36: =R36-P36 -> -0.002844037 | U36: =S36-(P36*0.05) -> -0.00014220185
A37: 34 | B37: A2-1-301 | C37: 94.94 | D37: 3100 | E37: =ROUND(IF(F37<>0,C37*D37,0),0) -> 294314 | F37: 阿迪力·托合提 | G37: 294314 | H37: =E37-G37 -> 0 | I37: =VLOOKUP(B37,多浪小区账面房号及收款金额!$A$2:$B$474,2,0) -> 294314 | K37: =G37-I37 -> 0 | N37: =VLOOKUP(B37,[2]信息汇总表!$M$2:$T$816,8,0) -> 294314 | O37: =N37/1.09 -> 270012.84 | P37: 270012.84 | R37: =I37/1.09 -> 270012.84 | S37: =R37*0.05 -> 13500.642 | T37: =R37-P37 -> 0.004036697 | U37: =S37-(P37*0.05) -> 0.00020183485
A38: 35 | B38: A2-1-302 | C38: 54.91 | D38: 2931.58 | E38: =ROUND(IF(F38<>0,C38*D38,0),0) -> 160973 | F38: 木合旦·亚森（阿里木江·吐尔逊） | G38: 160973 | H38: =E38-G38 -> 0 | I38: =VLOOKUP(B38,多浪小区账面房号及收款金额!$A$2:$B$474,2,0) -> 160973 | K38: =G38-I38 -> 0 | O38: =N38/1.09 -> 0 | R38: =I38/1.09 -> 147681.65 | S38: =R38*0.05 -> 7384.0826 | T38: =R38-P38 -> 147681.65 | U38: =S38-(P38*0.05) -> 7384.0826
A39: 36 | B39: A2-1-303 | C39: 78.52 | D39: 2950 | E39: =ROUND(IF(F39<>0,C39*D39,0),0) -> 231634 | F39: 沙吾提·艾海提改为阿依吐尔迪·吐尼亚孜 | G39: 231634 | H39: =E39-G39 -> 0 | I39: =VLOOKUP(B39,多浪小区账面房号及收款金额!$A$2:$B$474,2,0) -> 231634 | K39: =G39-I39 -> 0 | O39: =N39/1.09 -> 0 | R39: =I39/1.09 -> 212508.26 | S39: =R39*0.05 -> 10625.413 | T39: =R39-P39 -> 212508.26 | U39: =S39-(P39*0.05) -> 10625.413
A40: 37 | B40: A2-1-401 | C40: 94.94 | D40: 3000 | E40: =ROUND(IF(F40<>0,C40*D40,0),0) -> 284820 | F40: 阿不拉·赛买提 | G40: 284820 | H40: =E40-G40 -> 0 | I40: =VLOOKUP(B40,多浪小区账面房号及收款金额!$A$2:$B$474,2,0) -> 284820 | K40: =G40-I40 -> 0 | N40: =VLOOKUP(B40,[2]信息汇总表!$M$2:$T$816,8,0) -> 284820 | O40: =N40/1.09 -> 261302.75 | P40: 261302.75 | R40: =I40/1.09 -> 261302.75 | S40: =R40*0.05 -> 13065.138 | T40: =R40-P40 -> 0.002293578 | U40: =S40-(P40*0.05) -> 0.0001146789
A41: 38 | B41: A2-1-402 | C41: 54.91 | D41: 2950 | E41: =ROUND(IF(F41<>0,C41*D41,0),0) -> 161985 | F41: 麦麦提·赛麦提 | G41: 156985 | H41: =E41-G41 -> 5000 | I41: =VLOOKUP(B41,多浪小区账面房号及收款金额!$A$2:$B$474,2,0) -> 156985 | K41: =G41-I41 -> 0 | N41: =VLOOKUP(B41,[2]信息汇总表!$M$2:$T$816,8,0) -> 161985 | O41: =N41/1.09 -> 148610.09 | P41: 148610.09 | R41: =I41/1.09 -> 144022.94 | S41: =R41*0.05 -> 7201.1468 | T41: =R41-P41 -> -4587.1542 | U41: =S41-(P41*0.05) -> -229.35771
A42: 39 | B42: A2-1-403 | C42: 78.52 | D42: 2800 | E42: =ROUND(IF(F42<>0,C42*D42,0),0) -> 219856 | F42: 奥斯曼江·玉苏甫 | G42: 219856 | H42: =E42-G42 -> 0 | I42: =VLOOKUP(B42,多浪小区账面房号及收款金额!$A$2:$B$474,2,0) -> 219856 | K42: =G42-I42 -> 0 | O42: =N42/1.09 -> 0 | R42: =I42/1.09 -> 201702.75 | S42: =R42*0.05 -> 10085.138 | T42: =R42-P42 -> 201702.75 | U42: =S42-(P42*0.05) -> 10085.138
A43: 40 | B43: A2-1-501 | C43: 94.94 | D43: 2791.24 | E43: =ROUND(IF(F43<>0,C43*D43,0),0) -> 265000 | F43: 艾萨江·胡达拜迪 | G43: 265000 | H43: =E43-G43 -> 0 | I43: =VLOOKUP(B43,多浪小区账面房号及收款金额!$A$2:$B$474,2,0) -> 265000 | K43: =G43-I43 -> 0 | N43: =VLOOKUP(B43,[2]信息汇总表!$M$2:$T$816,8,0) -> 265000 | O43: =N43/1.09 -> 243119.27 | P43: 243119.27 | R43: =I43/1.09 -> 243119.27 | S43: =R43*0.05 -> 12155.963 | T43: =R43-P43 -> -0.003944954 | U43: =S43-(P43*0.05) -> -0.0001972477
A44: 41 | B44: A2-1-502 | C44: 54.91 | D44: 2681.57 | E44: =ROUND(IF(F44<>0,C44*D44,0),0) -> 147245 | F44: 热西提·肉孜 | G44: 147245 | H44: =E44-G44 -> 0 | I44: =VLOOKUP(B44,多浪小区账面房号及收款金额!$A$2:$B$474,2,0) -> 147245 | K44: =G44-I44 -> 0 | O44: =N44/1.09 -> 0 | R44: =I44/1.09 -> 135087.16 | S44: =R44*0.05 -> 6754.3578 | T44: =R44-P44 -> 135087.16 | U44: =S44-(P44*0.05) -> 6754.3578
A45: 42 | B45: A2-1-503 | C45: 78.52 | D45: 2800 | E45: =ROUND(IF(F45<>0,C45*D45,0),0) -> 219856 | F45: 艾海提·艾提 | G45: 219856 | H45: =E45-G45 -> 0 | I45: =VLOOKUP(B45,多浪小区账面房号及收款金额!$A$2:$B$474,2,0) -> 219856 | K45: =G45-I45 -> 0 | N45: =VLOOKUP(B45,[2]信息汇总表!$M$2:$T$816,8,0) -> 219856 | O45: =N45/1.09 -> 201702.75 | P45: 201702.75 | R45: =I45/1.09 -> 201702.75 | S45: =R45*0.05 -> 10085.138 | T45: =R45-P45 -> 0.002293578 | U45: =S45-(P45*0.05) -> 0.0001146789
A46: 43 | B46: A2-1-601 | C46: 94.94 | D46: 2600 | E46: =ROUND(IF(F46<>0,C46*D46,0),0) -> 246844 | F46: 胡热木·塔瓦尔（阿布来提·吐尼亚孜） | G46: 246844 | H46: =E46-G46 -> 0 | I46: =VLOOKUP(B46,多浪小区账面房号及收款金额!$A$2:$B$474,2,0) -> 246844 | K46: =G46-I46 -> 0 | O46: =N46/1.09 -> 0 | R46: =I46/1.09 -> 226462.39 | S46: =R46*0.05 -> 11323.119 | T46: =R46-P46 -> 226462.39 | U46: =S46-(P46*0.05) -> 11323.119
A47: 44 | B47: A2-1-602 | C47: 54.91 | D47: 2481.78 | E47: =ROUND(IF(F47<>0,C47*D47,0),0) -> 136275 | F47: 图尔贡·阿卜拉 | G47: 136275 | H47: =E47-G47 -> 0 | I47: =VLOOKUP(B47,多浪小区账面房号及收款金额!$A$2:$B$474,2,0) -> 136275 | K47: =G47-I47 -> 0 | N47: 136275 | O47: =N47/1.09 -> 125022.94 | R47: =I47/1.09 -> 125022.94 | S47: =R47*0.05 -> 6251.1468 | T47: =R47-P47 -> 125022.94 | U47: =S47-(P47*0.05) -> 6251.1468
A48: 45 | B48: A2-1-603 | C48: 78.52 | D48: 2600 | E48: =ROUND(IF(F48<>0,C48*D48,0),0) -> 204152 | F48: 阿依努热姆·杰力力 | G48: 204152 | H48: =E48-G48 -> 0 | I48: =VLOOKUP(B48,多浪小区账面房号及收款金额!$A$2:$B$474,2,0) -> 204152 | K48: =G48-I48 -> 0 | N48: =VLOOKUP(B48,[2]信息汇总表!$M$2:$T$816,8,0) -> 204152 | O48: =N48/1.09 -> 187295.41 | P48: 187295.41 | R48: =I48/1.09 -> 187295.41 | S48: =R48*0.05 -> 9364.7706 | T48: =R48-P48 -> 0 | U48: =S48-(P48*0.05) -> 0
A49: 46 | B49: A2-2-201 | C49: 94.45 | D49: 3000 | E49: =ROUND(IF(F49<>0,C49*D49,0),0) -> 283350 | F49: 艾热提·艾海提 | G49: 283350 | H49: =E49-G49 -> 0 | I49: =VLOOKUP(B49,多浪小区账面房号及收款金额!$A$2:$B$474,2,0) -> 283350 | K49: =G49-I49 -> 0 | N49: =VLOOKUP(B49,[2]信息汇总表!$M$2:$T$816,8,0) -> 283350 | O49: =N49/1.09 -> 259954.13 | P49: =195864.22 -> 195864.22 | R49: =I49/1.09 -> 259954.13 | S49: =R49*0.05 -> 12997.706 | T49: =R49-P49 -> 64089.908 | U49: =S49-(P49*0.05) -> 3204.4954
A50: 47 | B50: A2-2-202 | C50: 44.1 | D50: 2970.52 | E50: =ROUND(IF(F50<>0,C50*D50,0),0) -> 131000 | F50: 布阿依先木·哈里克 | G50: 126000 | H50: =E50-G50 -> 5000 | I50: =VLOOKUP(B50,多浪小区账面房号及收款金额!$A$2:$B$474,2,0) -> 126036 | K50: =G50-I50 -> -36 | N50: 131000 | O50: =N50/1.09 -> 120183.49 | Q50: 131000 | R50: =I50/1.09 -> 115629.36 | S50: =R50*0.05 -> 5781.4679 | T50: =R50-P50 -> 115629.36 | U50: =S50-(P50*0.05) -> 5781.4679
A51: 48 | B51: A2-2-203 | C51: 89.33 | D51: 2944.14 | E51: =ROUND(IF(F51<>0,C51*D51,0),0) -> 263000 | F51: 吾斯曼·艾买提 | G51: 263000 | H51: =E51-G51 -> 0 | I51: =VLOOKUP(B51,多浪小区账面房号及收款金额!$A$2:$B$474,2,0) -> 263000 | K51: =G51-I51 -> 0 | N51: =VLOOKUP(B51,[2]信息汇总表!$M$2:$T$816,8,0) -> 263000 | O51: =N51/1.09 -> 241284.4 | P51: 241284.4 | R51: =I51/1.09 -> 241284.4 | S51: =R51*0.05 -> 12064.22 | T51: =R51-P51 -> 0.003669725 | U51: =S51-(P51*0.05) -> 0.00018348625
A52: 49 | B52: A2-2-301 | C52: 94.45 | D52: 2996.29 | E52: =ROUND(IF(F52<>0,C52*D52,0),0) -> 283000 | F52: 龚维江 | G52: 283000 | H52: =E52-G52 -> 0 | I52: =VLOOKUP(B52,多浪小区账面房号及收款金额!$A$2:$B$474,2,0) -> 283000 | K52: =G52-I52 -> 0 | N52: =VLOOKUP(B52,[2]信息汇总表!$M$2:$T$816,8,0) -> 283000 | O52: =N52/1.09 -> 259633.03 | P52: 259633.03 | R52: =I52/1.09 -> 259633.03 | S52: =R52*0.05 -> 12981.651 | T52: =R52-P52 -> -0.002477064 | U52: =S52-(P52*0.05) -> -0.0001238532
A53: 50 | B53: A2-2-302 | C53: 44.1 | D53: 2947.85 | E53: =ROUND(IF(F53<>0,C53*D53,0),0) -> 130000 | F53: 茹仙古丽·肉孜（吐尔逊江·玉苏甫江） | G53: 130000 | H53: =E53-G53 -> 0 | I53: =VLOOKUP(B53,多浪小区账面房号及收款金额!$A$2:$B$474,2,0) -> 130000 | K53: =G53-I53 -> 0 | O53: =N53/1.09 -> 0 | R53: =I53/1.09 -> 119266.06 | S53: =R53*0.05 -> 5963.3028 | T53: =R53-P53 -> 119266.06 | U53: =S53-(P53*0.05) -> 5963.3028
A54: 51 | B54: A2-2-303 | C54: 89.33 | D54: 3000 | E54: =ROUND(IF(F54<>0,C54*D54,0),0) -> 267990 | F54: 达吾提·马木提 | G54: 267990 | H54: =E54-G54 -> 0 | I54: =VLOOKUP(B54,多浪小区账面房号及收款金额!$A$2:$B$474,2,0) -> 267990 | K54: =G54-I54 -> 0 | N54: =VLOOKUP(B54,[2]信息汇总表!$M$2:$T$816,8,0) -> 267990 | O54: =N54/1.09 -> 245862.39 | P54: 245862.39 | R54: =I54/1.09 -> 245862.39 | S54: =R54*0.05 -> 12293.119 | T54: =R54-P54 -> -0.004678899 | U54: =S54-(P54*0.05) -> -0.00023394495
A55: 52 | B55: A2-2-401 | C55: 94.45 | D55: 3080.99 | E55: =ROUND(IF(F55<>0,C55*D55,0),0) -> 291000 | F55: 阿布多拉·阿布力孜 | G55: 291000 | H55: =E55-G55 -> 0 | I55: =VLOOKUP(B55,多浪小区账面房号及收款金额!$A$2:$B$474,2,0) -> 291000 | K55: =G55-I55 -> 0 | O55: =N55/1.09 -> 0 | R55: =I55/1.09 -> 266972.48 | S55: =R55*0.05 -> 13348.624 | T55: =R55-P55 -> 266972.48 | U55: =S55-(P55*0.05) -> 13348.624
A56: 53 | B56: A2-2-402 | C56: 44.1 | D56: 2800 | E56: =ROUND(IF(F56<>0,C56*D56,0),0) -> 123480 | F56: 艾则孜·扎克尔 | G56: 123480 | H56: =E56-G56 -> 0 | I56: =VLOOKUP(B56,多浪小区账面房号及收款金额!$A$2:$B$474,2,0) -> 123480 | K56: =G56-I56 -> 0 | N56: =VLOOKUP(B56,[2]信息汇总表!$M$2:$T$816,8,0) -> 123480 | O56: =N56/1.09 -> 113284.4 | P56: 113284.4 | R56: =I56/1.09 -> 113284.4 | S56: =R56*0.05 -> 5664.2202 | T56: =R56-P56 -> 0.003669725 | U56: =S56-(P56*0.05) -> 0.00018348625
A57: 54 | B57: A2-2-403 | C57: 89.33 | D57: 3000 | E57: =ROUND(IF(F57<>0,C57*D57,0),0) -> 267990 | F57: 麦尔比艳姆·阿皮孜 | G57: 267990 | H57: =E57-G57 -> 0 | I57: =VLOOKUP(B57,多浪小区账面房号及收款金额!$A$2:$B$474,2,0) -> 267990 | K57: =G57-I57 -> 0 | N57: =VLOOKUP(B57,[2]信息汇总表!$M$2:$T$816,8,0) -> 267990 | O57: =N57/1.09 -> 245862.39 | P57: 245862.39 | R57: =I57/1.09 -> 245862.39 | S57: =R57*0.05 -> 12293.119 | T57: =R57-P57 -> -0.004678899 | U57: =S57-(P57*0.05) -> -0.00023394495
A58: 55 | B58: A2-2-501 | C58: 94.45 | D58: 2800 | E58: =ROUND(IF(F58<>0,C58*D58,0),0) -> 264460 | F58: 阿比力孜·沙买提 | G58: 264460 | H58: =E58-G58 -> 0 | I58: =VLOOKUP(B58,多浪小区账面房号及收款金额!$A$2:$B$474,2,0) -> 264460 | K58: =G58-I58 -> 0 | N58: =VLOOKUP(B58,[2]信息汇总表!$M$2:$T$816,8,0) -> 264460 | O58: =N58/1.09 -> 242623.85 | P58: 242623.85 | R58: =I58/1.09 -> 242623.85 | S58: =R58*0.05 -> 12131.193 | T58: =R58-P58 -> 0.003211009 | U58: =S58-(P58*0.05) -> 0.00016055045
A59: 56 | B59: A2-2-502 | C59: 44.1 | D59: 2700 | E59: =ROUND(IF(F59<>0,C59*D59,0),0) -> 119070 | F59: 合丽切木·乃麦提（肉孜古力·吐逊） | G59: 120070 | H59: =E59-G59 -> -1000 | I59: =VLOOKUP(B59,多浪小区账面房号及收款金额!$A$2:$B$474,2,0) -> 120070 | K59: =G59-I59 -> 0 | N59: =VLOOKUP(B59,[2]信息汇总表!$M$2:$T$816,8,0) -> 119070 | O59: =N59/1.09 -> 109238.53 | P59: 109238.53 | R59: =I59/1.09 -> 110155.96 | S59: =R59*0.05 -> 5507.7982 | T59: =R59-P59 -> 917.4333 | U59: =S59-(P59*0.05) -> 45.871665
A60: 57 | B60: A2-2-503 | C60: 89.33 | D60: 2776.22 | E60: =ROUND(IF(F60<>0,C60*D60,0),0) -> 248000 | F60: 曹春莲 | G60: 248000 | H60: =E60-G60 -> 0 | I60: =VLOOKUP(B60,多浪小区账面房号及收款金额!$A$2:$B$474,2,0) -> 248000 | K60: =G60-I60 -> 0 | N60: =VLOOKUP(B60,[2]信息汇总表!$M$2:$T$816,8,0) -> 248000 | O60: =N60/1.09 -> 227522.94 | P60: 227522.94 | R60: =I60/1.09 -> 227522.94 | S60: =R60*0.05 -> 11376.147 | T60: =R60-P60 -> -0.004220183 | U60: =S60-(P60*0.05) -> -0.00021100915
A61: 58 | B61: A2-2-601 | C61: 94.45 | D61: 2600 | E61: =ROUND(IF(F61<>0,C61*D61,0),0) -> 245570 | F61: 卡哈尔·沙依都拉 | G61: 245570 | H61: =E61-G61 -> 0 | I61: =VLOOKUP(B61,多浪小区账面房号及收款金额!$A$2:$B$474,2,0) -> 245570 | K61: =G61-I61 -> 0 | O61: =N61/1.09 -> 0 | R61: =I61/1.09 -> 225293.58 | S61: =R61*0.05 -> 11264.679 | T61: =R61-P61 -> 225293.58 | U61: =S61-(P61*0.05) -> 11264.679
A62: 59 | B62: A2-2-602 | C62: 44.1 | D62: 2607.71 | E62: =ROUND(IF(F62<>0,C62*D62,0),0) -> 115000 | F62: 穆萨·阿卜力米提（玉山·艾麦提） | G62: 116000 | H62: =E62-G62 -> -1000 | I62: =VLOOKUP(B62,多浪小区账面房号及收款金额!$A$2:$B$474,2,0) -> 116000 | K62: =G62-I62 -> 0 | O62: =N62/1.09 -> 0 | R62: =I62/1.09 -> 106422.02 | S62: =R62*0.05 -> 5321.1009 | T62: =R62-P62 -> 106422.02 | U62: =S62-(P62*0.05) -> 5321.1009
A63: 60 | B63: A2-2-603 | C63: 89.33 | D63: 2600 | E63: =ROUND(IF(F63<>0,C63*D63,0),0) -> 232258 | F63: 图尔贡·库尔班 | G63: 232258 | H63: =E63-G63 -> 0 | I63: =VLOOKUP(B63,多浪小区账面房号及收款金额!$A$2:$B$474,2,0) -> 232258 | K63: =G63-I63 -> 0 | N63: =VLOOKUP(B63,[2]信息汇总表!$M$2:$T$816,8,0) -> 232258 | O63: =N63/1.09 -> 213080.73 | P63: 213080.73 | R63: =I63/1.09 -> 213080.73 | S63: =R63*0.05 -> 10654.037 | T63: =R63-P63 -> 0.003944954 | U63: =S63-(P63*0.05) -> 0.0001972477
A64: 61 | B64: A2-3-201 | C64: 94.45 | D64: 3091.58 | E64: =ROUND(IF(F64<>0,C64*D64,0),0) -> 292000 | F64: 吐尼萨克孜·沙依木 | G64: 292000 | H64: =E64-G64 -> 0 | I64: =VLOOKUP(B64,多浪小区账面房号及收款金额!$A$2:$B$474,2,0) -> 292000 | K64: =G64-I64 -> 0 | N64: =VLOOKUP(B64,[2]信息汇总表!$M$2:$T$816,8,0) -> 292000 | O64: =N64/1.09 -> 267889.91 | P64: 267889.91 | R64: =I64/1.09 -> 267889.91 | S64: =R64*0.05 -> 13394.495 | T64: =R64-P64 -> -0.001743119 | U64: =S64-(P64*0.05) -> -8.7155948e-05
A65: 62 | B65: A2-3-202 | C65: 54.91 | D65: 2970.46 | E65: =ROUND(IF(F65<>0,C65*D65,0),0) -> 163108 | F65: 木扎帕尔·玉素甫江 | G65: 163138 | H65: =E65-G65 -> -30 | I65: =VLOOKUP(B65,多浪小区账面房号及收款金额!$A$2:$B$474,2,0) -> 163108 | K65: =G65-I65 -> 30 | N65: =VLOOKUP(B65,[2]信息汇总表!$M$2:$T$816,8,0) -> 163138 | O65: =N65/1.09 -> 149667.89 | P65: 149667.89 | R65: =I65/1.09 -> 149640.37 | S65: =R65*0.05 -> 7482.0183 | T65: =R65-P65 -> -27.523028 | U65: =S65-(P65*0.05) -> -1.3761514
A66: 63 | B66: A2-3-203 | C66: 77.09 | D66: 2970.55 | E66: =ROUND(IF(F66<>0,C66*D66,0),0) -> 229000 | F66: 玉苏甫江·哈瓦拉 | G66: 229036 | H66: =E66-G66 -> -36 | I66: =VLOOKUP(B66,多浪小区账面房号及收款金额!$A$2:$B$474,2,0) -> 229000 | K66: =G66-I66 -> 36 | N66: =VLOOKUP(B66,[2]信息汇总表!$M$2:$T$816,8,0) -> 229000 | O66: =N66/1.09 -> 210091.74 | P66: 210091.74 | R66: =I66/1.09 -> 210091.74 | S66: =R66*0.05 -> 10504.587 | T66: =R66-P66 -> 0.003119266 | U66: =S66-(P66*0.05) -> 0.0001559633
A67: 64 | B67: A2-3-301 | C67: 94.45 | D67: 2996.29 | E67: =ROUND(IF(F67<>0,C67*D67,0),0) -> 283000 | F67: 吐洪·阿巴斯 | G67: 283000 | H67: =E67-G67 -> 0 | I67: =VLOOKUP(B67,多浪小区账面房号及收款金额!$A$2:$B$474,2,0) -> 283000 | K67: =G67-I67 -> 0 | N67: =VLOOKUP(B67,[2]信息汇总表!$M$2:$T$816,8,0) -> 283000 | O67: =N67/1.09 -> 259633.03 | P67: 259633.03 | R67: =I67/1.09 -> 259633.03 | S67: =R67*0.05 -> 12981.651 | T67: =R67-P67 -> -0.002477064 | U67: =S67-(P67*0.05) -> -0.0001238532
A68: 65 | B68: A2-3-302 | C68: 54.91 | D68: 2931.52 | E68: =ROUND(IF(F68<>0,C68*D68,0),0) -> 160970 | F68: 喀斯木·艾则木（艾克然木·吐尔逊） | G68: 160970 | H68: =E68-G68 -> 0 | I68: =VLOOKUP(B68,多浪小区账面房号及收款金额!$A$2:$B$474,2,0) -> 160970 | K68: =G68-I68 -> 0 | N68: =VLOOKUP(B68,[2]信息汇总表!$M$2:$T$816,8,0) -> 160970 | O68: =N68/1.09 -> 147678.9 | P68: 147678.9 | R68: =I68/1.09 -> 147678.9 | S68: =R68*0.05 -> 7383.945 | T68: =R68-P68 -> -0.000917431 | U68: =S68-(P68*0.05) -> -4.5871549e-05
A69: 66 | B69: A2-3-303 | C69: 77.09 | D69: 3100 | E69: =ROUND(IF(F69<>0,C69*D69,0),0) -> 238979 | F69: 艾克拜尔江·吐尔洪 | G69: 238979 | H69: =E69-G69 -> 0 | I69: =VLOOKUP(B69,多浪小区账面房号及收款金额!$A$2:$B$474,2,0) -> 238979 | K69: =G69-I69 -> 0 | N69: 238979 | O69: =N69/1.09 -> 219246.79 | R69: =I69/1.09 -> 219246.79 | S69: =R69*0.05 -> 10962.339 | T69: =R69-P69 -> 219246.79 | U69: =S69-(P69*0.05) -> 10962.339
A70: 67 | B70: A2-3-401 | C70: 94.45 | D70: 3091.5828 | E70: =ROUND(IF(F70<>0,C70*D70,0),0) -> 292000 | F70: 艾麦尔·麦提尼亚孜 | G70: 292000 | H70: =E70-G70 -> 0 | I70: =VLOOKUP(B70,多浪小区账面房号及收款金额!$A$2:$B$474,2,0) -> 292000.01 | K70: =G70-I70 -> -0.01 | N70: =VLOOKUP(B70,[2]信息汇总表!$M$2:$T$816,8,0) -> 292000 | O70: =N70/1.09 -> 267889.91 | R70: =I70/1.09 -> 267889.92 | S70: =R70*0.05 -> 13394.496 | T70: =R70-P70 -> 267889.92 | U70: =S70-(P70*0.05) -> 13394.496
A71: 68 | B71: A2-3-402 | C71: 54.91 | D71: 2900 | E71: =ROUND(IF(F71<>0,C71*D71,0),0) -> 159239 | F71: 托合尼亚孜·亚森 | G71: 151000 | H71: =E71-G71 -> 8239 | I71: =VLOOKUP(B71,多浪小区账面房号及收款金额!$A$2:$B$474,2,0) -> 151000 | K71: =G71-I71 -> 0 | N71: =VLOOKUP(B71,[2]信息汇总表!$M$2:$T$816,8,0) -> 151000 | O71: =N71/1.09 -> 138532.11 | P71: 138532.11 | R71: =I71/1.09 -> 138532.11 | S71: =R71*0.05 -> 6926.6055 | T71: =R71-P71 -> 9.1743132e-05 | U71: =S71-(P71*0.05) -> 4.5871566e-06
A72: 69 | B72: A2-3-403 | C72: 77.09 | D72: 2820 | E72: =ROUND(IF(F72<>0,C72*D72,0),0) -> 217394 | F72: 吐鲁洪·麦麦提 | G72: 224394 | H72: =E72-G72 -> -7000 | I72: =VLOOKUP(B72,多浪小区账面房号及收款金额!$A$2:$B$474,2,0) -> 224394 | K72: =G72-I72 -> 0 | N72: =VLOOKUP(B72,[2]信息汇总表!$M$2:$T$816,8,0) -> 217394 | O72: =N72/1.09 -> 199444.04 | P72: 199444.04 | R72: =I72/1.09 -> 205866.06 | S72: =R72*0.05 -> 10293.303 | T72: =R72-P72 -> 6422.015 | U72: =S72-(P72*0.05) -> 321.10075
A73: 70 | B73: A2-3-501 | C73: 94.45 | D73: 2800 | E73: =ROUND(IF(F73<>0,C73*D73,0),0) -> 264460 | F73: 麦尔耶姆·托合提 | G73: 264460 | H73: =E73-G73 -> 0 | I73: =VLOOKUP(B73,多浪小区账面房号及收款金额!$A$2:$B$474,2,0) -> 264460 | K73: =G73-I73 -> 0 | N73: =VLOOKUP(B73,[2]信息汇总表!$M$2:$T$816,8,0) -> 264460 | O73: =N73/1.09 -> 242623.85 | P73: 242623.85 | R73: =I73/1.09 -> 242623.85 | S73: =R73*0.05 -> 12131.193 | T73: =R73-P73 -> 0.0032110091 | U73: =S73-(P73*0.05) -> 0.00016055046
A74: 71 | B74: A2-3-502 | C74: 54.91 | D74: 2641.0854 | E74: =ROUND(IF(F74<>0,C74*D74,0),0) -> 145022 | F74: 图迪喀日·吾麦尔 | G74: 145022 | H74: =E74-G74 -> 0 | I74: =VLOOKUP(B74,多浪小区账面房号及收款金额!$A$2:$B$474,2,0) -> 145022 | K74: =G74-I74 -> 0 | N74: =VLOOKUP(B74,[2]信息汇总表!$M$2:$T$816,8,0) -> 145022 | O74: =N74/1.09 -> 133047.71 | P74: =-138116.19+133047.71+138116.19 -> 133047.71 | R74: =I74/1.09 -> 133047.71 | S74: =R74*0.05 -> 6652.3853 | T74: =R74-P74 -> -0.0035779816 | U74: =S74-(P74*0.05) -> -0.00017889908
A75: 72 | B75: A2-3-503 | C75: 77.09 | D75: 2750 | E75: =ROUND(IF(F75<>0,C75*D75,0),0) -> 211998 | F75: 艾力亚尔·阿布迪格尼 | G75: 211997 | H75: =E75-G75 -> 1 | I75: =VLOOKUP(B75,多浪小区账面房号及收款金额!$A$2:$B$474,2,0) -> 211997 | K75: =G75-I75 -> 0 | N75: =VLOOKUP(B75,[2]信息汇总表!$M$2:$T$816,8,0) -> 211997 | O75: =N75/1.09 -> 194492.66 | P75: 194492.66 | R75: =I75/1.09 -> 194492.66 | S75: =R75*0.05 -> 9724.633 | T75: =R75-P75 -> 0.0005504587 | U75: =S75-(P75*0.05) -> 2.7522936e-05
A76: 73 | B76: A2-3-601 | C76: 94.45 | D76: 2650.0053 | E76: =ROUND(IF(F76<>0,C76*D76,0),0) -> 250293 | F76: 麦亥麦尼亚孜·吐尼亚孜 | G76: 250293 | H76: =E76-G76 -> 0 | I76: =VLOOKUP(B76,多浪小区账面房号及收款金额!$A$2:$B$474,2,0) -> 250293 | K76: =G76-I76 -> 0 | N76: =VLOOKUP(B76,[2]信息汇总表!$M$2:$T$816,8,0) -> 250293 | O76: =N76/1.09 -> 229626.61 | P76: 229626.61 | R76: =I76/1.09 -> 229626.61 | S76: =R76*0.05 -> 11481.33 | T76: =R76-P76 -> 0 | U76: =S76-(P76*0.05) -> 0
A77: 74 | B77: A2-3-602 | C77: 54.91 | D77: 2700 | E77: =ROUND(IF(F77<>0,C77*D77,0),0) -> 148257 | F77: 吾斯曼·阿布代提（图尔洪·斯迪克） | G77: 153257 | H77: =E77-G77 -> -5000 | I77: =VLOOKUP(B77,多浪小区账面房号及收款金额!$A$2:$B$474,2,0) -> 153257 | K77: =G77-I77 -> 0 | N77: =VLOOKUP(B77,[2]信息汇总表!$M$2:$T$816,8,0) -> 148257 | O77: =N77/1.09 -> 136015.6 | P77: 136015.6 | R77: =I77/1.09 -> 140602.75 | S77: =R77*0.05 -> 7030.1376 | T77: =R77-P77 -> 4587.1523 | U77: =S77-(P77*0.05) -> 229.35761
A78: 75 | B78: A2-3-603 | C78: 77.09 | D78: 2600 | E78: =ROUND(IF(F78<>0,C78*D78,0),0) -> 200434 | F78: 热合曼·买买提 | G78: 200434 | H78: =E78-G78 -> 0 | I78: =VLOOKUP(B78,多浪小区账面房号及收款金额!$A$2:$B$474,2,0) -> 200434 | K78: =G78-I78 -> 0 | O78: =N78/1.09 -> 0 | R78: =I78/1.09 -> 183884.4 | S78: =R78*0.05 -> 9194.2202 | T78: =R78-P78 -> 183884.4 | U78: =S78-(P78*0.05) -> 9194.2202
A79: 76 | B79: A3-1-201 | C79: 94.92 | D79: 2950 | E79: =ROUND(IF(F79<>0,C79*D79,0),0) -> 280014 | F79: 阿不拉·买买提 | G79: 280014 | H79: =E79-G79 -> 0 | I79: =VLOOKUP(B79,多浪小区账面房号及收款金额!$A$2:$B$474,2,0) -> 280014 | K79: =G79-I79 -> 0 | N79: =VLOOKUP(B79,[2]信息汇总表!$M$2:$T$816,8,0) -> 280014 | O79: =N79/1.09 -> 256893.58 | P79: 256893.58 | R79: =I79/1.09 -> 256893.58 | S79: =R79*0.05 -> 12844.679 | T79: =R79-P79 -> -0.0020183486 | U79: =S79-(P79*0.05) -> -0.00010091743
A80: 77 | B80: A3-1-202 | C80: 54.9 | D80: 2953.84 | E80: =ROUND(IF(F80<>0,C80*D80,0),0) -> 162166 | F80: 吐尔洪·吐尔孙 | G80: 162166 | H80: =E80-G80 -> 0 | I80: =VLOOKUP(B80,多浪小区账面房号及收款金额!$A$2:$B$474,2,0) -> 162166 | K80: =G80-I80 -> 0 | N80: =VLOOKUP(B80,[2]信息汇总表!$M$2:$T$816,8,0) -> 162166 | O80: =N80/1.09 -> 148776.15 | P80: 148776.15 | R80: =I80/1.09 -> 148776.15 | S80: =R80*0.05 -> 7438.8073 | T80: =R80-P80 -> -0.0032110092 | U80: =S80-(P80*0.05) -> -0.00016055046
A81: 78 | B81: A3-1-203 | C81: 78.5 | D81: 3248 | E81: =ROUND(IF(F81<>0,C81*D81,0),0) -> 254968 | F81: 阿卜敦拉提普·谢尔旦 | G81: 254968 | H81: =E81-G81 -> 0 | I81: =VLOOKUP(B81,多浪小区账面房号及收款金额!$A$2:$B$474,2,0) -> 254968 | K81: =G81-I81 -> 0 | O81: =N81/1.09 -> 0 | R81: =I81/1.09 -> 233915.6 | S81: =R81*0.05 -> 11695.78 | T81: =R81-P81 -> 233915.6 | U81: =S81-(P81*0.05) -> 11695.78
A82: 79 | B82: A3-1-301 | C82: 94.92 | D82: 3080 | E82: =ROUND(IF(F82<>0,C82*D82,0),0) -> 292354 | F82: 奥力牙尔·尼孜艾买提，买合木提·牙生 | G82: 292415 | H82: =E82-G82 -> -61 | I82: =VLOOKUP(B82,多浪小区账面房号及收款金额!$A$2:$B$474,2,0) -> 292415 | K82: =G82-I82 -> 0 | N82: =VLOOKUP(B82,[2]信息汇总表!$M$2:$T$816,8,0) -> 292354 | O82: =N82/1.09 -> 268214.68 | P82: 268214.68 | R82: =I82/1.09 -> 268270.64 | S82: =R82*0.05 -> 13413.532 | T82: =R82-P82 -> 55.962202 | U82: =S82-(P82*0.05) -> 2.7981101
A83: 80 | B83: A3-1-302 | C83: 54.9 | D83: 2932.11 | E83: =ROUND(IF(F83<>0,C83*D83,0),0) -> 160973 | F83: 艾科木·奥司满 | G83: 160973 | H83: =E83-G83 -> 0 | I83: =VLOOKUP(B83,多浪小区账面房号及收款金额!$A$2:$B$474,2,0) -> 160973 | K83: =G83-I83 -> 0 | N83: =VLOOKUP(B83,[2]信息汇总表!$M$2:$T$816,8,0) -> 160973 | O83: =N83/1.09 -> 147681.65 | P83: 147681.65 | R83: =I83/1.09 -> 147681.65 | S83: =R83*0.05 -> 7384.0826 | T83: =R83-P83 -> 0.0013761468 | U83: =S83-(P83*0.05) -> 6.8807338e-05
A84: 81 | B84: A3-1-303 | C84: 78.5 | D84: 2900 | E84: =ROUND(IF(F84<>0,C84*D84,0),0) -> 227650 | F84: 阿布都热依木·吐尔逊 | G84: 227650 | H84: =E84-G84 -> 0 | I84: =VLOOKUP(B84,多浪小区账面房号及收款金额!$A$2:$B$474,2,0) -> 227650 | K84: =G84-I84 -> 0 | N84: =VLOOKUP(B84,[2]信息汇总表!$M$2:$T$816,8,0) -> 227650 | O84: =N84/1.09 -> 208853.21 | P84: 208853.21 | R84: =I84/1.09 -> 208853.21 | S84: =R84*0.05 -> 10442.661 | T84: =R84-P84 -> 0.0010091743 | U84: =S84-(P84*0.05) -> 5.0458715e-05
A85: 82 | B85: A3-1-401 | C85: 94.92 | D85: 2950 | E85: =ROUND(IF(F85<>0,C85*D85,0),0) -> 280014 | F85: 阿不都热依木·阿木提 | G85: 280014 | H85: =E85-G85 -> 0 | I85: =VLOOKUP(B85,多浪小区账面房号及收款金额!$A$2:$B$474,2,0) -> 280014 | K85: =G85-I85 -> 0 | N85: =VLOOKUP(B85,[2]信息汇总表!$M$2:$T$816,8,0) -> 280014 | O85: =N85/1.09 -> 256893.58 | P85: 256893.58 | R85: =I85/1.09 -> 256893.58 | S85: =R85*0.05 -> 12844.679 | T85: =R85-P85 -> -0.0020183486 | U85: =S85-(P85*0.05) -> -0.00010091743
A86: 83 | B86: A3-1-402 | C86: 54.9 | D86: 2823.32 | E86: =ROUND(IF(F86<>0,C86*D86,0),0) -> 155000 | F86: 沙热木·阿布力孜 | G86: 155000 | H86: =E86-G86 -> 0 | I86: =VLOOKUP(B86,多浪小区账面房号及收款金额!$A$2:$B$474,2,0) -> 155000 | K86: =G86-I86 -> 0 | N86: =VLOOKUP(B86,[2]信息汇总表!$M$2:$T$816,8,0) -> 155000 | O86: =N86/1.09 -> 142201.83 | P86: 142201.83 | R86: =I86/1.09 -> 142201.83 | S86: =R86*0.05 -> 7110.0917 | T86: =R86-P86 -> 0.0048623853 | U86: =S86-(P86*0.05) -> 0.00024311927
A87: 84 | B87: A3-1-403 | C87: 78.5 | D87: 2800 | E87: =ROUND(IF(F87<>0,C87*D87,0),0) -> 219800 | F87: 艾麦提江·图拉克 | G87: 219800 | H87: =E87-G87 -> 0 | I87: =VLOOKUP(B87,多浪小区账面房号及收款金额!$A$2:$B$474,2,0) -> 219800 | K87: =G87-I87 -> 0 | N87: 120183.49 | O87: =N87/1.09 -> 110260.08 | R87: =I87/1.09 -> 201651.38 | S87: =R87*0.05 -> 10082.569 | T87: =R87-P87 -> 201651.38 | U87: =S87-(P87*0.05) -> 10082.569
A88: 85 | B88: A3-1-501 | C88: 94.92 | D88: 2800 | E88: =ROUND(IF(F88<>0,C88*D88,0),0) -> 265776 | F88: 木塔力甫·吐尔洪 | G88: 265776 | H88: =E88-G88 -> 0 | I88: =VLOOKUP(B88,多浪小区账面房号及收款金额!$A$2:$B$474,2,0) -> 265776 | K88: =G88-I88 -> 0 | N88: =VLOOKUP(B88,[2]信息汇总表!$M$2:$T$816,8,0) -> 265776 | O88: =N88/1.09 -> 243831.19 | P88: 243831.19 | R88: =I88/1.09 -> 243831.19 | S88: =R88*0.05 -> 12191.56 | T88: =R88-P88 -> 4.3655746e-10 | U88: =S88-(P88*0.05) -> 2.1827873e-11
A89: 86 | B89: A3-1-502 | C89: 54.9 | D89: 2700 | E89: =ROUND(IF(F89<>0,C89*D89,0),0) -> 148230 | F89: 阿依木萨·阿布拉（艾沙·艾合买提） | G89: 148257 | H89: =E89-G89 -> -27 | I89: =VLOOKUP(B89,多浪小区账面房号及收款金额!$A$2:$B$474,2,0) -> 148257 | K89: =G89-I89 -> 0 | N89: =VLOOKUP(B89,[2]信息汇总表!$M$2:$T$816,8,0) -> 148257 | O89: =N89/1.09 -> 136015.6 | P89: 136015.6 | R89: =I89/1.09 -> 136015.6 | S89: =R89*0.05 -> 6800.7798 | T89: =R89-P89 -> -0.0036697248 | U89: =S89-(P89*0.05) -> -0.00018348624
A90: 87 | B90: A3-1-503 | C90: 78.5 | D90: 2800 | E90: =ROUND(IF(F90<>0,C90*D90,0),0) -> 219800 | F90: 麦吾兰·麦麦提 | G90: 219800 | H90: =E90-G90 -> 0 | I90: =VLOOKUP(B90,多浪小区账面房号及收款金额!$A$2:$B$474,2,0) -> 219800 | K90: =G90-I90 -> 0 | N90: =VLOOKUP(B90,[2]信息汇总表!$M$2:$T$816,8,0) -> 219800 | O90: =N90/1.09 -> 201651.38 | P90: 201651.38 | R90: =I90/1.09 -> 201651.38 | S90: =R90*0.05 -> 10082.569 | T90: =R90-P90 -> -0.003853211 | U90: =S90-(P90*0.05) -> -0.00019266055
A91: 88 | B91: A3-1-601 | C91: 94.92 | D91: 2600 | E91: =ROUND(IF(F91<>0,C91*D91,0),0) -> 246792 | F91: 库尔班·努尔麦麦提 | G91: 246792 | H91: =E91-G91 -> 0 | I91: =VLOOKUP(B91,多浪小区账面房号及收款金额!$A$2:$B$474,2,0) -> 246792 | K91: =G91-I91 -> 0 | N91: =VLOOKUP(B91,[2]信息汇总表!$M$2:$T$816,8,0) -> 246792 | O91: =N91/1.09 -> 226414.68 | P91: 226414.68 | R91: =I91/1.09 -> 226414.68 | S91: =R91*0.05 -> 11320.734 | T91: =R91-P91 -> -0.0011009174 | U91: =S91-(P91*0.05) -> -5.5045872e-05
A92: 89 | B92: A3-1-602 | C92: 54.9 | D92: 2700 | E92: =ROUND(IF(F92<>0,C92*D92,0),0) -> 148230 | F92: 阿布都热依木·托合提 | G92: 148230 | H92: =E92-G92 -> 0 | I92: =VLOOKUP(B92,多浪小区账面房号及收款金额!$A$2:$B$474,2,0) -> 148230 | K92: =G92-I92 -> 0 | O92: =N92/1.09 -> 0 | R92: =I92/1.09 -> 135990.83 | S92: =R92*0.05 -> 6799.5413 | T92: =R92-P92 -> 135990.83 | U92: =S92-(P92*0.05) -> 6799.5413
A93: 90 | B93: A3-1-603 | C93: 78.5 | D93: 2600 | E93: =ROUND(IF(F93<>0,C93*D93,0),0) -> 204100 | F93: 瓦哈甫·阿布都克热木 | G93: 204100 | H93: =E93-G93 -> 0 | I93: =VLOOKUP(B93,多浪小区账面房号及收款金额!$A$2:$B$474,2,0) -> 204100 | K93: =G93-I93 -> 0 | N93: =VLOOKUP(B93,[2]信息汇总表!$M$2:$T$816,8,0) -> 204100 | O93: =N93/1.09 -> 187247.71 | P93: 187247.71 | R93: =I93/1.09 -> 187247.71 | S93: =R93*0.05 -> 9362.3853 | T93: =R93-P93 -> -0.0035779817 | U93: =S93-(P93*0.05) -> -0.00017889908
A94: 91 | B94: A3-2-201 | C94: 94.43 | D94: 3100 | E94: =ROUND(IF(F94<>0,C94*D94,0),0) -> 292733 | F94: 古哈尔克孜·亚森 | G94: 10000 | H94: =E94-G94 -> 282733 | I94: =VLOOKUP(B94,多浪小区账面房号及收款金额!$A$2:$B$474,2,0) -> 10000 | K94: =G94-I94 -> 0 | O94: =N94/1.09 -> 0 | R94: =I94/1.09 -> 9174.3119 | S94: =R94*0.05 -> 458.7156 | T94: =R94-P94 -> 9174.3119 | U94: =S94-(P94*0.05) -> 458.7156
A95: 92 | B95: A3-2-202 | C95: 44.09 | D95: 3033 | E95: =ROUND(IF(F95<>0,C95*D95,0),0) -> 133725 | F95: 阿依先木·热合曼 | G95: 133725 | H95: =E95-G95 -> 0 | I95: =VLOOKUP(B95,多浪小区账面房号及收款金额!$A$2:$B$474,2,0) -> 133725 | K95: =G95-I95 -> 0 | N95: =VLOOKUP(B95,[2]信息汇总表!$M$2:$T$816,8,0) -> 133725 | O95: =N95/1.09 -> 122683.49 | P95: 122683.49 | R95: =I95/1.09 -> 122683.49 | S95: =R95*0.05 -> 6134.1743 | T95: =R95-P95 -> -0.0037614679 | U95: =S95-(P95*0.05) -> -0.0001880734
A96: 93 | B96: A3-2-203 | C96: 89.31 | D96: 3100 | E96: =ROUND(IF(F96<>0,C96*D96,0),0) -> 276861 | F96: 罕克孜·亚森 | G96: 276861 | H96: =E96-G96 -> 0 | I96: =VLOOKUP(B96,多浪小区账面房号及收款金额!$A$2:$B$474,2,0) -> 281861 | K96: =G96-I96 -> -5000 | L96: 2021年12月1#凭证调整5000元导致 | M96: 查看调账原因 | N96: =VLOOKUP(B96,[2]信息汇总表!$M$2:$T$816,8,0) -> 276861 | O96: =N96/1.09 -> 254000.92 | P96: 254000.92 | R96: =I96/1.09 -> 258588.07 | S96: =R96*0.05 -> 12929.404 | T96: =R96-P96 -> 4587.1534 | U96: =S96-(P96*0.05) -> 229.35767
A97: 94 | B97: A3-2-301 | C97: 94.43 | D97: 3000 | E97: =ROUND(IF(F97<>0,C97*D97,0),0) -> 283290 | F97: 吾斯曼·阿巴白克 | G97: 283290 | H97: =E97-G97 -> 0 | I97: =VLOOKUP(B97,多浪小区账面房号及收款金额!$A$2:$B$474,2,0) -> 283290 | K97: =G97-I97 -> 0 | N97: =VLOOKUP(B97,[2]信息汇总表!$M$2:$T$816,8,0) -> 283290 | O97: =N97/1.09 -> 259899.08 | R97: =I97/1.09 -> 259899.08 | S97: =R97*0.05 -> 12994.954 | T97: =R97-P97 -> 259899.08 | U97: =S97-(P97*0.05) -> 12994.954
A98: 95 | B98: A3-2-302 | C98: 44.09 | D98: 2993.876 | E98: =ROUND(IF(F98<>0,C98*D98,0),0) -> 132000 | F98: 海尔尼沙·阿吾提 | G98: 132000 | H98: =E98-G98 -> 0 | I98: =VLOOKUP(B98,多浪小区账面房号及收款金额!$A$2:$B$474,2,0) -> 132000 | K98: =G98-I98 -> 0 | N98: =VLOOKUP(B98,[2]信息汇总表!$M$2:$T$816,8,0) -> 132000 | O98: =N98/1.09 -> 121100.92 | P98: 121100.92 | R98: =I98/1.09 -> 121100.92 | S98: =R98*0.05 -> 6055.0459 | T98: =R98-P98 -> -0.0025688074 | U98: =S98-(P98*0.05) -> -0.00012844037
A99: 96 | B99: A3-2-303 | C99: 89.31 | D99: 3000 | E99: =ROUND(IF(F99<>0,C99*D99,0),0) -> 267930 | F99: 托合提·买买提 | G99: 267930 | H99: =E99-G99 -> 0 | I99: =VLOOKUP(B99,多浪小区账面房号及收款金额!$A$2:$B$474,2,0) -> 267930 | K99: =G99-I99 -> 0 | O99: =N99/1.09 -> 0 | R99: =I99/1.09 -> 245807.34 | S99: =R99*0.05 -> 12290.367 | T99: =R99-P99 -> 245807.34 | U99: =S99-(P99*0.05) -> 12290.367
A100: 97 | B100: A3-2-401 | C100: 94.43 | D100: 2965.16 | E100: =ROUND(IF(F100<>0,C100*D100,0),0) -> 280000 | F100: 毛兰江·吐尼牙孜 | G100: 280000 | H100: =E100-G100 -> 0 | I100: =VLOOKUP(B100,多浪小区账面房号及收款金额!$A$2:$B$474,2,0) -> 280000 | K100: =G100-I100 -> 0 | N100: =VLOOKUP(B100,[2]信息汇总表!$M$2:$T$816,8,0) -> 280000 | O100: =N100/1.09 -> 256880.73 | P100: 256880.73 | R100: =I100/1.09 -> 256880.73 | S100: =R100*0.05 -> 12844.037 | T100: =R100-P100 -> 0.0039449541 | U100: =S100-(P100*0.05) -> 0.0001972477
...

Sheet 阿克苏分公司预收账款
B1: 账簿 | C1: 年 | D1: 月 | E1: 凭证号 | F1: 摘要 | G1: 科目代码 | H1: 科目名称 | I1: 借 | J1: 贷 | K1: 单位代码 | L1: 单位名称 | N1: 确认后的房号 | O1: 贷方计算后的含税金额 | P1: 备注
B2: 新疆通力房地产开发有限公司阿克苏分公司 | C2: 2010 | D2: 1 | E2: 6 | F2: 退房款俞琦原附件在10月7号单 | G2: 2004 | H2: 预收帐款 | I2: 30000 | K2: 0006 | L2: 15-A-1001俞琦 | N2: 15-A-1001俞琦 | O2: 0
B3: 新疆通力房地产开发有限公司阿克苏分公司 | C3: 2010 | D3: 4 | E3: 6 | F3: 武杰购房预付款 | G3: 2004 | H3: 预收帐款 | J3: 30000 | K3: 0021 | L3: 15#-B座-1103武杰 | N3: 15#-B座-1103武杰 | O3: 30000
B4: 新疆通力房地产开发有限公司阿克苏分公司 | C4: 2010 | D4: 4 | E4: 6 | F4: 塔依尔购房预付款 | G4: 2004 | H4: 预收帐款 | J4: 20000 | K4: 0022 | L4: A15-802 | N4: A15-802 | O4: 20000
B5: 新疆通力房地产开发有限公司阿克苏分公司 | C5: 2010 | D5: 5 | E5: 52 | F5: 退段毅购房定金（3019） | G5: 2004 | H5: 预收帐款 | J5: -20000 | K5: 0019 | L5: A座-1102房-段毅 | N5: A座-1102房-段毅 | O5: -20000
B6: 新疆通力房地产开发有限公司阿克苏分公司 | C6: 2012 | D6: 9 | E6: 4 | F6: 收多浪小镇购房款 | G6: 2004 | H6: 预收帐款 | J6: 3820000 | K6: 0023 | L6: 阿克苏城乡建设发展集团有限公司 | N6: 阿克苏城乡建设发展集团有限公司 | O6: 3820000
B7: 新疆通力房地产开发有限公司阿克苏分公司 | C7: 2012 | D7: 9 | E7: 63 | F7: 城投公司支付房款 | G7: 2004 | H7: 预收帐款 | J7: 5000000 | K7: 0023 | L7: 阿克苏城乡建设发展集团有限公司 | N7: 阿克苏城乡建设发展集团有限公司 | O7: 5000000
B8: 新疆通力房地产开发有限公司阿克苏分公司 | C8: 2012 | D8: 10 | E8: 19 | F8: 城投公司付多浪小镇房款 | G8: 2004 | H8: 预收帐款 | J8: 2710000 | K8: 0023 | L8: 阿克苏城乡建设发展集团有限公司 | N8: 阿克苏城乡建设发展集团有限公司 | O8: 2710000
B9: 新疆通力房地产开发有限公司阿克苏分公司 | C9: 2012 | D9: 11 | E9: 43 | F9: 收到多浪小镇购房款 | G9: 2004 | H9: 预收帐款 | J9: 1000000 | K9: 0023 | L9: 阿克苏城乡建设发展集团有限公司 | N9: 阿克苏城乡建设发展集团有限公司 | O9: 1000000
B10: 新疆通力房地产开发有限公司阿克苏分公司 | C10: 2012 | D10: 12 | E10: 33 | F10: 调11月43#凭证 | G10: 2004 | H10: 预收帐款 | I10: 1000000 | K10: 0023 | L10: 阿克苏城乡建设发展集团有限公司 | N10: 阿克苏城乡建设发展集团有限公司 | O10: 0
B11: 新疆通力房地产开发有限公司阿克苏分公司 | C11: 2013 | D11: 8 | E11: 31 | F11: 收多浪小镇廉租房房款 | G11: 2004 | H11: 预收帐款 | J11: 3360000 | K11: 0024 | L11: 阿克苏市城镇住房保障管理办公室 | N11: 阿克苏市城镇住房保障管理办公室 | O11: 3360000
B12: 新疆通力房地产开发有限公司阿克苏分公司 | C12: 2013 | D12: 11 | E12: 36 | F12: 收20套廉租房房款 | G12: 2004 | H12: 预收帐款 | J12: 700000 | K12: 0024 | L12: 阿克苏市城镇住房保障管理办公室 | N12: 阿克苏市城镇住房保障管理办公室 | O12: 700000
B13: 新疆通力房地产开发有限公司阿克苏分公司 | C13: 2013 | D13: 11 | E13: 52 | F13: 收多浪廉租房房款 | G13: 2004 | H13: 预收帐款 | J13: 2016000 | K13: 0024 | L13: 阿克苏市城镇住房保障管理办公室 | N13: 阿克苏市城镇住房保障管理办公室 | O13: 2016000
B14: 新疆通力房地产开发有限公司阿克苏分公司 | C14: 2013 | D14: 12 | E14: 17 | F14: 收工程款 | G14: 2004 | H14: 预收帐款 | J14: 420000 | K14: 0024 | L14: 阿克苏市城镇住房保障管理办公室 | N14: 阿克苏市城镇住房保障管理办公室 | O14: 420000
B15: 新疆通力房地产开发有限公司阿克苏分公司 | C15: 2014 | D15: 8 | E15: 4 | F15: 收财政局多浪房款 | G15: 2004 | H15: 预收帐款 | J15: 864864 | K15: 0023 | L15: 阿克苏城乡建设发展集团有限公司 | N15: 阿克苏城乡建设发展集团有限公司 | O15: 864864
B16: 新疆通力房地产开发有限公司阿克苏分公司 | C16: 2016 | D16: 1 | E16: 12 | F16: 借款转预收 | G16: 2004 | H16: 预收帐款 | J16: 279456 | K16: 0073 | L16: A11-1-102 | N16: A11-1-102 | O16: 279456
B17: 新疆通力房地产开发有限公司阿克苏分公司 | C17: 2016 | D17: 1 | E17: 12 | F17: 借款转预收 | G17: 2004 | H17: 预收帐款 | J17: 276614 | K17: 0074 | L17: A11-1-201 | N17: A11-1-201 | O17: 276614
B18: 新疆通力房地产开发有限公司阿克苏分公司 | C18: 2016 | D18: 1 | E18: 12 | F18: 借款转预收 | G18: 2004 | H18: 预收帐款 | J18: 254110 | K18: 0075 | L18: A11-1-402 | N18: A11-1-402 | O18: 254110
B19: 新疆通力房地产开发有限公司阿克苏分公司 | C19: 2016 | D19: 1 | E19: 12 | F19: 借款转预收 | G19: 2004 | H19: 预收帐款 | J19: 238834 | K19: 0076 | L19: A11-1-501 | N19: A11-1-501 | O19: 238834
B20: 新疆通力房地产开发有限公司阿克苏分公司 | C20: 2016 | D20: 1 | E20: 12 | F20: 借款转预收 | G20: 2004 | H20: 预收帐款 | J20: 237758 | K20: 0077 | L20: A11-1-502 | N20: A11-1-502 | O20: 237758
B21: 新疆通力房地产开发有限公司阿克苏分公司 | C21: 2016 | D21: 1 | E21: 12 | F21: 借款转预收 | G21: 2004 | H21: 预收帐款 | J21: 205982 | K21: 0078 | L21: A11-1-601 | N21: A11-1-601 | O21: 205982
B22: 新疆通力房地产开发有限公司阿克苏分公司 | C22: 2016 | D22: 1 | E22: 12 | F22: 借款转预收 | G22: 2004 | H22: 预收帐款 | J22: 205054 | K22: 0079 | L22: A11-1-602 | N22: A11-1-602 | O22: 205054
... B145: 新疆通力房地产开发有限公司阿克苏分公司 | C145: 2017 | D145: 1 | E145: 14 | F145: C4-2-601麦热耶姆·艾麦提 | G145: 2004 | H145: 预收帐款 | J145: 4762 | K145: 0097 | L145: C4-2-601 | N145: C4-2-601 | O145: 5000.1
B146: 新疆通力房地产开发有限公司阿克苏分公司 | C146: 2017 | D146: 1 | E146: 15 | F146: C8-2-502帕坦木·艾麦提 | G146: 2004 | H146: 预收帐款 | J146: 62960 | K146: 0098 | L146: C8-2-502 | N146: C8-2-502 | O146: 66108 | P146: =O146-J146 -> 3148
B147: 新疆通力房地产开发有限公司阿克苏分公司 | C147: 2017 | D147: 1 | E147: 16 | F147: C11-2-502肉孜·阿吾提 | G147: 2004 | H147: 预收帐款 | J147: 6667 | K147: 0047 | L147: C11-2-502 | N147: C11-2-502 | O147: 7000.35
B148: 新疆通力房地产开发有限公司阿克苏分公司 | C148: 2017 | D148: 1 | E148: 17 | F148: C11-1-301麦热牙木·艾麦尔 | G148: 2004 | H148: 预收帐款 | J148: 5714 | K148: 0099 | L148: C11-1-301 | N148: C11-1-301 | O148: 5999.7
B149: 新疆通力房地产开发有限公司阿克苏分公司 | C149: 2017 | D149: 1 | E149: 18 | F149: C11-4-401木哈拜提·胡达拜提 | G149: 2004 | H149: 预收帐款 | J149: 106667 | K149: 0056 | L149: C11-4-401 | N149: C11-4-401 | O149: 112000.35
B150: 新疆通力房地产开发有限公司阿克苏分公司 | C150: 2017 | D150: 1 | E150: 19 | F150: C11-1-302莫合旦尔·艾合旦木 | G150: 2004 | H150: 预收帐款 | J150: 9524 | K150: 0100 | L150: C11-1-302 | N150: C11-1-302 | O150: 10000.2
B151: 新疆通力房地产开发有限公司阿克苏分公司 | C151: 2017 | D151: 1 | E151: 20 | F151: C11-4-502努尔尼沙·艾山 | G151: 2004 | H151: 预收帐款 | J151: 17190 | K151: 0039 | L151: C11-4-502 | N151: C11-4-502 | O151: 18049.5
B152: 新疆通力房地产开发有限公司阿克苏分公司 | C152: 2017 | D152: 1 | E152: 21 | F152: C8-1-602艾亥提·巴拉提 | G152: 2004 | H152: 预收帐款 | J152: 14286 | K152: 0049 | L152: C8-1-602 | N152: C8-1-602 | O152: 15000.3
B153: 新疆通力房地产开发有限公司阿克苏分公司 | C153: 2017 | D153: 1 | E153: 22 | F153: A11-4-602吐尔逊古力·拖黑提 | G153: 2004 | H153: 预收帐款 | J153: 30764 | K153: 0101 | L153: A11-4-602 | N153: A11-4-602 | O153: 32302.2
B154: 新疆通力房地产开发有限公司阿克苏分公司 | C154: 2017 | D154: 1 | E154: 23 | F154: C3-3-401迪力夏提 | G154: 2004 | H154: 预收帐款 | J154: 9524 | K154: 0102 | L154: C3-3-401 | N154: C3-3-401 | O154: 10000.2
B155: 新疆通力房地产开发有限公司阿克苏分公司 | C155: 2017 | D155: 1 | E155: 24 | F155: C8-1-202巴吐尔·艾买提 | G155: 2004 | H155: 预收帐款 | J155: 102218 | K155: 0103 | L155: C8-1-202 | N155: C8-1-202 | O155: 107328.9
B156: 新疆通力房地产开发有限公司阿克苏分公司 | C156: 2017 | D156: 1 | E156: 25 | F156: C11-2-302艾沙江·阿力甫 | G156: 2004 | H156: 预收帐款 | J156: 34144 | K156: 0094 | L156: c11-2-302 | N156: c11-2-302 | O156: 35851.2
B157: 新疆通力房地产开发有限公司阿克苏分公司 | C157: 2017 | D157: 2 | E157: 1 | F157: C7-2-501麦尔旦·达尼亚 | G157: 2004 | H157: 预收帐款 | J157: 9524 | K157: 0104 | L157: C7-2-501 | N157: C7-2-501 | O157: 10000.2
B158: 新疆通力房地产开发有限公司阿克苏分公司 | C158: 2017 | D158: 2 | E158: 3 | F158: C11-3-301阿卜杜许库尔 | G158: 2004 | H158: 预收帐款 | J158: 43668 | K158: 0105 | L158: C11-3-301 | N158: C11-3-301 | O158: 45851.4
B159: 新疆通力房地产开发有限公司阿克苏分公司 | C159: 2017 | D159: 2 | E159: 4 | F159: C11-1-301麦热牙木·艾麦尔 | G159: 2004 | H159: 预收帐款 | J159: 10131 | K159: 0099 | L159: C11-1-301 | N159: C11-1-301 | O159: 10637.55
B160: 新疆通力房地产开发有限公司阿克苏分公司 | C160: 2017 | D160: 2 | E160: 5 | F160: C3-3-502玛依热·肉孜 | G160: 2004 | H160: 预收帐款 | J160: 47989 | K160: 0106 | L160: C3-3-502 | N160: C3-3-502 | O160: 50388.45 | P160: =O160-J160 -> 2399.45
B161: 新疆通力房地产开发有限公司阿克苏分公司 | C161: 2017 | D161: 2 | E161: 6 | F161: c3-3-402木瓦汗·木沙 | G161: 2004 | H161: 预收帐款 | J161: 45379 | K161: 0107 | L161: C3-3-402 | N161: C3-3-402 | O161: 476480
B162: 新疆通力房地产开发有限公司阿克苏分公司 | C162: 2017 | D162: 2 | E162: 8 | F162: c13-3-303阿尔祖古丽·巴伍敦 | G162: 2004 | H162: 预收帐款 | J162: 10071 | K162: 0072 | L162: C13-3-303 | N162: C13-3-303 | O162: 10574.55
B163: 新疆通力房地产开发有限公司阿克苏分公司 | C163: 2017 | D163: 2 | E163: 9 | F163: c8-3-201图尔荪·麦麦提 | G163: 2004 | H163: 预收帐款 | J163: 49837 | K163: 0108 | L163: C8-3-201 | N163: C8-3-201 | O163: 52328.85
B164: 新疆通力房地产开发有限公司阿克苏分公司 | C164: 2017 | D164: 2 | E164: 10 | F164: c7-2-502亚克甫·亚森 | G164: 2004 | H164: 预收帐款 | J164: 9524 | K164: 0109 | L164: C7-2-502 | N164: C7-2-502 | O164: 10000.2
B165: 新疆通力房地产开发有限公司阿克苏分公司 | C165: 2017 | D165: 2 | E165: 11 | F165: c11-4-201牙力昆江·吾斯曼 | G165: 2004 | H165: 预收帐款 | J165: 34144 | K165: 0110 | L165: C11-4-201 | N165: C11-4-201 | O165: 35851.2
B166: 新疆通力房地产开发有限公司阿克苏分公司 | C166: 2017 | D166: 2 | E166: 12 | F166: c3-2-502艾山·吐尔洪 | G166: 2004 | H166: 预收帐款 | J166: 44408 | K166: 0115 | L166: C3-2-502 | N166: C3-2-502 | O166: 46628.4
B167: 新疆通力房地产开发有限公司阿克苏分公司 | C167: 2017 | D167: 2 | E167: 13 | F167: c3-3-402吾布力·牙生 | G167: 2004 | H167: 预收帐款 | J167: 4762 | K167: 0107 | L167: C3-3-402 | N167: C3-3-402 | O167: 5000
B168: 新疆通力房地产开发有限公司阿克苏分公司 | C168: 2017 | D168: 2 | E168: 17 | F168: c3-2-402买合木提·卡迪尔 | G168: 2004 | H168: 预收帐款 | J168: 4762 | K168: 0128 | L168: C3-2-402 | N168: C3-2-402 | O168: 5000.1 | P168: =O168-J168 -> 238.1
B169: 新疆通力房地产开发有限公司阿克苏分公司 | C169: 2017 | D169: 2 | E169: 18 | F169: c11-4-302依斯玛依力 | G169: 2004 | H169: 预收帐款 | J169: 38095 | K169: 0111 | L169: C11-4-302 | N169: C11-4-302 | O169: 39999.75
B170: 新疆通力房地产开发有限公司阿克苏分公司 | C170: 2017 | D170: 2 | E170: 19 | F170: c8-2-201阿布都热合曼·乌斯曼 | G170: 2004 | H170: 预收帐款 | J170: 49837 | K170: 0112 | L170: C8-2-201 | N170: C8-2-201 | O170: 52328.85
B171: 新疆通力房地产开发有限公司阿克苏分公司 | C171: 2017 | D171: 2 | E171: 20 | F171: c11-4-302依斯玛依力·喀斯木 | G171: 2004 | H171: 预收帐款 | J171: 43465 | K171: 0111 | L171: C11-4-302 | N171: C11-4-302 | O171: 45638.25
B172: 新疆通力房地产开发有限公司阿克苏分公司 | C172: 2017 | D172: 2 | E172: 22 | F172: c11-4-301阿依吐热汗·吾许尔 | G172: 2004 | H172: 预收帐款 | J172: 43668 | K172: 0113 | L172: C11-4-301 | N172: C11-4-301 | O172: 45851.4
B173: 新疆通力房地产开发有限公司阿克苏分公司 | C173: 2017 | D173: 2 | E173: 23 | F173: c8-1-601阿依古丽·吾斯曼 | G173: 2004 | H173: 预收帐款 | J173: 46028 | K173: 0114 | L173: C8-1-601 | N173: C8-1-601 | O173: 48329.4
B174: 新疆通力房地产开发有限公司阿克苏分公司 | C174: 2017 | D174: 2 | E174: 24 | F174: c3-2-502艾山·吐尔洪 | G174: 2004 | H174: 预收帐款 | J174: 9524 | K174: 0115 | L174: C3-2-502 | N174: C3-2-502 | O174: 10000.2
B175: 新疆通力房地产开发有限公司阿克苏分公司 | C175: 2017 | D175: 2 | E175: 25 | F175: c11-4-202艾麦尔·努尔克 | G175: 2004 | H175: 预收帐款 | J175: 43465 | K175: 0116 | L175: C11-4-202 | N175: C11-4-202 | O175: 45638.25
B176: 新疆通力房地产开发有限公司阿克苏分公司 | C176: 2017 | D176: 2 | E176: 26 | F176: c3-3-502玛依热·肉孜 | G176: 2004 | H176: 预收帐款 | J176: 54286 | K176: 0106 | L176: C3-3-502 | N176: C3-3-502 | O176: 57000.3 | P176: =O176-J176 -> 2714.3
B177: 新疆通力房地产开发有限公司阿克苏分公司 | C177: 2017 | D177: 2 | E177: 27 | F177: c3-3-401迪力夏提·木热提 | G177: 2004 | H177: 预收帐款 | J177: 36654 | K177: 0102 | L177: C3-3-401 | N177: C3-3-401 | O177: 38486.7
B178: 新疆通力房地产开发有限公司阿克苏分公司 | C178: 2017 | D178: 2 | E178: 28 | F178: c11-1-102木沙·艾麦尔 | G178: 2004 | H178: 预收帐款 | J178: 4620 | K178: 0095 | L178: C11-1-102 | N178: C11-1-102 | O178: 4851
B179: 新疆通力房地产开发有限公司阿克苏分公司 | C179: 2017 | D179: 2 | E179: 29 | F179: c3-3-501玉山·吐热克 | G179: 2004 | H179: 预收帐款 | J179: 40598 | K179: 0117 | L179: C3-3-501 | N179: C3-3-501 | O179: 42627.9
B180: 新疆通力房地产开发有限公司阿克苏分公司 | C180: 2017 | D180: 2 | E180: 30 | F180: c11-3-202吐尔洪·乃麦提 | G180: 2004 | H180: 预收帐款 | J180: 24620 | K180: 0096 | L180: C11-3-202 | N180: C11-3-202 | O180: 25851
B181: 新疆通力房地产开发有限公司阿克苏分公司 | C181: 2017 | D181: 2 | E181: 31 | F181: c11-2-301吐尔逊·如斯坦木 | G181: 2004 | H181: 预收帐款 | J181: 43668 | K181: 0118 | L181: C11-2-301 | N181: C11-2-301 | O181: 45851.4
B182: 新疆通力房地产开发有限公司阿克苏分公司 | C182: 2017 | D182: 2 | E182: 34 | F182: c11-3-201阿不来提·阿不拉拜地 | G182: 2004 | H182: 预收帐款 | J182: 34144 | K182: 0093 | L182: c11-3-201 | N182: c11-3-201 | O182: 35851.2
B183: 新疆通力房地产开发有限公司阿克苏分公司 | C183: 2017 | D183: 3 | E183: 4 | F183: c7-1-502艾合买提·胡达拜地 | G183: 2004 | H183: 预收帐款 | J183: 9524 | K183: 0119 | L183: C7-1-502 | N183: C7-1-502 | O183: 10000.2
B184: 新疆通力房地产开发有限公司阿克苏分公司 | C184: 2017 | D184: 3 | E184: 5 | F184: c11-3-302吐拉克孜·萨依木 | G184: 2004 | H184: 预收帐款 | J184: 38095 | K184: 0120 | L184: C11-3-302 | N184: C11-3-302 | O184: 39999.75
B185: 新疆通力房地产开发有限公司阿克苏分公司 | C185: 2017 | D185: 3 | E185: 6 | F185: C7-1-401麦麦提斯迪克·那斯尔 | G185: 2004 | H185: 预收帐款 | J185: 41150 | K185: 0121 | L185: C7-1-401 | N185: C7-1-401 | O185: 43207.5
B186: 新疆通力房地产开发有限公司阿克苏分公司 | C186: 2017 | D186: 3 | E186: 7 | F186: c13-3-402阿依古丽·艾麦尔 | G186: 2004 | H186: 预收帐款 | J186: 9524 | K186: 0122 | L186: C13-3-402 | N186: C13-3-402 | O186: 10000.2
B187: 新疆通力房地产开发有限公司阿克苏分公司 | C187: 2017 | D187: 3 | E187: 8 | F187: c11-2-101吐尔逊古丽·吐尔迪 | G187: 2004 | H187: 预收帐款 | J187: 34144 | K187: 0123 | L187: C11-2-101 | N187: C11-2-101 | O187: 35851.2
B188: 新疆通力房地产开发有限公司阿克苏分公司 | C188: 2017 | D188: 3 | E188: 9 | F188: c11-2-101吐尔逊古丽·吐尔迪 | G188: 2004 | H188: 预收帐款 | J188: 9524 | K188: 0123 | L188: C11-2-101 | N188: C11-2-101 | O188: 10000.2
... B193: 新疆通力房地产开发有限公司阿克苏分公司 | C193: 2017 | D193: 3 | E193: 14 | F193: c7-1-402妮亚斯罕·阿卜杜外力 | G193: 2004 | H193: 预收帐款 | J193: 28571 | K193: 0127 | L193: C7-1-402 | N193: C7-1-402 | O193: 29999.55
B194: 新疆通力房地产开发有限公司阿克苏分公司 | C194: 2017 | D194: 3 | E194: 15 | F194: c3-2-402换为c7-2-402 | G194: 2004 | H194: 预收帐款 | J194: -4762 | K194: 0128 | L194: C3-2-402 | N194: C3-2-402 | O194: -5000.1 | P194: =O194-J194 -> -238.1
B195: 新疆通力房地产开发有限公司阿克苏分公司 | C195: 2017 | D195: 3 | E195: 15 | F195: c3-2-402换为c7-2-402 | G195: 2004 | H195: 预收帐款 | J195: 4762 | K195: 0129 | L195: C7-2-402 | N195: C7-2-402 | O195: 5000.1
B196: 新疆通力房地产开发有限公司阿克苏分公司 | C196: 2017 | D196: 3 | E196: 16 | F196: c11-3-102阿米娜木·亚生 | G196: 2004 | H196: 预收帐款 | J196: 34144 | K196: 0130 | L196: C11-3-102 | N196: C11-3-102 | O196: 35851.2
B197: 新疆通力房地产开发有限公司阿克苏分公司 | C197: 2017 | D197: 3 | E197: 17 | F197: c3-2-402麦合木提·卡迪尔 | G197: 2004 | H197: 预收帐款 | J197: 46177 | K197: 0128 | L197: C3-2-402 | N197: C3-2-402 | O197: 48485.85 | P197: =O197-J197 -> 2308.85
B198: 新疆通力房地产开发有限公司阿克苏分公司 | C198: 2017 | D198: 3 | E198: 18 | F198: c7-2-202赛米江·阿里木 | G198: 2004 | H198: 预收帐款 | J198: 28571 | K198: 0131 | L198: C7-2-202 | N198: C7-2-202 | O198: 29999.55
B199: 新疆通力房地产开发有限公司阿克苏分公司 | C199: 2017 | D199: 3 | E199: 19 | F199: c11-3-101阿卜杜许库尔·努尔麦麦提 | G199: 2004 | H199: 预收帐款 | J199: 43668 | K199: 0132 | L199: C11-3-101 | N199: C11-3-101 | O199: 45851.4
B200: 新疆通力房地产开发有限公司阿克苏分公司 | C200: 2017 | D200: 3 | E200: 20 | F200: c4-1-601约赛尹·玉苏普艾麦提 | G200: 2004 | H200: 预收帐款 | J200: 4762 | K200: 0133 | L200: C4-1-601 | N200: C4-1-601 | O200: 5000.1
B201: 新疆通力房地产开发有限公司阿克苏分公司 | C201: 2017 | D201: 3 | E201: 21 | F201: c3-3-201阿布都热西提·阿布都克然木 | G201: 2004 | H201: 预收帐款 | J201: 51753 | K201: 0134 | L201: C3-3-201 | N201: C3-3-201 | O201: 54340.65
B202: 新疆通力房地产开发有限公司阿克苏分公司 | C202: 2017 | D202: 3 | E202: 22 | F202: c11-1-302莫合旦尔·艾合旦木 | G202: 2004 | H202: 预收帐款 | J202: 19048 | K202: 0100 | L202: C11-1-302 | N202: C11-1-302 | O202: 20000.4
B203: 新疆通力房地产开发有限公司阿克苏分公司 | C203: 2017 | D203: 3 | E203: 23 | F203: c13-3-203巴哈尔·阿卜杜外力 | G203: 2004 | H203: 预收帐款 | J203: 6667 | K203: 0135 | L203: C13-3-203 | N203: C13-3-203 | O203: 7000.35
B204: 新疆通力房地产开发有限公司阿克苏分公司 | C204: 2017 | D204: 3 | E204: 24 | F204: c7-3-502阿孜古力·阿布都艾尼 | G204: 2004 | H204: 预收帐款 | J204: 9524 | K204: 0136 | L204: C7-3-502 | N204: C7-3-502 | O204: 10000.2
B205: 新疆通力房地产开发有限公司阿克苏分公司 | C205: 2017 | D205: 3 | E205: 25 | F205: C3-2-401肉孜·艾买提 | G205: 2004 | H205: 预收帐款 | J205: 9524 | K205: 0162 | L205: C3-2-401 | N205: C3-2-401 | O205: 10000.2
B206: 新疆通力房地产开发有限公司阿克苏分公司 | C206: 2017 | D206: 3 | E206: 33 | F206: c11-2-502肉孜·阿吾提 | G206: 2004 | H206: 预收帐款 | J206: 1905 | K206: 0047 | L206: C11-2-502 | N206: C11-2-502 | O206: 2000.25
B207: 新疆通力房地产开发有限公司阿克苏分公司 | C207: 2017 | D207: 4 | E207: 1 | F207: C8-2-301那买提·阿依甫 | G207: 2004 | H207: 预收帐款 | J207: 4762 | K207: 0138 | L207: C8-2-301 | N207: C8-2-301 | O207: 5000.1
B208: 新疆通力房地产开发有限公司阿克苏分公司 | C208: 2017 | D208: 4 | E208: 2 | F208: C13-3-201阿斯亚姆·艾克力 | G208: 2004 | H208: 预收帐款 | J208: 3810 | K208: 0139 | L208: C13-3-201 | N208: C13-3-201 | O208: 4000.5
B209: 新疆通力房地产开发有限公司阿克苏分公司 | C209: 2017 | D209: 4 | E209: 3 | F209: C4-2-602努尔艾力·依明 | G209: 2004 | H209: 预收帐款 | J209: 4762 | K209: 0140 | L209: C4-2-602 | N209: C4-2-602 | O209: 5000.1
... B215: 新疆通力房地产开发有限公司阿克苏分公司 | C215: 2017 | D215: 4 | E215: 9 | F215: C7-1-201吾斯曼·吾守尔 | G215: 2004 | H215: 预收帐款 | J215: 9524 | K215: 0143 | L215: C7-1-201 | N215: C7-1-201 | O215: 10000.2
B216: 新疆通力房地产开发有限公司阿克苏分公司 | C216: 2017 | D216: 4 | E216: 10 | F216: C3-1-502牙生江·马木提 | G216: 2004 | H216: 预收帐款 | J216: 39983 | K216: 0144 | L216: C3-1-502 | N216: C3-1-502 | O216: 41982.15 | P216: =O216-J216 -> 1999.15
B217: 新疆通力房地产开发有限公司阿克苏分公司 | C217: 2017 | D217: 4 | E217: 10 | F217: C3-3-502玛依热·肉孜 | G217: 2004 | H217: 预收帐款 | J217: -11429 | K217: 0106 | L217: C3-3-502 | N217: C3-3-502 | O217: -12000.45 | P217: =O217-J217 -> -571.45
B218: 新疆通力房地产开发有限公司阿克苏分公司 | C218: 2017 | D218: 4 | E218: 11 | F218: C11-4-102麦麦提阿卜拉·艾麦提 | G218: 2004 | H218: 预收帐款 | J218: 9524 | K218: 0125 | L218: C11-4-102 | N218: C11-4-102 | O218: 10000.2
B219: 新疆通力房地产开发有限公司阿克苏分公司 | C219: 2017 | D219: 4 | E219: 12 | F219: C4-3-202如先古丽·牙生 | G219: 2004 | H219: 预收帐款 | J219: 105074 | K219: 0145 | L219: C4-3-202 | N219: C4-3-202 | O219: 110327.7
B220: 新疆通力房地产开发有限公司阿克苏分公司 | C220: 2017 | D220: 4 | E220: 13 | F220: 换据（C7-3-402换为C7-1-501） | G220: 2004 | H220: 预收帐款 | J220: -9524 | K220: 0071 | L220: C7-3-402 | N220: C7-3-402 | O220: -10000.2
B221: 新疆通力房地产开发有限公司阿克苏分公司 | C221: 2017 | D221: 4 | E221: 13 | F221: 换据（C7-3-402换为C7-1-501） | G221: 2004 | H221: 预收帐款 | J221: 9524 | K221: 0146 | L221: C7-1-501 | N221: C7-1-501 | O221: 10000.2
B222: 新疆通力房地产开发有限公司阿克苏分公司 | C222: 2017 | D222: 4 | E222: 14 | F222: C8-1-302布亥尔且木·胡达拜迪 | G222: 2004 | H222: 预收帐款 | J222: 45075 | K222: 0147 | L222: C8-1-302 | N222: C8-1-302 | O222: 47328.75
B223: 新疆通力房地产开发有限公司阿克苏分公司 | C223: 2017 | D223: 4 | E223: 15 | F223: C7-2-401哈尼克孜·麦麦提 | G223: 2004 | H223: 预收帐款 | J223: 4762 | K223: 0148 | L223: C7-2-401 | N223: C7-2-401 | O223: 5000.1
B224: 新疆通力房地产开发有限公司阿克苏分公司 | C224: 2017 | D224: 4 | E224: 17 | F224: C7-3-102吐热古丽·阿西木 | G224: 2004 | H224: 预收帐款 | J224: 9524 | K224: 0149 | L224: C7-3-102 | N224: C7-3-102 | O224: 10000.2
B225: 新疆通力房地产开发有限公司阿克苏分公司 | C225: 2017 | D225: 4 | E225: 18 | F225: C11-1-102木沙·艾麦尔 | G225: 2004 | H225: 预收帐款 | J225: 8571 | K225: 0095 | L225: C11-1-102 | N225: C11-1-102 | O225: 8999.55
B226: 新疆通力房地产开发有限公司阿克苏分公司 | C226: 2017 | D226: 4 | E226: 19 | F226: C11-4-101麦合木提·阿卜力克木 | G226: 2004 | H226: 预收帐款 | J226: 43668 | K226: 0150 | L226: C11-4-101 | N226: C11-4-101 | O226: 45851.4
B227: 新疆通力房地产开发有限公司阿克苏分公司 | C227: 2017 | D227: 4 | E227: 20 | F227: C7-3-402古丽加玛丽 | G227: 2004 | H227: 预收帐款 | J227: 9524 | K227: 0071 | L227: C7-3-402 | N227: C7-3-402 | O227: 10000.2
B228: 新疆通力房地产开发有限公司阿克苏分公司 | C228: 2017 | D228: 4 | E228: 21 | F228: C7-3-202麦合木提·恰瓦尔 | G228: 2004 | H228: 预收帐款 | J228: 4762 | K228: 0151 | L228: C7-3-202 | N228: C7-3-202 | O228: 5000.1
B229: 新疆通力房地产开发有限公司阿克苏分公司 | C229: 2017 | D229: 4 | E229: 22 | F229: C8-1-302布亥尔且木·胡达拜迪 | G229: 2004 | H229: 预收帐款 | J229: 4762 | K229: 0147 | L229: C8-1-302 | N229: C8-1-302 | O229: 5000.1
... B236: 新疆通力房地产开发有限公司阿克苏分公司 | C236: 2017 | D236: 4 | E236: 33 | F236: C8-3-201图尔荪·麦麦提 | G236: 2004 | H236: 预收帐款 | J236: 147619 | K236: 0108 | L236: C8-3-201 | N236: C8-3-201 | O236: 154999.95
B237: 新疆通力房地产开发有限公司阿克苏分公司 | C237: 2017 | D237: 4 | E237: 34 | F237: C3-2-202阿曼古丽·艾尔肯 | G237: 2004 | H237: 预收帐款 | J237: 24532 | K237: 0152 | L237: C3-2-202 | N237: C3-2-202 | O237: 25758.6 | P237: =O237-J237 -> 1226.6
...

Sheet 预收账款2013-2023年接表明细
A1: 账簿 | B1: 年 | C1: 月 | D1: 凭证号 | E1: 摘要 | F1: 科目代码 | G1: 科目名称 | H1: 借 | I1: 贷 | J1: 单位代码 | K1: 单位名称 | L1: 部门代码 | M1: 部门名称 | N1: 确认后的房号 | O1: 贷方计算后的含税金额 | P1: 备注 | Q1: 确认后的房号 | R1: 贷方计算后的含税金额
A2: 阿克苏通力房地产开发有限公司 | B2: 2014 | C2: 11 | D2: 62 | E2: 还通力房产公司款 | F2: 204 | G2: 预收账款 | I2: 341766 | J2: 0001 | K2: 7-2-902 | L2: 0004 | M2: 康泰公寓 | N2: 7-2-902 | O2: =I2 -> 341766 | Q2: 7-2-902 | R2: 341766
A3: 阿克苏通力房地产开发有限公司 | B3: 2014 | C3: 11 | D3: 62 | E3: 还通力房产公司款 | F3: 204 | G3: 预收账款 | I3: 341766 | J3: 0002 | K3: 7-2-901 | L3: 0004 | M3: 康泰公寓 | N3: 7-2-901 | O3: =I3 -> 341766 | Q3: 7-2-901 | R3: 341766
A4: 阿克苏通力房地产开发有限公司 | B4: 2014 | C4: 12 | D4: 53 | E4: 7-2-802房款 | F4: 204 | G4: 预收账款 | I4: 366550 | J4: 0003 | K4: 7-2-802 | L4: 0004 | M4: 康泰公寓 | N4: 7-2-802 | O4: =I4 -> 366550 | Q4: 7-2-802 | R4: 366550
A5: 阿克苏通力房地产开发有限公司 | B5: 2014 | C5: 12 | D5: 64 | E5: 借款转房款 | F5: 204 | G5: 预收账款 | I5: 431074 | J5: 0004 | K5: 2-1-102 | L5: 0004 | M5: 康泰公寓 | N5: 2-1-102 | O5: =I5 -> 431074 | Q5: 2-1-102 | R5: 431074
A6: 阿克苏通力房地产开发有限公司 | B6: 2014 | C6: 12 | D6: 64 | E6: 借款转房款 | F6: 204 | G6: 预收账款 | I6: 458720 | J6: 0005 | K6: 2-1-201 | L6: 0004 | M6: 康泰公寓 | N6: 2-1-201 | O6: =I6 -> 458720 | Q6: 2-1-201 | R6: 458720
A7: 阿克苏通力房地产开发有限公司 | B7: 2014 | C7: 12 | D7: 64 | E7: 借款转房款 | F7: 204 | G7: 预收账款 | I7: 457253 | J7: 0006 | K7: 2-1-202 | L7: 0004 | M7: 康泰公寓 | N7: 2-1-202 | O7: =I7 -> 457253 | Q7: 2-1-202 | R7: 457253
A8: 阿克苏通力房地产开发有限公司 | B8: 2014 | C8: 12 | D8: 64 | E8: 借款转房款 | F8: 204 | G8: 预收账款 | I8: 452266 | J8: 0007 | K8: 2-1-302 | L8: 0004 | M8: 康泰公寓 | N8: 2-1-302 | O8: =I8 -> 452266 | Q8: 2-1-302 | R8: 452266
A9: 阿克苏通力房地产开发有限公司 | B9: 2014 | C9: 12 | D9: 64 | E9: 借款转房款 | F9: 204 | G9: 预收账款 | I9: 444963 | J9: 0008 | K9: 2-1-401 | L9: 0004 | M9: 康泰公寓 | N9: 2-1-401 | O9: =I9 -> 444963 | Q9: 2-1-401 | R9: 444963
A10: 阿克苏通力房地产开发有限公司 | B10: 2014 | C10: 12 | D10: 64 | E10: 借款转房款 | F10: 204 | G10: 预收账款 | I10: 431074 | J10: 0009 | K10: 2-1-402 | L10: 0004 | M10: 康泰公寓 | N10: 2-1-402 | O10: =I10 -> 431074 | Q10: 2-1-402 | R10: 431074
A11: 阿克苏通力房地产开发有限公司 | B11: 2014 | C11: 12 | D11: 64 | E11: 借款转房款 | F11: 204 | G11: 预收账款 | I11: 394923 | J11: 0010 | K11: 2-1-502 | L11: 0004 | M11: 康泰公寓 | N11: 2-1-502 | O11: =I11 -> 394923 | Q11: 2-1-502 | R11: 394923
A12: 阿克苏通力房地产开发有限公司 | B12: 2014 | C12: 12 | D12: 64 | E12: 借款转房款 | F12: 204 | G12: 预收账款 | I12: 453513 | J12: 0011 | K12: 2-2-101 | L12: 0004 | M12: 康泰公寓 | N12: 2-2-101 | O12: =I12 -> 453513 | Q12: 2-2-101 | R12: 453513
A13: 阿克苏通力房地产开发有限公司 | B13: 2014 | C13: 12 | D13: 64 | E13: 借款转房款 | F13: 204 | G13: 预收账款 | I13: 457253 | J13: 0012 | K13: 2-2-201 | L13: 0004 | M13: 康泰公寓 | N13: 2-2-201 | O13: =I13 -> 457253 | Q13: 2-2-201 | R13: 457253
... A82: 阿克苏通力房地产开发有限公司 | B82: 2014 | C82: 12 | D82: 64 | E82: 借款转房款 | F82: 204 | G82: 预收账款 | I82: 333458 | J82: 0083 | K82: 7-5-402 | L82: 0004 | M82: 康泰公寓 | N82: 7-5-402 | O82: =I82 -> 333458 | Q82: 7-5-402 | R82: 333458
A83: 阿克苏通力房地产开发有限公司 | B83: 2015 | C83: 1 | D83: 14 | E83: 收王金川康泰1-5-201-614房款 | F83: 204 | G83: 预收账款 | I83: 1000000 | J83: 0115 | K83: 1#楼2-6层 | L83: 0001 | M83: 公司本部 | N83: 1#楼2-6层 | O83: =I83 -> 1000000 | Q83: 1#楼2-6层 | R83: 1000000 | S83: =R83-I83 -> 0
A84: 阿克苏通力房地产开发有限公司 | B84: 2015 | C84: 1 | D84: 30 | E84: 收陈现忠康泰2-3-202房款 | F84: 204 | G84: 预收账款 | I84: 148 | J84: 0086 | K84: 2-3-202 | L84: 0001 | M84: 公司本部 | N84: 2-3-202 | O84: =I84 -> 148 | Q84: 2-3-202 | R84: 148
A85: 阿克苏通力房地产开发有限公司 | B85: 2015 | C85: 1 | D85: 42 | E85: 2-3-202房款 | F85: 204 | G85: 预收账款 | I85: 159000 | J85: 0086 | K85: 2-3-202 | L85: 0001 | M85: 公司本部 | N85: 2-3-202 | O85: =I85 -> 159000 | Q85: 2-3-202 | R85: 159000
A86: 阿克苏通力房地产开发有限公司 | B86: 2015 | C86: 1 | D86: 47 | E86: 7-1-902房款 | F86: 204 | G86: 预收账款 | I86: 241762 | J86: 0087 | K86: 7-1-902 | L86: 0001 | M86: 公司本部 | N86: 7-1-902 | O86: =I86 -> 241762 | Q86: 7-1-902 | R86: 241762
A87: 阿克苏通力房地产开发有限公司 | B87: 2015 | C87: 1 | D87: 48 | E87: 4-2-601、7-3-901、7-3-802 | F87: 204 | G87: 预收账款 | I87: 341766 | J87: 0117 | K87: 7-3-901 | L87: 0001 | M87: 公司本部 | N87: 7-3-901 | O87: =I87 -> 341766 | Q87: 7-3-901 | R87: 341766
A88: 阿克苏通力房地产开发有限公司 | B88: 2015 | C88: 1 | D88: 48 | E88: 4-2-601、7-3-901、7-3-802 | F88: 204 | G88: 预收账款 | I88: 367910 | J88: 0077 | K88: 7-3-802 | L88: 0001 | M88: 公司本部 | N88: 7-3-802 | O88: =I88 -> 367910 | Q88: 7-3-802 | R88: 367910
A89: 阿克苏通力房地产开发有限公司 | B89: 2015 | C89: 2 | D89: 3 | E89: 收王金川康泰1-5-201-614房款 | F89: 204 | G89: 预收账款 | I89: 1000000 | J89: 0115 | K89: 1#楼2-6层 | L89: 0001 | M89: 公司本部 | N89: 1#楼2-6层 | O89: =I89 -> 1000000 | Q89: 1#楼2-6层 | R89: 1000000 | S89: =R89-I89 -> 0
A90: 阿克苏通力房地产开发有限公司 | B90: 2015 | C90: 2 | D90: 4 | E90: 收王金川康泰1-5-201-614 | F90: 204 | G90: 预收账款 | I90: 3000000 | J90: 0115 | K90: 1#楼2-6层 | L90: 0001 | M90: 公司本部 | N90: 1#楼2-6层 | O90: =I90 -> 3000000 | Q90: 1#楼2-6层 | R90: 3000000 | S90: =R90-I90 -> 0
A91: 阿克苏通力房地产开发有限公司 | B91: 2015 | C91: 3 | D91: 20 | E91: 7-2-701房款 | F91: 204 | G91: 预收账款 | I91: 363759 | J91: 0084 | K91: 7-2-701 | L91: 0001 | M91: 公司本部 | N91: 7-2-701 | O91: =I91 -> 363759 | Q91: 7-2-701 | R91: 363759
A92: 阿克苏通力房地产开发有限公司 | B92: 2015 | C92: 3 | D92: 21 | E92: 2-2-102款 | F92: 204 | G92: 预收账款 | I92: 457253 | J92: 0085 | K92: 2-2-102 | L92: 0001 | M92: 公司本部 | N92: 2-2-102 | O92: =I92 -> 457253 | Q92: 2-2-102 | R92: 457253
A93: 阿克苏通力房地产开发有限公司 | B93: 2015 | C93: 3 | D93: 45 | E93: 2-1-601、4-2-603、7-1-202、7-1-502 | F93: 204 | G93: 预收账款 | I93: 294600 | J93: 0118 | K93: 2-1-601 | L93: 0001 | M93: 公司本部 | N93: 2-1-601 | O93: =I93 -> 294600 | Q93: 2-1-601 | R93: 294600
A94: 阿克苏通力房地产开发有限公司 | B94: 2015 | C94: 3 | D94: 45 | E94: 2-1-601、4-2-603、7-1-202、7-1-502 | F94: 204 | G94: 预收账款 | I94: 379022 | J94: 0119 | K94: 4-2-603 | L94: 0001 | M94: 公司本部 | N94: 4-2-603 | O94: =I94 -> 379022 | Q94: 4-2-603 | R94: 379022
A95: 阿克苏通力房地产开发有限公司 | B95: 2015 | C95: 3 | D95: 45 | E95: 2-1-601、4-2-603、7-1-202、7-1-502 | F95: 204 | G95: 预收账款 | I95: 344624 | J95: 0120 | K95: 7-1-202 | L95: 0001 | M95: 公司本部 | N95: 7-1-202 | O95: =I95 -> 344624 | Q95: 7-1-202 | R95: 344624
A96: 阿克苏通力房地产开发有限公司 | B96: 2015 | C96: 3 | D96: 45 | E96: 2-1-601、4-2-603、7-1-202、7-1-502 | F96: 204 | G96: 预收账款 | I96: 280045 | J96: 0121 | K96: 7-1-502 | L96: 0001 | M96: 公司本部 | N96: 7-1-502 | O96: =I96 -> 280045 | Q96: 7-1-502 | R96: 280045
A97: 阿克苏通力房地产开发有限公司 | B97: 2015 | C97: 4 | D97: 32 | E97: 7-1-802房款 | F97: 204 | G97: 预收账款 | I97: 274065 | J97: 0092 | K97: 7-1-802 | L97: 0001 | M97: 公司本部 | N97: 7-1-802 | O97: =I97 -> 274065 | Q97: 7-1-802 | R97: 274065
A98: 阿克苏通力房地产开发有限公司 | B98: 2015 | C98: 4 | D98: 33 | E98: 7-1-501房款 | F98: 204 | G98: 预收账款 | I98: 306092 | J98: 0093 | K98: 7-1-501 | L98: 0001 | M98: 公司本部 | N98: 7-1-501 | O98: =I98 -> 306092 | Q98: 7-1-501 | R98: 306092
A99: 阿克苏通力房地产开发有限公司 | B99: 2015 | C99: 4 | D99: 34 | E99: 7-3-902房款 | F99: 204 | G99: 预收账款 | I99: 223710 | J99: 0094 | K99: 7-3-902 | L99: 0001 | M99: 公司本部 | N99: 7-3-902 | O99: =I99 -> 223710 | Q99: 7-3-902 | R99: 223710
A100: 阿克苏通力房地产开发有限公司 | B100: 2015 | C100: 4 | D100: 35 | E100: 4-3-603房款 | F100: 204 | G100: 预收账款 | I100: 266754 | J100: 0095 | K100: 4-3-603 | L100: 0001 | M100: 公司本部 | N100: 4-3-603 | O100: =I100 -> 266754 | Q100: 4-3-603 | R100: 266754
A101: 阿克苏通力房地产开发有限公司 | B101: 2015 | C101: 5 | D101: 9 | E101: 4-2-202 | F101: 204 | G101: 预收账款 | I101: 445950 | J101: 0091 | K101: 4-2-202 | L101: 0001 | M101: 公司本部 | N101: 4-2-202 | O101: =I101 -> 445950 | Q101: 4-2-202 | R101: 445950
A102: 阿克苏通力房地产开发有限公司 | B102: 2015 | C102: 5 | D102: 25 | E102: 7-3-902 | F102: 204 | G102: 预收账款 | I102: 55761 | J102: 0094 | K102: 7-3-902 | L102: 0001 | M102: 公司本部 | N102: 7-3-902 | O102: =I102 -> 55761 | Q102: 7-3-902 | R102: 55761
... A111: 阿克苏通力房地产开发有限公司 | B111: 2015 | C111: 7 | D111: 6 | E111: 7-4-302 | F111: 204 | G111: 预收账款 | I111: 293250 | J111: 0102 | K111: 7-4-302 | L111: 0001 | M111: 公司本部 | N111: 7-4-302 | O111: =I111 -> 293250 | Q111: 7-4-302 | R111: 293250
A112: 阿克苏通力房地产开发有限公司 | B112: 2015 | C112: 7 | D112: 20 | E112: 收1#楼2-6层款 | F112: 204 | G112: 预收账款 | I112: 500000 | J112: 0115 | K112: 1#楼2-6层 | L112: 0001 | M112: 公司本部 | N112: 1#楼2-6层 | O112: =I112 -> 500000 | Q112: 1#楼2-6层 | R112: 500000 | S112: =R112-I112 -> 0
A113: 阿克苏通力房地产开发有限公司 | B113: 2015 | C113: 7 | D113: 21 | E113: 2-3-102 | F113: 204 | G113: 预收账款 | I113: 404069 | J113: 0110 | K113: 2-3-102 | L113: 0001 | M113: 公司本部 | N113: 2-3-102 | O113: =I113 -> 404069 | Q113: 2-3-102 | R113: 404069
A114: 阿克苏通力房地产开发有限公司 | B114: 2015 | C114: 8 | D114: 1 | E114: 7-3-701 | F114: 204 | G114: 预收账款 | I114: 269082 | J114: 0103 | K114: 7-3-701 | L114: 0001 | M114: 公司本部 | N114: 7-3-701 | O114: =I114 -> 269082 | Q114: 7-3-701 | R114: 269082
A115: 阿克苏通力房地产开发有限公司 | B115: 2015 | C115: 8 | D115: 29 | E115: 2-3-202 | F115: 204 | G115: 预收账款 | I115: 140000 | J115: 0086 | K115: 2-3-202 | L115: 0001 | M115: 公司本部 | N115: 2-3-202 | O115: =I115 -> 140000 | Q115: 2-3-202 | R115: 140000
A116: 阿克苏通力房地产开发有限公司 | B116: 2015 | C116: 9 | D116: 11 | E116: 通力房产垫付工程款 | F116: 204 | G116: 预收账款 | I116: 354277 | J116: 0104 | K116: 4-2-503 | L116: 0001 | M116: 公司本部 | N116: 4-2-503 | O116: =I116 -> 354277 | Q116: 4-2-503 | R116: 354277
A117: 阿克苏通力房地产开发有限公司 | B117: 2015 | C117: 9 | D117: 12 | E117: 1-1-902、7-2-601 | F117: 204 | G117: 预收账款 | I117: 341579.2 | J117: 0105 | K117: 1-1-902 | L117: 0001 | M117: 公司本部 | N117: 1-1-902 | O117: =I117 -> 341579.2 | Q117: 1-1-902 | R117: 341579.2
A118: 阿克苏通力房地产开发有限公司 | B118: 2015 | C118: 9 | D118: 12 | E118: 1-1-902、7-2-601 | F118: 204 | G118: 预收账款 | I118: 304959.6 | J118: 0106 | K118: 7-2-601 | L118: 0001 | M118: 公司本部 | N118: 7-2-601 | O118: =I118 -> 304959.6 | Q118: 7-2-601 | R118: 304959.6
A119: 阿克苏通力房地产开发有限公司 | B119: 2015 | C119: 9 | D119: 13 | E119: 7-2-602 | F119: 204 | G119: 预收账款 | I119: 304959.6 | J119: 0107 | K119: 7-2-602 | L119: 0001 | M119: 公司本部 | N119: 7-2-602 | O119: =I119 -> 304959.6 | Q119: 7-2-602 | R119: 304959.6
A120: 阿克苏通力房地产开发有限公司 | B120: 2015 | C120: 9 | D120: 14 | E120: 7-3-302 | F120: 204 | G120: 预收账款 | I120: 267089 | J120: 0111 | K120: 7-3-302 | L120: 0001 | M120: 公司本部 | N120: 7-3-302 | O120: =I120 -> 267089 | Q120: 7-3-302 | R120: 267089
A121: 阿克苏通力房地产开发有限公司 | B121: 2015 | C121: 9 | D121: 15 | E121: 7-1-302 | F121: 204 | G121: 预收账款 | I121: 269082 | J121: 0108 | K121: 7-1-302 | L121: 0001 | M121: 公司本部 | N121: 7-1-302 | O121: =I121 -> 269082 | Q121: 7-1-302 | R121: 269082
A122: 阿克苏通力房地产开发有限公司 | B122: 2015 | C122: 9 | D122: 16 | E122: 1-1-802 | F122: 204 | G122: 预收账款 | I122: 173379 | J122: 0109 | K122: 1-1-802 | L122: 0001 | M122: 公司本部 | N122: 1-1-802 | O122: =I122 -> 173379 | Q122: 1-1-802 | R122: 173379
A123: 阿克苏通力房地产开发有限公司 | B123: 2015 | C123: 9 | D123: 18 | E123: 6-3-202 | F123: 204 | G123: 预收账款 | I123: 301475 | J123: 0123 | K123: 6-3-202 | L123: 0001 | M123: 公司本部 | N123: 6-3-202 | O123: =I123 -> 301475 | Q123: 6-3-202 | R123: 301475
A124: 阿克苏通力房地产开发有限公司 | B124: 2015 | C124: 10 | D124: 1 | E124: 还通力房产阿克苏分公司款 | F124: 204 | G124: 预收账款 | I124: 57061 | J124: 0086 | K124: 2-3-202 | L124: 0001 | M124: 公司本部 | N124: 2-3-202 | O124: =I124 -> 57061 | Q124: 2-3-202 | R124: 57061
... A127: 阿克苏通力房地产开发有限公司 | B127: 2015 | C127: 10 | D127: 5 | E127: 6-2-102 | F127: 204 | G127: 预收账款 | I127: 260047 | J127: 0114 | K127: 6-2-102 | L127: 0001 | M127: 公司本部 | N127: 6-2-102 | O127: =I127 -> 260047 | Q127: 6-2-102 | R127: 260047
A128: 阿克苏通力房地产开发有限公司 | B128: 2015 | C128: 10 | D128: 6 | E128: 1#楼2-6层房款 | F128: 204 | G128: 预收账款 | I128: 300000 | J128: 0115 | K128: 1#楼2-6层 | L128: 0001 | M128: 公司本部 | N128: 1#楼2-6层 | O128: =I128 -> 300000 | Q128: 1#楼2-6层 | R128: 300000 | S128: =R128-I128 -> 0
A129: 阿克苏通力房地产开发有限公司 | B129: 2015 | C129: 10 | D129: 12 | E129: 收1-1-802谭见辉款 | F129: 204 | G129: 预收账款 | I129: 9445 | J129: 0109 | K129: 1-1-802 | L129: 0001 | M129: 公司本部 | N129: 1-1-802 | O129: =I129 -> 9445 | Q129: 1-1-802 | R129: 9445
A130: 阿克苏通力房地产开发有限公司 | B130: 2015 | C130: 11 | D130: 2 | E130: 1#楼2-6层款 | F130: 204 | G130: 预收账款 | I130: 200000 | J130: 0115 | K130: 1#楼2-6层 | L130: 0001 | M130: 公司本部 | N130: 1#楼2-6层 | O130: =I130 -> 200000 | Q130: 1#楼2-6层 | R130: 200000 | S130: =R130-I130 -> 0
A131: 阿克苏通力房地产开发有限公司 | B131: 2016 | C131: 1 | D131: 5 | E131: 收多浪小镇房款 | F131: 204 | G131: 预收账款 | I131: 6848000 | J131: 0124 | K131: 多浪小镇廉租房 | L131: 0001 | M131: 公司本部 | N131: 多浪小镇廉租房 | O131: =I131 -> 6848000 | Q131: 多浪小镇廉租房 | R131: 6848000
A132: 阿克苏通力房地产开发有限公司 | B132: 2016 | C132: 4 | D132: 62 | E132: 借款转预收 | F132: 204 | G132: 预收账款 | I132: 296725 | J132: 0325 | K132: 1-1-602 | L132: 0001 | M132: 公司本部 | N132: 1-1-602 | O132: =I132 -> 296725 | Q132: 1-1-602 | R132: 296725
A133: 阿克苏通力房地产开发有限公司 | B133: 2016 | C133: 4 | D133: 62 | E133: 借款转预收 | F133: 204 | G133: 预收账款 | I133: 291592 | J133: 0326 | K133: 1-1-702 | L133: 0001 | M133: 公司本部 | N133: 1-1-702 | O133: =I133 -> 291592 | Q133: 1-1-702 | R133: 291592
A134: 阿克苏通力房地产开发有限公司 | B134: 2016 | C134: 4 | D134: 62 | E134: 借款转预收 | F134: 204 | G134: 预收账款 | I134: 101425 | J134: 0327 | K134: 1-2-502 | L134: 0001 | M134: 公司本部 | N134: 1-2-502 | O134: =I134 -> 101425 | Q134: 1-2-502 | R134: 101425
A135: 阿克苏通力房地产开发有限公司 | B135: 2016 | C135: 4 | D135: 62 | E135: 借款转预收 | F135: 204 | G135: 预收账款 | I135: 452967 | J135: 0328 | K135: 2-1-101 | L135: 0001 | M135: 公司本部 | N135: 2-1-101 | O135: =I135 -> 452967 | Q135: 2-1-101 | R135: 452967
A136: 阿克苏通力房地产开发有限公司 | B136: 2016 | C136: 4 | D136: 62 | E136: 借款转预收 | F136: 204 | G136: 预收账款 | I136: 453718 | J136: 0329 | K136: 2-1-301 | L136: 0001 | M136: 公司本部 | N136: 2-1-301 | O136: =I136 -> 453718 | Q136: 2-1-301 | R136: 453718
A137: 阿克苏通力房地产开发有限公司 | B137: 2016 | C137: 4 | D137: 62 | E137: 借款转预收 | F137: 204 | G137: 预收账款 | I137: 390437 | J137: 0330 | K137: 2-1-501 | L137: 0001 | M137: 公司本部 | N137: 2-1-501 | O137: =I137 -> 390437 | Q137: 2-1-501 | R137: 390437
A138: 阿克苏通力房地产开发有限公司 | B138: 2016 | C138: 4 | D138: 62 | E138: 借款转预收 | F138: 204 | G138: 预收账款 | I138: 230182 | J138: 0331 | K138: 2-1-602 | L138: 0001 | M138: 公司本部 | N138: 2-1-602 | O138: =I138 -> 230182 | Q138: 2-1-602 | R138: 230182
A139: 阿克苏通力房地产开发有限公司 | B139: 2016 | C139: 4 | D139: 62 | E139: 借款转预收 | F139: 204 | G139: 预收账款 | I139: 411378 | J139: 0332 | K139: 2-2-302 | L139: 0001 | M139: 公司本部 | N139: 2-2-302 | O139: =I139 -> 411378 | Q139: 2-2-302 | R139: 411378
A140: 阿克苏通力房地产开发有限公司 | B140: 2016 | C140: 4 | D140: 62 | E140: 借款转预收 | F140: 204 | G140: 预收账款 | I140: 394923 | J140: 0333 | K140: 2-2-501 | L140: 0001 | M140: 公司本部 | N140: 2-2-501 | O140: =I140 -> 394923 | Q140: 2-2-501 | R140: 394923
A141: 阿克苏通力房地产开发有限公司 | B141: 2016 | C141: 4 | D141: 62 | E141: 借款转预收 | F141: 204 | G141: 预收账款 | I141: 345391 | J141: 0334 | K141: 2-2-601 | L141: 0001 | M141: 公司本部 | N141: 2-2-601 | O141: =I141 -> 345391 | Q141: 2-2-601 | R141: 345391
A142: 阿克苏通力房地产开发有限公司 | B142: 2016 | C142: 4 | D142: 62 | E142: 借款转预收 | F142: 204 | G142: 预收账款 | I142: 366856 | J142: 0335 | K142: 3-1-202 | L142: 0001 | M142: 公司本部 | N142: 3-1-202 | O142: =I142 -> 366856 | Q142: 3-1-202 | R142: 366856
... A152: 阿克苏通力房地产开发有限公司 | B152: 2016 | C152: 4 | D152: 62 | E152: 借款转预收 | F152: 204 | G152: 预收账款 | I152: 23297.74 | J152: 0345 | K152: 4-3-602 | L152: 0001 | M152: 公司本部 | N152: 4-3-602 | O152: =I152 -> 23297.74 | Q152: 4-3-602 | R152: 23297.74
A153: 阿克苏通力房地产开发有限公司 | B153: 2016 | C153: 5 | D153: 3 | E153: 收程玲杰住房贷款1-3-201 | F153: 204 | G153: 预收账款 | I153: 209524 | J153: 0134 | K153: 1-3-201 | L153: 0001 | M153: 公司本部 | N153: 1-3-201 | O153: =I153*1.05 -> 220000.2 | Q153: 1-3-201 | R153: 220000.2
A154: 阿克苏通力房地产开发有限公司 | B154: 2016 | C154: 5 | D154: 6 | E154: 收7-3-601房款 | F154: 204 | G154: 预收账款 | I154: 9524 | J154: 0125 | K154: 7-3-601 | L154: 0001 | M154: 公司本部 | N154: 7-3-601 | O154: =I154*1.05 -> 10000.2 | Q154: 7-3-601 | R154: 10000.2
A155: 阿克苏通力房地产开发有限公司 | B155: 2016 | C155: 5 | D155: 7 | E155: 收曾陈1-4-601房款 | F155: 204 | G155: 预收账款 | I155: 52693 | J155: 0126 | K155: 1-4-601 | L155: 0001 | M155: 公司本部 | N155: 1-4-601 | O155: =I155*1.05 -> 55327.65 | Q155: 1-4-601 | R155: 55327.65
A156: 阿克苏通力房地产开发有限公司 | B156: 2016 | C156: 5 | D156: 8 | E156: 收余传明1-4-402房款 | F156: 204 | G156: 预收账款 | I156: 28343 | J156: 0127 | K156: 1-4-402 | L156: 0001 | M156: 公司本部 | N156: 1-4-402 | O156: =I156*1.05 -> 29760.15 | Q156: 1-4-402 | R156: 29760.15
A157: 阿克苏通力房地产开发有限公司 | B157: 2016 | C157: 5 | D157: 9 | E157: 收赵晓杰5-4-702房款 | F157: 204 | G157: 预收账款 | I157: 9524 | J157: 0128 | K157: 5-4-702 | L157: 0001 | M157: 公司本部 | N157: 5-4-702 | O157: =I157*1.05 -> 10000.2 | Q157: 5-4-702 | R157: 10000.2
A158: 阿克苏通力房地产开发有限公司 | B158: 2016 | C158: 5 | D158: 10 | E158: 收成正1-4-502房款 | F158: 204 | G158: 预收账款 | I158: 19048 | J158: 0129 | K158: 1-4-502 | L158: 0001 | M158: 公司本部 | N158: 1-4-502 | O158: =I158*1.05 -> 20000.4 | Q158: 1-4-502 | R158: 20000.4
A159: 阿克苏通力房地产开发有限公司 | B159: 2016 | C159: 5 | D159: 11 | E159: 收樊浪1-1-301房款 | F159: 204 | G159: 预收账款 | I159: 198377 | J159: 0130 | K159: 1-1-301 | L159: 0001 | M159: 公司本部 | N159: 1-1-301 | O159: =I159*1.05 -> 208295.85 | Q159: 1-1-301 | R159: 208295.85
A160: 阿克苏通力房地产开发有限公司 | B160: 2016 | C160: 5 | D160: 12 | E160: 收郑琼芳5-3-901房款 | F160: 204 | G160: 预收账款 | I160: 9524 | J160: 0131 | K160: 5-3-901 | L160: 0001 | M160: 公司本部 | N160: 5-3-901 | O160: =I160*1.05 -> 10000.2 | Q160: 5-3-901 | R160: 10000.2
A161: 阿克苏通力房地产开发有限公司 | B161: 2016 | C161: 5 | D161: 13 | E161: 收张昌远住房贷款1-2-302 | F161: 204 | G161: 预收账款 | I161: 190476 | J161: 0135 | K161: 1-2-302 | L161: 0001 | M161: 公司本部 | N161: 1-2-302 | O161: =I161*1.05 -> 199999.8 | Q161: 1-2-302 | R161: 199999.8
A162: 阿克苏通力房地产开发有限公司 | B162: 2016 | C162: 5 | D162: 14 | E162: 1-1-104、1-1-105 | F162: 204 | G162: 预收账款 | I162: 57143 | J162: 0291 | K162: 1-1-104、1-1-105 | L162: 0001 | M162: 公司本部 | N162: 1-1-104、1-1-105 | O162: =I162*1.05 -> 60000.15 | Q162: 1-1-104、1-1-105 | R162: 60000.15
A163: 阿克苏通力房地产开发有限公司 | B163: 2016 | C163: 5 | D163: 15 | E163: 收李小华住房贷款1-4-501 | F163: 204 | G163: 预收账款 | I163: 95238 | J163: 0136 | K163: 1-4-501 | L163: 0001 | M163: 公司本部 | N163: 1-4-501 | O163: =I163*1.05 -> 99999.9 | Q163: 1-4-501 | R163: 99999.9
A164: 阿克苏通力房地产开发有限公司 | B164: 2016 | C164: 5 | D164: 16 | E164: 收毛礼思住房贷款1-1-502 | F164: 204 | G164: 预收账款 | I164: 180952 | J164: 0137 | K164: 1-1-502 | L164: 0001 | M164: 公司本部 | N164: 1-1-502 | O164: =I164*1.05 -> 189999.6 | Q164: 1-1-502 | R164: 189999.6
... A176: 阿克苏通力房地产开发有限公司 | B176: 2016 | C176: 5 | D176: 30 | E176: 收蒲养波个人贷款1-1-401 | F176: 204 | G176: 预收账款 | I176: 130476 | J176: 0148 | K176: 1-1-401 | L176: 0001 | M176: 公司本部 | N176: 1-1-401 | O176: =I176*1.05 -> 136999.8 | Q176: 1-1-401 | R176: 136999.8
A177: 阿克苏通力房地产开发有限公司 | B177: 2016 | C177: 5 | D177: 36 | E177: 1-101-102王金川房款 | F177: 204 | G177: 预收账款 | I177: 952381 | J177: 0115 | K177: 1#楼2-6层 | L177: 0001 | M177: 公司本部 | N177: 1#楼2-6层 | O177: =I177*1.05 -> 1000000.1 | Q177: 1#楼2-6层 | R177: 1000000.1 | S177: =R177-I177 -> 47619.05
A178: 阿克苏通力房地产开发有限公司 | B178: 2016 | C178: 5 | D178: 37 | E178: 7-1-501杨晓虎房款 | F178: 204 | G178: 预收账款 | I178: 76404 | J178: 0150 | K178: 7-1-501 | L178: 0001 | M178: 公司本部 | N178: 7-1-501 | O178: =I178*1.05 -> 80224.2 | Q178: 7-1-501 | R178: 80224.2
A179: 阿克苏通力房地产开发有限公司 | B179: 2016 | C179: 5 | D179: 39 | E179: 收5-5-304葛洪武房款 | F179: 204 | G179: 预收账款 | I179: 9524 | J179: 0151 | K179: 5-5-304 | L179: 0001 | M179: 公司本部 | N179: 5-5-304 | O179: =I179*1.05 -> 10000.2 | Q179: 5-5-304 | R179: 10000.2
A180: 阿克苏通力房地产开发有限公司 | B180: 2016 | C180: 5 | D180: 40 | E180: 收7-3-201陆隆芹房款 | F180: 204 | G180: 预收账款 | I180: 1212 | J180: 0152 | K180: 7-3-201 | L180: 0001 | M180: 公司本部 | N180: 7-3-201 | O180: =I180*1.05 -> 1272.6 | Q180: 7-3-201 | R180: 1272.6
A181: 阿克苏通力房地产开发有限公司 | B181: 2016 | C181: 5 | D181: 45 | E181: 收5-1-203杜红霞房款 | F181: 204 | G181: 预收账款 | I181: 952 | J181: 0153 | K181: 5-1-203 | L181: 0001 | M181: 公司本部 | N181: 5-1-203 | O181: =I181*1.05 -> 999.6 | Q181: 5-1-203 | R181: 999.6
A182: 阿克苏通力房地产开发有限公司 | B182: 2016 | C182: 5 | D182: 47 | E182: 收5-5-202刘玮房款 | F182: 204 | G182: 预收账款 | I182: 952 | J182: 0154 | K182: 5-5-202 | L182: 0001 | M182: 公司本部 | N182: 5-5-202 | O182: =I182*1.05 -> 999.6 | Q182: 5-5-202 | R182: 999.6
A183: 阿克苏通力房地产开发有限公司 | B183: 2016 | C183: 5 | D183: 48 | E183: 收3-2-101何晓波房款 | F183: 204 | G183: 预收账款 | I183: 9524 | J183: 0155 | K183: 3-2-101 | L183: 0001 | M183: 公司本部 | N183: 3-2-101 | O183: =I183*1.05 -> 10000.2 | Q183: 3-2-101 | R183: 10000.2
A184: 阿克苏通力房地产开发有限公司 | B184: 2016 | C184: 5 | D184: 51 | E184: 收7-1-702张爱红工行贷款房款 | F184: 204 | G184: 预收账款 | I184: 186667 | J184: 0156 | K184: 7-1-702 | L184: 0001 | M184: 公司本部 | N184: 7-1-702 | O184: =I184*1.05 -> 196000.35 | Q184: 7-1-702 | R184: 196000.35
A185: 阿克苏通力房地产开发有限公司 | B185: 2016 | C185: 5 | D185: 55 | E185: 收5-1-301焦小雄房款 | F185: 204 | G185: 预收账款 | I185: 9524 | J185: 0157 | K185: 5-1-301 | L185: 0001 | M185: 公司本部 | N185: 5-1-301 | O185: =I185*1.05 -> 10000.2 | Q185: 5-1-301 | R185: 10000.2
A186: 阿克苏通力房地产开发有限公司 | B186: 2016 | C186: 5 | D186: 56 | E186: 收5-4-1101王书艳房款 | F186: 204 | G186: 预收账款 | I186: 9524 | J186: 0158 | K186: 5-4-1101 | L186: 0001 | M186: 公司本部 | N186: 5-4-1101 | O186: =I186*1.05 -> 10000.2 | Q186: 5-4-1101 | R186: 10000.2
A187: 阿克苏通力房地产开发有限公司 | B187: 2016 | C187: 5 | D187: 57 | E187: 收7-3-601孙毅房款 | F187: 204 | G187: 预收账款 | I187: 58301 | J187: 0125 | K187: 7-3-601 | L187: 0001 | M187: 公司本部 | N187: 7-3-601 | O187: =I187*1.05 -> 61216.05 | Q187: 7-3-601 | R187: 61216.05
A188: 阿克苏通力房地产开发有限公司 | B188: 2016 | C188: 5 | D188: 58 | E188: 收6-2-101王国红房款 | F188: 204 | G188: 预收账款 | I188: 78082 | J188: 0159 | K188: 6-2-101 | L188: 0001 | M188: 公司本部 | N188: 6-2-101 | O188: =I188*1.05 -> 81986.1 | Q188: 6-2-101 | R188: 81986.1
A189: 阿克苏通力房地产开发有限公司 | B189: 2016 | C189: 5 | D189: 59 | E189: 收5-1-404赛马提房款 | F189: 204 | G189: 预收账款 | I189: 9524 | J189: 0160 | K189: 5-1-404 | L189: 0001 | M189: 公司本部 | N189: 5-1-404 | O189: =I189*1.05 -> 10000.2 | Q189: 5-1-404 | R189: 10000.2
... A265: 阿克苏通力房地产开发有限公司 | B265: 2016 | C265: 7 | D265: 9 | E265: 5-2-1101邓正华 | F265: 204 | G265: 预收账款 | I265: 9524 | J265: 0199 | K265: 5-2-1101 | L265: 0001 | M265: 公司本部 | N265: 5-2-1101 | O265: =I265*1.05 -> 10000.2 | Q265: 5-2-1101 | R265: 10000.2
A266: 阿克苏通力房地产开发有限公司 | B266: 2016 | C266: 7 | D266: 15 | E266: 1-101、1-102、1-103房王金川 | F266: 204 | G266: 预收账款 | I266: 476190 | J266: 0115 | K266: 1#楼2-6层 | L266: 0001 | M266: 公司本部 | N266: 1#楼2-6层 | O266: =I266*1.05 -> 499999.5 | Q266: 1#楼2-6层 | R266: 499999.5 | S266: =R266-I266 -> 23809.5
A267: 阿克苏通力房地产开发有限公司 | B267: 2016 | C267: 7 | D267: 16 | E267: 7-2-301王岩 | F267: 204 | G267: 预收账款 | I267: 142857 | J267: 0201 | K267: 7-2-301 | L267: 0001 | M267: 公司本部 | N267: 7-2-301 | O267: =I267*1.05 -> 149999.85 | Q267: 7-2-301 | R267: 149999.85
A268: 阿克苏通力房地产开发有限公司 | B268: 2016 | C268: 7 | D268: 19 | E268: 7-2-802退汪永洁房款 | F268: 204 | G268: 预收账款 | I268: -180000 | J268: 0195 | K268: 7-2-802 | L268: 0001 | M268: 公司本部 | N268: 7-2-802 | O268: =I268*1.05 -> -189000 | Q268: 7-2-802 | R268: -189000
A269: 阿克苏通力房地产开发有限公司 | B269: 2016 | C269: 7 | D269: 20 | E269: 7-1-501退房胡朝辉 | F269: 204 | G269: 预收账款 | I269: -76404 | J269: 0150 | K269: 7-1-501 | L269: 0001 | M269: 公司本部 | N269: 7-1-501 | O269: =I269*1.05 -> -80224.2 | Q269: 7-1-501 | R269: -80224.2
A270: 阿克苏通力房地产开发有限公司 | B270: 2016 | C270: 7 | D270: 21 | E270: 1-1-302退久安消防房款 | F270: 204 | G270: 预收账款 | I270: -180952 | J270: 0142 | K270: 1-1-302 | L270: 0001 | M270: 公司本部 | N270: 1-1-302 | O270: =I270*1.05 -> -189999.6 | Q270: 1-1-302 | R270: -189999.6
A271: 阿克苏通力房地产开发有限公司 | B271: 2016 | C271: 7 | D271: 22 | E271: 7-3-401退房青松建化 | F271: 204 | G271: 预收账款 | I271: -76190 | J271: 0188 | K271: 7-3-401 | L271: 0001 | M271: 公司本部 | N271: 7-3-401 | O271: =I271*1.05 -> -79999.5 | Q271: 7-3-401 | R271: -79999.5
A272: 阿克苏通力房地产开发有限公司 | B272: 2016 | C272: 7 | D272: 23 | E272: 1-1-801退房青松建化 | F272: 204 | G272: 预收账款 | I272: -95238 | J272: 0168 | K272: 1-1-801 | L272: 0001 | M272: 公司本部 | N272: 1-1-801 | O272: =I272*1.05 -> -99999.9 | Q272: 1-1-801 | R272: -99999.9
A273: 阿克苏通力房地产开发有限公司 | B273: 2016 | C273: 7 | D273: 24 | E273: 6-3-101退房杨华迪（杨兰斌） | F273: 204 | G273: 预收账款 | I273: -190476 | J273: 0166 | K273: 6-3-101 | L273: 0001 | M273: 公司本部 | N273: 6-3-101 | O273: =I273*1.05 -> -199999.8 | Q273: 6-3-101 | R273: -199999.8
...

Sheet 泰康小区账面房号及收款金额
A1: 确认后的房号 | B1: 求和项:贷方计算后的含税金额
A2: 1#楼1-7 | B2: 1788150
A3: 1#楼2-6层 | B3: 8134089.4
A4: 1-103 | B4: =2743001.4-'预收账款2013-2023年接表明细'!R4151-'预收账款2013-2023年接表明细'!R2179 -> 1663820.4
A5: 1-104 | B5: =929999.8-'预收账款2013-2023年接表明细'!R4160 -> 729999.8
A6: 1-105 | B6: =1300000-'预收账款2013-2023年接表明细'!R4232 -> 900000
A7: 1-106-1 | B7: 10000.2
A8: 1-106-2 | B8: 320068
A9: 1-107 | B9: 0
A10: 1-108-1 | B10: 570000
A11: 1-109-2 | B11: 0
A12: 1-110 | B12: 10000.2
A13: 1-1-1001 | B13: 292154.1
A14: 1-1-1002 | B14: 274963.5
A15: 1-1-104、1-1-105 | B15: 0
A16: 1-111 | B16: 1274510
A17: 1-1-1101 | B17: 246949.5
A18: 1-1-1102 | B18: 270394.95
... A166: 5-104-1 | B166: 534712.15
A167: 5-105-2 | B167: =490000+'预收账款2013-2023年接表明细'!O4153 -> 590000
A168: 5-106 | B168: 1714766
A169: 5-107 | B169: 900000
A170: 5-108 | B170: 899999.15
A171: 5-109-2 | B171: 824713
A172: 5-1-1001 | B172: 213620.4
A173: 5-1-1002 | B173: 206313.45
A174: 5-1-1004 | B174: 192810.45
A175: 5-110-1 | B175: 83829.9
A176: 5-1-1101 | B176: 183851.85
A177: 5-1-1102 | B177: 185530.8
A178: 5-1-1103 | B178: 186020.1
A179: 5-1-1104 | B179: 171471.3
... A424: 康泰住户 | B424: -13602.75
A425: 合计 | B425: =SUM(B2:B424) -> 1.3858738e+08
A426: 泰康小区分配额 | B426: =泰康小区!J521 -> 1.3906098e+08
B427: =B425-B426 -> -473603

Sheet 2023年8-11月预收账款
A1: 币别 | B1: 账簿 | C1: 期间 | D1: 科目范围 | E1: 核算维度 | F1: 日期 | G1: 凭证字 | H1: 凭证号 | I1: 摘要 | J1: 借方金额 | K1: 贷方金额 | L1: 方向 | M1: 余额
A2: 人民币 | B2: 阿克苏通力房地产开发有限公司 | C2: 2023.8 -- 2023.10 | D2: [2203.01]预收账款_预收账款-房产 | E2: [SCUST2050085/KXLB04/XM205.02.01]A5-2-601/房款/多浪小镇A1-5#、A14项目 | F2: 2023/9/30 | G2: 记 | H2: 20 | I2: 9-20收到麦力开木交来多浪小镇A5-2-601房款 | K2: 17585 | L2: 贷 | M2: 47585
A3: 人民币 | B3: 阿克苏通力房地产开发有限公司 | C3: 2023.8 -- 2023.10 | D3: [2203.01]预收账款_预收账款-房产 | E3: [SCUST2050098/KXLB04/XM205.03]康泰公寓1-105/房款/康泰公寓 | F3: 2023/9/30 | G3: 记 | H3: 21 | I3: 9-21收到洪雪玲交来康泰公寓1-105商铺款 | K3: 50000 | L3: 贷 | M3: 950000
A4: 人民币 | B4: 阿克苏通力房地产开发有限公司 | C4: 2023.8 -- 2023.10 | D4: [2203.01]预收账款_预收账款-房产 | E4: [SCUST2051135/KXLB04/XM205.02.01]A4-105/房款/多浪小镇A1-5#、A14项目 | F4: 2023/9/30 | G4: 记 | H4: 20 | I4: 9-20收到阿斯艳木交来多浪小镇A4-105商铺款 | K4: 2415 | L4: 贷 | M4: 12415
A5: 人民币 | B5: 阿克苏通力房地产开发有限公司 | C5: 2023.8 -- 2023.10 | D5: [2203.01]预收账款_预收账款-房产 | E5: [SCUST2050086/KXLB04/XM205.03]5-105-2杨洋（赵晨静）/房款/康泰公寓 | F5: 2023/9/26 | G5: 记 | H5: 12 | I5: 9-12调整错误核实维度凭证（22年9月20#） | K5: 190000 | L5: 贷 | M5: -100000
A6: 人民币 | B6: 阿克苏通力房地产开发有限公司 | C6: 2023.8 -- 2023.10 | D6: [2203.01]预收账款_预收账款-房产 | E6: [SCUST2050086/KXLB04/XM205.03]5-105-2杨洋（赵晨静）/房款/康泰公寓 | F6: 2023/9/26 | G6: 记 | H6: 12 | I6: 9-12调整错误核实维度凭证（22年8月20#） | K6: 100000 | L6: 平
A7: 人民币 | B7: 阿克苏通力房地产开发有限公司 | C7: 2023.8 -- 2023.10 | D7: [2203.01]预收账款_预收账款-房产 | E7: [SCUST2050660/KXLB04/XM205.03]5-106/房款/康泰公寓 | F7: 2023/9/26 | G7: 记 | H7: 12 | I7: 9-12调整错误核实维度凭证（22年8月20#） | K7: -100000 | L7: 平
A8: 人民币 | B8: 阿克苏通力房地产开发有限公司 | C8: 2023.8 -- 2023.10 | D8: [2203.01]预收账款_预收账款-房产 | E8: [SCUST2051154/KXLB04/XM205.03]5-102/房款/康泰公寓 | F8: 2023/9/26 | G8: 记 | H8: 12 | I8: 9-12调整错误核实维度凭证（22年9月20#） | K8: -190000 | L8: 贷 | M8: 266859
A9: 人民币 | B9: 阿克苏通力房地产开发有限公司 | C9: 2023.8 -- 2023.10 | D9: [2203.01]预收账款_预收账款-房产 | E9: [SCUST205-000078/KXLB04/XM205.02.01]A5-2-602/房款/多浪小镇A1-5#、A14项目 | F9: 2023/9/21 | G9: 记 | H9: 10 | I9: 9-10收到赛麦提交来多浪小镇A5-2-602房款（下贷） | K9: 2501.5 | L9: 贷 | M9: 62501.5
A10: 人民币 | B10: 阿克苏通力房地产开发有限公司 | C10: 2023.8 -- 2023.10 | D10: [2203.01]预收账款_预收账款-房产 | E10: [SCUST2050855/KXLB04/XM205.02.02]A8-2-201/房款/多浪小镇A6-9#、13#项目 | F10: 2023/9/21 | G10: 记 | H10: 8 | I10: 9-8收到吾守尔交来多浪小镇A8-2-201房款 | K10: 55767 | L10: 贷 | M10: 204495
A11: 人民币 | B11: 阿克苏通力房地产开发有限公司 | C11: 2023.8 -- 2023.10 | D11: [2203.01]预收账款_预收账款-房产 | E11: [SCUST2050510/KXLB04/XM205.03]1-106-2张雪静/房款/康泰公寓 | F11: 2023/8/31 | G11: 记 | H11: 19 | I11: 8-19收到康泰公寓1-106-2银行下贷 | K11: 310000 | L11: 平
A12: 人民币 | B12: 阿克苏通力房地产开发有限公司 | C12: 2023.8 -- 2023.10 | D12: [2203.01]预收账款_预收账款-房产 | E12: [SCUST2050773/KXLB04/XM205.02.01]A2-1-201/房款/多浪小镇A1-5#、A14项目 | F12: 2023/8/25 | G12: 记 | H12: 15 | I12: 8-15收到古丽阿依木交来A2-1-201房款首付 | K12: 110000 | L12: 贷 | M12: 110000
A13: 人民币 | B13: 阿克苏通力房地产开发有限公司 | C13: 2023.8 -- 2023.10 | D13: [2203.01]预收账款_预收账款-房产 | E13: [SCUST205-000078/KXLB04/XM205.02.01]A5-2-602/房款/多浪小镇A1-5#、A14项目 | F13: 2023/8/16 | G13: 记 | H13: 10 | I13: 8-10收到赛麦提交来A5-2-602多浪小镇房款 | K13: 55000 | L13: 贷 | M13: 60000
A14: 人民币 | B14: 阿克苏通力房地产开发有限公司 | C14: 2023.8 -- 2023.10 | D14: [2203.01]预收账款_预收账款-房产 | E14: [SCUST2050510/KXLB04/XM205.03]1-106-2张雪静/房款/康泰公寓 | F14: 2023/8/16 | G14: 记 | H14: 9 | I14: 8-9结转收入(01934928) | J14: 630068 | L14: 贷 | M14: -310000
A15: 人民币 | B15: 阿克苏通力房地产开发有限公司 | C15: 2023.8 -- 2023.10 | D15: [2203.01]预收账款_预收账款-房产 | E15: [SCUST2050607/KXLB04/XM205.02.01]A2-2-403/房款/多浪小镇A1-5#、A14项目 | F15: 2023/8/16 | G15: 记 | H15: 9 | I15: 8-9结转收入(01934930) | J15: 267990 | L15: 平
A16: 人民币 | B16: 阿克苏通力房地产开发有限公司 | C16: 2023.8 -- 2023.10 | D16: [2203.01]预收账款_预收账款-房产 | E16: [SCUST2050988/KXLB04/XM205.02.01]A14-201/房款/多浪小镇A1-5#、A14项目 | F16: 2023/8/16 | G16: 记 | H16: 9 | I16: 8-9结转收入(01934931) | J16: 705111 | L16: 贷 | M16: 762730
A17: 人民币 | B17: 阿克苏通力房地产开发有限公司 | C17: 2023.8 -- 2023.10 | D17: [2203.01]预收账款_预收账款-房产 | E17: [SCUST2050988/KXLB04/XM205.02.01]A14-201/房款/多浪小镇A1-5#、A14项目 | F17: 2023/8/16 | G17: 记 | H17: 9 | I17: 8-9结转收入(01934932) | J17: 752730 | L17: 贷 | M17: 10000
A18: 人民币 | B18: 阿克苏通力房地产开发有限公司 | C18: 2023.8 -- 2023.10 | D18: [2203.01]预收账款_预收账款-房产 | E18: [SCUST2051129/KXLB04/XM205.02.01]A3-3-403/房款/多浪小镇A1-5#、A14项目 | F18: 2023/8/16 | G18: 记 | H18: 9 | I18: 8-9结转收入(01934926) | J18: 215796 | L18: 平
A19: 人民币 | B19: 阿克苏通力房地产开发有限公司 | C19: 2023.8 -- 2023.10 | D19: [2203.01]预收账款_预收账款-房产 | E19: [SCUST2051165/KXLB04/XM205.02.02]A8-1-202/房款/多浪小镇A6-9#、13#项目 | F19: 2023/8/16 | G19: 记 | H19: 9 | I19: 8-9结转收入(01934927) | J19: 220060 | L19: 平
A20: 人民币 | B20: 阿克苏通力房地产开发有限公司 | C20: 2023.8 -- 2023.10 | D20: [2203.01]预收账款_预收账款-房产 | E20: [SCUST2050085/KXLB04/XM205.02.01]A5-2-601/房款/多浪小镇A1-5#、A14项目 | F20: 2023/8/15 | G20: 记 | H20: 2 | I20: 8-2收到麦力开木交来A5-2-601房款 | K20: 20000 | L20: 贷 | M20: 30000
A21: 人民币 | B21: 阿克苏通力房地产开发有限公司 | C21: 2023.8 -- 2023.10 | D21: [2203.01]预收账款_预收账款-房产 | E21: [SCUST2050085/KXLB04/XM205.02.01]A5-2-601/房款/多浪小镇A1-5#、A14项目 | F21: 2023/10/31 | G21: 记 | H21: 22 | I21: 结转本期预收房款无票确认收入 | J21: 341 | L21: 贷 | M21: 47585
A22: 人民币 | B22: 阿克苏通力房地产开发有限公司 | C22: 2023.8 -- 2023.10 | D22: [2203.01]预收账款_预收账款-房产 | E22: [SCUST2050516/KXLB04/XM205.02.01]A5-2-401亚森·伊迪日斯/房款/多浪小镇A1-5#、A14项目 | F22: 2023/10/31 | G22: 记 | H22: 22 | I22: 结转本期预收房款无票确认收入 | J22: 150000 | L22: 贷 | M22: 108973
A23: 人民币 | B23: 阿克苏通力房地产开发有限公司 | C23: 2023.8 -- 2023.10 | D23: [2203.01]预收账款_预收账款-房产 | E23: [SCUST2050773/KXLB04/XM205.02.01]A2-1-201/房款/多浪小镇A1-5#、A14项目 | F23: 2023/10/31 | G23: 记 | H23: 22 | I23: 结转本期预收房款无票确认收入 | J23: 2921.2 | L23: 贷 | M23: 110000
A24: 人民币 | B24: 阿克苏通力房地产开发有限公司 | C24: 2023.8 -- 2023.10 | D24: [2203.01]预收账款_预收账款-房产 | E24: [SCUST2050818/KXLB04/XM205.02.01]A5-1-402/房款/多浪小镇A1-5#、A14项目 | F24: 2023/10/31 | G24: 记 | H24: 22 | I24: 结转本月开票确认收入（01934934） | J24: 263035 | L24: 平
A25: 人民币 | B25: 阿克苏通力房地产开发有限公司 | C25: 2023.8 -- 2023.10 | D25: [2203.01]预收账款_预收账款-房产 | E25: [SCUST2050820/KXLB04/XM205.02.01]A5-2-201/房款/多浪小镇A1-5#、A14项目 | F25: 2023/10/31 | G25: 记 | H25: 22 | I25: 结转本月开票确认收入（01934934） | J25: 272700 | L25: 平
A26: 人民币 | B26: 阿克苏通力房地产开发有限公司 | C26: 2023.8 -- 2023.10 | D26: [2203.01]预收账款_预收账款-房产 | E26: [SCUST2050085/KXLB04/XM205.02.01]A5-2-601/房款/多浪小镇A1-5#、A14项目 | F26: 2023/10/30 | G26: 记 | H26: 7 | I26: 收到麦力开木·吾斯曼A5-2-601房款 | K26: 341 | L26: 贷 | M26: 47926
A27: 人民币 | B27: 阿克苏通力房地产开发有限公司 | C27: 2023.8 -- 2023.10 | D27: [2203.01]预收账款_预收账款-房产 | E27: [SCUST2050773/KXLB04/XM205.02.01]A2-1-201/房款/多浪小镇A1-5#、A14项目 | F27: 2023/10/30 | G27: 记 | H27: 7 | I27: 收到古丽阿依木·吐尼亚孜A2-1-201房款 | K27: 2921.2 | L27: 贷 | M27: 112921.2
A28: 人民币 | B28: 阿克苏通力房地产开发有限公司 | C28: 2023.8 -- 2023.10 | D28: [2203.01]预收账款_预收账款-房产 | E28: [SCUST2050516/KXLB04/XM205.02.01]A5-2-401亚森·伊迪日斯/房款/多浪小镇A1-5#、A14项目 | F28: 2023/10/27 | G28: 记 | H28: 15 | I28: 收到亚森·伊迪日斯A5-2-401房款 | K28: 150000 | L28: 贷 | M28: 258973
D29: [2203.01]预收账款_预收账款-房产 | E29: A4-115/房款/多浪小镇A1-5#、A14项目 | I29: A4-115/房款/多浪小镇A1-5#、A14项目 | K29: -13000
D30: [2203.01]预收账款_预收账款-房产 | E30: A5-2-602/房款/多浪小镇A1-5#、A14项目 | I30: A5-2-602/房款/多浪小镇A1-5#、A14项目 | J30: 242501.5 | K30: 180000
D31: [2203.01]预收账款_预收账款-房产 | E31: A5-101/房款/多浪小镇A1-5#、A14项目 | I31: A5-101/房款/多浪小镇A1-5#、A14项目 | J31: 70000 | K31: 50000
D32: [2203.01]预收账款_预收账款-房产 | E32: A5-2-601/房款/多浪小镇A1-5#、A14项目 | I32: A5-2-601/房款/多浪小镇A1-5#、A14项目 | J32: 237585 | K32: 190000
D33: [2203.01]预收账款_预收账款-房产 | E33: A5-2-402/房款/多浪小镇A1-5#、A14项目 | I33: A5-2-402/房款/多浪小镇A1-5#、A14项目 | J33: 258973 | K33: 68000
D34: [2203.01]预收账款_预收账款-房产 | E34: A5-2-401亚森·伊迪日斯/房款/多浪小镇A1-5#、A14项目 | I34: A5-2-401亚森·伊迪日斯/房款/多浪小镇A1-5#、A14项目 | J34: 108973.3
D35: [2203.01]预收账款_预收账款-房产 | E35: A1-1-402/房款/多浪小镇A1-5#、A14项目 | I35: A1-1-402/房款/多浪小镇A1-5#、A14项目 | J35: 206255
D36: [2203.01]预收账款_预收账款-房产 | E36: A1-1-401/房款/多浪小镇A1-5#、A14项目 | I36: A1-1-401/房款/多浪小镇A1-5#、A14项目 | K36: -216300
D37: [2203.01]预收账款_预收账款-房产 | E37: A2-1-602/房款/多浪小镇A1-5#、A14项目 | I37: A2-1-602/房款/多浪小镇A1-5#、A14项目 | J37: 136275
D38: [2203.01]预收账款_预收账款-房产 | E38: A2-3-303/房款/多浪小镇A1-5#、A14项目 | I38: A2-3-303/房款/多浪小镇A1-5#、A14项目 | J38: 238979
D39: [2203.01]预收账款_预收账款-房产 | E39: 5-107/房款/康泰公寓 | I39: 5-107/房款/康泰公寓 | J39: 1000000 | K39: 100000
D40: [2203.01]预收账款_预收账款-房产 | E40: A8-1-102/房款/多浪小镇A6-9#、13#项目 | I40: A8-1-102/房款/多浪小镇A6-9#、13#项目

Sheet 账面结转2019年后
B1: 房号 | C1: 求和项:金额
B2: 1-103 | C2: 0
B3: 1-104 | C3: 0
B4: 1-105 | C4: 400000
B5: 1-111 | C5: 1274510
B6: 1-2-301 | C6: 305070
B7: 2-3-401 | C7: 410986.86
B8: 5-102 | C8: 50000
B9: 5-104-1 | C9: 70000
B10: 5-105-2 | C10: 780000
B11: 5-106 | C11: 670000
B12: 5-108 | C12: 50000
B13: 5-109-2 | C13: 824713
... B353: C6-1-202 | C353: 0
B354: (空白)
B355: 总计 | C355: 85169562

Sheet 多浪小区账面房号及收款金额
A1: 确认后的房号 | B1: 求和项:贷方计算后的含税金额
A2: A1-1 | B2: 98095 | C2: =VLOOKUP(A2,多浪小镇一期!$B$5:$B$517,1,0) -> #N/A | D2: =VLOOKUP(A2,多浪小镇二期!$B$4:$B$490,1,0) -> #N/A
A3: A1-101 | B3: 36782 | C3: =VLOOKUP(A3,多浪小镇一期!$B$5:$B$517,1,0) -> #N/A | D3: =VLOOKUP(A3,多浪小镇二期!$B$4:$B$490,1,0) -> A1-101
A4: A1-102 | B4: 428000 | C4: =VLOOKUP(A4,多浪小镇一期!$B$5:$B$517,1,0) -> #N/A | D4: =VLOOKUP(A4,多浪小镇二期!$B$4:$B$490,1,0) -> A1-102
A5: A1-103 | B5: 415000 | C5: =VLOOKUP(A5,多浪小镇一期!$B$5:$B$517,1,0) -> #N/A | D5: =VLOOKUP(A5,多浪小镇二期!$B$4:$B$490,1,0) -> A1-103
A6: A1-104 | B6: 135000 | C6: =VLOOKUP(A6,多浪小镇一期!$B$5:$B$517,1,0) -> #N/A | D6: =VLOOKUP(A6,多浪小镇二期!$B$4:$B$490,1,0) -> A1-104
A7: A1-105 | B7: 133000 | C7: =VLOOKUP(A7,多浪小镇一期!$B$5:$B$517,1,0) -> #N/A | D7: =VLOOKUP(A7,多浪小镇二期!$B$4:$B$490,1,0) -> A1-105
A8: A1-106 | B8: 426230 | C8: =VLOOKUP(A8,多浪小镇一期!$B$5:$B$517,1,0) -> #N/A | D8: =VLOOKUP(A8,多浪小镇二期!$B$4:$B$490,1,0) -> A1-106
A9: A1-107 | B9: 400000 | C9: =VLOOKUP(A9,多浪小镇一期!$B$5:$B$517,1,0) -> #N/A | D9: =VLOOKUP(A9,多浪小镇二期!$B$4:$B$490,1,0) -> A1-107
A10: A1-108 | B10: 131435 | C10: =VLOOKUP(A10,多浪小镇一期!$B$5:$B$517,1,0) -> #N/A | D10: =VLOOKUP(A10,多浪小镇二期!$B$4:$B$490,1,0) -> A1-108
A11: A1-109 | B11: 128040 | C11: =VLOOKUP(A11,多浪小镇一期!$B$5:$B$517,1,0) -> #N/A | D11: =VLOOKUP(A11,多浪小镇二期!$B$4:$B$490,1,0) -> A1-109
A12: A1-110 | B12: 418923 | C12: =VLOOKUP(A12,多浪小镇一期!$B$5:$B$517,1,0) -> #N/A | D12: =VLOOKUP(A12,多浪小镇二期!$B$4:$B$490,1,0) -> A1-110
A13: A1-111 | B13: 428736 | C13: =VLOOKUP(A13,多浪小镇一期!$B$5:$B$517,1,0) -> #N/A | D13: =VLOOKUP(A13,多浪小镇二期!$B$4:$B$490,1,0) -> A1-111
... A106: A2-17 | B106: 183486 | C106: =VLOOKUP(A106,多浪小镇一期!$B$5:$B$517,1,0) -> #N/A | D106: =VLOOKUP(A106,多浪小镇二期!$B$4:$B$490,1,0) -> #N/A
A107: A2-2-201 | B107: 283350 | C107: =VLOOKUP(A107,多浪小镇一期!$B$5:$B$517,1,0) -> #N/A | D107: =VLOOKUP(A107,多浪小镇二期!$B$4:$B$490,1,0) -> A2-2-201 | E107: A2-117
A108: A2-2-202 | B108: 126036 | C108: =VLOOKUP(A108,多浪小镇一期!$B$5:$B$517,1,0) -> #N/A | D108: =VLOOKUP(A108,多浪小镇二期!$B$4:$B$490,1,0) -> A2-2-202
A109: A2-2-203 | B109: 263000 | C109: =VLOOKUP(A109,多浪小镇一期!$B$5:$B$517,1,0) -> #N/A | D109: =VLOOKUP(A109,多浪小镇二期!$B$4:$B$490,1,0) -> A2-2-203
A110: A2-2-301 | B110: 283000 | C110: =VLOOKUP(A110,多浪小镇一期!$B$5:$B$517,1,0) -> #N/A | D110: =VLOOKUP(A110,多浪小镇二期!$B$4:$B$490,1,0) -> A2-2-301
A111: A2-2-302 | B111: 130000 | C111: =VLOOKUP(A111,多浪小镇一期!$B$5:$B$517,1,0) -> #N/A | D111: =VLOOKUP(A111,多浪小镇二期!$B$4:$B$490,1,0) -> A2-2-302
A112: A2-2-303 | B112: 267990 | C112: =VLOOKUP(A112,多浪小镇一期!$B$5:$B$517,1,0) -> #N/A | D112: =VLOOKUP(A112,多浪小镇二期!$B$4:$B$490,1,0) -> A2-2-303
A113: A2-2-401 | B113: 291000 | C113: =VLOOKUP(A113,多浪小镇一期!$B$5:$B$517,1,0) -> #N/A | D113: =VLOOKUP(A113,多浪小镇二期!$B$4:$B$490,1,0) -> A2-2-401
A114: A2-2-402 | B114: 123480 | C114: =VLOOKUP(A114,多浪小镇一期!$B$5:$B$517,1,0) -> #N/A | D114: =VLOOKUP(A114,多浪小镇二期!$B$4:$B$490,1,0) -> A2-2-402
A115: A2-2-403 | B115: 267990 | C115: =VLOOKUP(A115,多浪小镇一期!$B$5:$B$517,1,0) -> #N/A | D115: =VLOOKUP(A115,多浪小镇二期!$B$4:$B$490,1,0) -> A2-2-403
A116: A2-2-501 | B116: 264460 | C116: =VLOOKUP(A116,多浪小镇一期!$B$5:$B$517,1,0) -> #N/A | D116: =VLOOKUP(A116,多浪小镇二期!$B$4:$B$490,1,0) -> A2-2-501
A117: A2-2-502 | B117: 120070 | C117: =VLOOKUP(A117,多浪小镇一期!$B$5:$B$517,1,0) -> #N/A | D117: =VLOOKUP(A117,多浪小镇二期!$B$4:$B$490,1,0) -> A2-2-502
A118: A2-2-503 | B118: 248000 | C118: =VLOOKUP(A118,多浪小镇一期!$B$5:$B$517,1,0) -> #N/A | D118: =VLOOKUP(A118,多浪小镇二期!$B$4:$B$490,1,0) -> A2-2-503
A119: A2-2-601 | B119: 245570 | C119: =VLOOKUP(A119,多浪小镇一期!$B$5:$B$517,1,0) -> #N/A | D119: =VLOOKUP(A119,多浪小镇二期!$B$4:$B$490,1,0) -> A2-2-601
... A152: A3-12 | B152: 69157 | C152: =VLOOKUP(A152,多浪小镇一期!$B$5:$B$517,1,0) -> #N/A | D152: =VLOOKUP(A152,多浪小镇二期!$B$4:$B$490,1,0) -> #N/A
A153: A3-1-201 | B153: 280014 | C153: =VLOOKUP(A153,多浪小镇一期!$B$5:$B$517,1,0) -> #N/A | D153: =VLOOKUP(A153,多浪小镇二期!$B$4:$B$490,1,0) -> A3-1-201 | E153: A3-112
A154: A3-1-202 | B154: 162166 | C154: =VLOOKUP(A154,多浪小镇一期!$B$5:$B$517,1,0) -> #N/A | D154: =VLOOKUP(A154,多浪小镇二期!$B$4:$B$490,1,0) -> A3-1-202
A155: A3-1-203 | B155: 254968 | C155: =VLOOKUP(A155,多浪小镇一期!$B$5:$B$517,1,0) -> #N/A | D155: =VLOOKUP(A155,多浪小镇二期!$B$4:$B$490,1,0) -> A3-1-203
A156: A3-1-301 | B156: 292415 | C156: =VLOOKUP(A156,多浪小镇一期!$B$5:$B$517,1,0) -> #N/A | D156: =VLOOKUP(A156,多浪小镇二期!$B$4:$B$490,1,0) -> A3-1-301
A157: A3-1-302 | B157: 160973 | C157: =VLOOKUP(A157,多浪小镇一期!$B$5:$B$517,1,0) -> #N/A | D157: =VLOOKUP(A157,多浪小镇二期!$B$4:$B$490,1,0) -> A3-1-302
A158: A3-1-303 | B158: 227650 | C158: =VLOOKUP(A158,多浪小镇一期!$B$5:$B$517,1,0) -> #N/A | D158: =VLOOKUP(A158,多浪小镇二期!$B$4:$B$490,1,0) -> A3-1-303
A159: A3-14 | B159: 9524 | C159: =VLOOKUP(A159,多浪小镇一期!$B$5:$B$517,1,0) -> #N/A | D159: =VLOOKUP(A159,多浪小镇二期!$B$4:$B$490,1,0) -> #N/A
A160: A3-1-401 | B160: 280014 | C160: =VLOOKUP(A160,多浪小镇一期!$B$5:$B$517,1,0) -> #N/A | D160: =VLOOKUP(A160,多浪小镇二期!$B$4:$B$490,1,0) -> A3-1-401 | E160: A3-114
A161: A3-1-402 | B161: 155000 | C161: =VLOOKUP(A161,多浪小镇一期!$B$5:$B$517,1,0) -> #N/A | D161: =VLOOKUP(A161,多浪小镇二期!$B$4:$B$490,1,0) -> A3-1-402
A162: A3-1-403 | B162: 219800 | C162: =VLOOKUP(A162,多浪小镇一期!$B$5:$B$517,1,0) -> #N/A | D162: =VLOOKUP(A162,多浪小镇二期!$B$4:$B$490,1,0) -> A3-1-403
A163: A3-1-501 | B163: 265776 | C163: =VLOOKUP(A163,多浪小镇一期!$B$5:$B$517,1,0) -> #N/A | D163: =VLOOKUP(A163,多浪小镇二期!$B$4:$B$490,1,0) -> A3-1-501
A164: A3-1-502 | B164: 148257 | C164: =VLOOKUP(A164,多浪小镇一期!$B$5:$B$517,1,0) -> #N/A | D164: =VLOOKUP(A164,多浪小镇二期!$B$4:$B$490,1,0) -> A3-1-502
A165: A3-1-503 | B165: 219800 | C165: =VLOOKUP(A165,多浪小镇一期!$B$5:$B$517,1,0) -> #N/A | D165: =VLOOKUP(A165,多浪小镇二期!$B$4:$B$490,1,0) -> A3-1-503
A166: A3-1-601 | B166: 246792 | C166: =VLOOKUP(A166,多浪小镇一期!$B$5:$B$517,1,0) -> #N/A | D166: =VLOOKUP(A166,多浪小镇二期!$B$4:$B$490,1,0) -> A3-1-601
A167: A3-1-602 | B167: 148230 | C167: =VLOOKUP(A167,多浪小镇一期!$B$5:$B$517,1,0) -> #N/A | D167: =VLOOKUP(A167,多浪小镇二期!$B$4:$B$490,1,0) -> A3-1-602
A168: A3-1-603 | B168: 204100 | C168: =VLOOKUP(A168,多浪小镇一期!$B$5:$B$517,1,0) -> #N/A | D168: =VLOOKUP(A168,多浪小镇二期!$B$4:$B$490,1,0) -> A3-1-603
A169: A3-2-201 | B169: 10000 | C169: =VLOOKUP(A169,多浪小镇一期!$B$5:$B$517,1,0) -> #N/A | D169: =VLOOKUP(A169,多浪小镇二期!$B$4:$B$490,1,0) -> A3-2-201
A170: A3-2-202 | B170: 133725 | C170: =VLOOKUP(A170,多浪小镇一期!$B$5:$B$517,1,0) -> #N/A | D170: =VLOOKUP(A170,多浪小镇二期!$B$4:$B$490,1,0) -> A3-2-202
A171: A3-2-203 | B171: 281861 | C171: =VLOOKUP(A171,多浪小镇一期!$B$5:$B$517,1,0) -> #N/A | D171: =VLOOKUP(A171,多浪小镇二期!$B$4:$B$490,1,0) -> A3-2-203
A172: A3-2-301 | B172: 283290 | C172: =VLOOKUP(A172,多浪小镇一期!$B$5:$B$517,1,0) -> #N/A | D172: =VLOOKUP(A172,多浪小镇二期!$B$4:$B$490,1,0) -> A3-2-301
... A474: 怡和15-B-801 | B474: 280000 | C474: =VLOOKUP(A474,多浪小镇一期!$B$5:$B$517,1,0) -> #N/A | D474: =VLOOKUP(A474,多浪小镇二期!$B$4:$B$490,1,0) -> #N/A
A475: 总计 | B475: =SUM(B2:B474) -> 1.1575771e+08
B476: =B475-B474-B473-B472-B471-B470 -> 1.042135e+08
A477: 多浪一期分配额 | B477: =多浪小镇一期!I518 -> 251819
A478: 多浪二期分配额 | B478: =多浪小镇二期!I491 -> 1.0515873e+08 | I478: 37228752 | J478: 57139080 | K478: =J478-I478 -> 19910328
A479: 核对 | B479: =B476-B477-B478 -> -1197049.7

Sheet 多浪一期账面房号及收款金额-分公司
A1: 确认后的房号 | B1: 求和项:贷方计算后的含税金额
A2: 15#-B座-1103武杰 | B2: 30000 | C2: =VLOOKUP(A2,多浪小镇一期!$B$5:$B$517,1,0) -> #N/A | D2: 未匹配房源
A3: A10-2-502 | B3: 121005.15 | C3: =VLOOKUP(A3,多浪小镇一期!$B$5:$B$517,1,0) -> #N/A | D3: 未匹配房源
A4: A11-1-101 | B4: 213538.5 | C4: =VLOOKUP(A4,多浪小镇一期!$B$5:$B$517,1,0) -> A11-1-101
A5: A11-1-102 | B5: 279456 | C5: =VLOOKUP(A5,多浪小镇一期!$B$5:$B$517,1,0) -> A11-1-102
A6: A11-1-201 | B6: 276614 | C6: =VLOOKUP(A6,多浪小镇一期!$B$5:$B$517,1,0) -> A11-1-201
A7: A11-1-202 | B7: 201130.65 | C7: =VLOOKUP(A7,多浪小镇一期!$B$5:$B$517,1,0) -> A11-1-202
A8: A11-1-301 | B8: 205324.35 | C8: =VLOOKUP(A8,多浪小镇一期!$B$5:$B$517,1,0) -> A11-1-301
A9: A11-1-302 | B9: 204399.3 | C9: =VLOOKUP(A9,多浪小镇一期!$B$5:$B$517,1,0) -> A11-1-302
A10: A11-1-401 | B10: 180686.1 | C10: =VLOOKUP(A10,多浪小镇一期!$B$5:$B$517,1,0) -> A11-1-401
A11: A11-1-402 | B11: 254110 | C11: =VLOOKUP(A11,多浪小镇一期!$B$5:$B$517,1,0) -> A11-1-402
A12: A11-1-501 | B12: 238834 | C12: =VLOOKUP(A12,多浪小镇一期!$B$5:$B$517,1,0) -> A11-1-501
A13: A11-1-502 | B13: 237758 | C13: =VLOOKUP(A13,多浪小镇一期!$B$5:$B$517,1,0) -> A11-1-502
A14: A11-1-601 | B14: 205982 | C14: =VLOOKUP(A14,多浪小镇一期!$B$5:$B$517,1,0) -> A11-1-601
A15: A11-1-602 | B15: 205054 | C15: =VLOOKUP(A15,多浪小镇一期!$B$5:$B$517,1,0) -> A11-1-602
... A109: A12-5-602 | B109: 188215.65 | C109: =VLOOKUP(A109,多浪小镇一期!$B$5:$B$517,1,0) -> A12-5-602
A110: A15-802 | B110: 20000 | C110: =VLOOKUP(A110,多浪小镇一期!$B$5:$B$517,1,0) -> #N/A | D110: 未匹配房源
A111: A座-1102房-段毅 | B111: -20000 | C111: =VLOOKUP(A111,多浪小镇一期!$B$5:$B$517,1,0) -> #N/A | D111: 未匹配房源
A112: C1-101 | B112: 170639.7 | C112: =VLOOKUP(A112,多浪小镇一期!$B$5:$B$517,1,0) -> C1-101
A113: C1-102 | B113: 331695 | C113: =VLOOKUP(A113,多浪小镇一期!$B$5:$B$517,1,0) -> C1-102
A114: C1-103 | B114: 299000 | C114: =VLOOKUP(A114,多浪小镇一期!$B$5:$B$517,1,0) -> C1-103
A115: C1-104 | B115: 10000 | C115: =VLOOKUP(A115,多浪小镇一期!$B$5:$B$517,1,0) -> C1-104
A116: C1-105 | B116: 221695 | C116: =VLOOKUP(A116,多浪小镇一期!$B$5:$B$517,1,0) -> C1-105
A117: C11-1-101 | B117: 180637.8 | C117: =VLOOKUP(A117,多浪小镇一期!$B$5:$B$517,1,0) -> C11-1-101
A118: C11-1-102 | B118: 179851.35 | C118: =VLOOKUP(A118,多浪小镇一期!$B$5:$B$517,1,0) -> C11-1-102
A119: C11-1-201 | B119: 180637.8 | C119: =VLOOKUP(A119,多浪小镇一期!$B$5:$B$517,1,0) -> C11-1-201
A120: C11-1-202 | B120: 186430.65 | C120: =VLOOKUP(A120,多浪小镇一期!$B$5:$B$517,1,0) -> C11-1-202
A121: C11-1-301 | B121: 180637.8 | C121: =VLOOKUP(A121,多浪小镇一期!$B$5:$B$517,1,0) -> C11-1-301
A122: C11-1-302 | B122: 179851.35 | C122: =VLOOKUP(A122,多浪小镇一期!$B$5:$B$517,1,0) -> C11-1-302
A123: C11-1-401 | B123: 157875.9 | C123: =VLOOKUP(A123,多浪小镇一期!$B$5:$B$517,1,0) -> C11-1-401
... A199: C2-112 | B199: 230000 | C199: =VLOOKUP(A199,多浪小镇一期!$B$5:$B$517,1,0) -> C2-112
A200: C3-10 | B200: 7098 | C200: =VLOOKUP(A200,多浪小镇一期!$B$5:$B$517,1,0) -> #N/A | D200: 未匹配房源
A201: C3-101 | B201: 259704 | C201: =VLOOKUP(A201,多浪小镇一期!$B$5:$B$517,1,0) -> C3-101
A202: C3-102 | B202: 236124 | C202: =VLOOKUP(A202,多浪小镇一期!$B$5:$B$517,1,0) -> C3-102
A203: C3-103 | B203: 209498.1 | C203: =VLOOKUP(A203,多浪小镇一期!$B$5:$B$517,1,0) -> C3-103
A204: C3-104 | B204: 206119.2 | C204: =VLOOKUP(A204,多浪小镇一期!$B$5:$B$517,1,0) -> C3-104
A205: C3-105 | B205: 214273.5 | C205: =VLOOKUP(A205,多浪小镇一期!$B$5:$B$517,1,0) -> C3-105
A206: C3-106 | B206: 207359.05 | C206: =VLOOKUP(A206,多浪小镇一期!$B$5:$B$517,1,0) -> C3-106
A207: C3-107 | B207: =238968.95-阿克苏分公司预收账款!O1842 -> 229207.95 | C207: =VLOOKUP(A207,多浪小镇一期!$B$5:$B$517,1,0) -> C3-107
A208: C3-108 | B208: 204000.3 | C208: =VLOOKUP(A208,多浪小镇一期!$B$5:$B$517,1,0) -> C3-108
A209: C3-109 | B209: 210000 | C209: =VLOOKUP(A209,多浪小镇一期!$B$5:$B$517,1,0) -> C3-109
A210: C3-110 | B210: 224640.15 | C210: =VLOOKUP(A210,多浪小镇一期!$B$5:$B$517,1,0) -> C3-110
A211: C3-111 | B211: 199999.8 | C211: =VLOOKUP(A211,多浪小镇一期!$B$5:$B$517,1,0) -> C3-111
A212: C3-112 | B212: 194999.7 | C212: =VLOOKUP(A212,多浪小镇一期!$B$5:$B$517,1,0) -> C3-112
A213: C3-113 | B213: 217999.95 | C213: =VLOOKUP(A213,多浪小镇一期!$B$5:$B$517,1,0) -> C3-113
A214: C3-1-201 | B214: 226491.3 | C214: =VLOOKUP(A214,多浪小镇一期!$B$5:$B$517,1,0) -> C3-1-201
A215: C3-1-202 | B215: 217340.55 | C215: =VLOOKUP(A215,多浪小镇一期!$B$5:$B$517,1,0) -> C3-1-202
A216: C3-1-301 | B216: 235900.35 | C216: =VLOOKUP(A216,多浪小镇一期!$B$5:$B$517,1,0) -> C3-1-301
A217: C3-1-302 | B217: 229710.6 | C217: =VLOOKUP(A217,多浪小镇一期!$B$5:$B$517,1,0) -> C3-1-302
A218: C3-1-401 | B218: 207592.35 | C218: =VLOOKUP(A218,多浪小镇一期!$B$5:$B$517,1,0) -> C3-1-401
A219: C3-1-402 | B219: 194369.7 | C219: =VLOOKUP(A219,多浪小镇一期!$B$5:$B$517,1,0) -> C3-1-402
... A434: C9-3-502 | B434: 296137.8 | C434: =VLOOKUP(A434,多浪小镇一期!$B$5:$B$517,1,0) -> C9-3-502
A435: 阿克苏城乡建设发展集团有限公司 | B435: 13394864 | C435: =VLOOKUP(A435,多浪小镇一期!$B$5:$B$517,1,0) -> #N/A | D435: 未匹配房源
A436: 阿克苏市城镇住房保障管理办公室 | B436: 6496000 | C436: =VLOOKUP(A436,多浪小镇一期!$B$5:$B$517,1,0) -> #N/A | D436: 未匹配房源
A437: 总计 | B437: =SUM(B2:B436) -> 1.0928365e+08 | C437: =VLOOKUP(A437,多浪小镇一期!$B$5:$B$517,1,0) -> #N/A
A438: 多浪一期分配金额 | B438: =多浪小镇一期!J518 -> 89444131
A439: 核对 | B439: =B437-B438-B436-B435 -> -51344.356

Sheet 2019年12月-2023年7月科目余额表
A1: 币别:人民币 | B1: 账簿:阿克苏通力房地产开发有限公司 | C1: 期间:2019.12 -- 2023.8
A2: 科目编码 | B2: 科目名称 | C2: 核算维度编码 | D2: 核算维度名称 | E2: 期初余额 | G2: 本期发生 | I2: 本年累计 | K2: 期末余额
E3: 借方 | F3: 贷方 | G3: 借方 | H3: 贷方 | I3: 借方 | J3: 贷方 | K3: 借方 | L3: 贷方
B4: 应收账款-房产 | C4: SCUST2050517/KXLB04 | D4: A5-2-302吐尔逊·麦提尼亚孜/房款 | G4: 185000 | H4: 185000 | I4: 185000 | J4: 185000
B5: 应收账款-房产 | C5: SCUST2050527/KXLB04 | D5: 康泰公寓-王金川/房款 | H5: 200000 | K5: -200000
B6: 应收账款-房产 | C6: SCUST2050883/KXLB04 | D6: A5-2-301艾克热木·艾肯/房款 | G6: 130000 | H6: 130000 | I6: 130000 | J6: 130000
B7: 其他应收款-客户往来 | C7: SCUST2050001/KXLB09 | D7: 住户5-2-702/往来款 | G7: 3045 | K7: 3045
B8: 其他应收款-客户往来 | C8: SCUST2050077/KXLB09 | D8: 吐尔逊·阿布来提/往来款 | G8: 4010 | K8: 4010
B9: 其他应收款-客户往来 | C9: SCUST2050078/KXLB09 | D9: 康泰公寓1-104刘永平/往来款 | G9: 200000 | H9: -530000 | K9: 730000
B10: 其他应收款-客户往来 | C10: SCUST2050079/KXLB09 | D10: 康泰公寓1-103刘永平/往来款 | G10: 1076800 | H10: -900000 | K10: 1976800
B11: 其他应收款-客户往来 | C11: SCUST2050080/KXLB09 | D11: 康泰公寓5-1-1104王小军/往来款 | G11: 10653.73 | I11: 6338.56 | K11: 10653.73
B12: 其他应收款-客户往来 | C12: SCUST2050081/KXLB09 | D12: 图尔洪·阿卜杜瓦伊提/往来款 | G12: 3300 | K12: 3300
B13: 其他应收款-客户往来 | C13: SCUST2050082/KXLB09 | D13: 亚尔艾力·牙生/往来款 | G13: 4000 | K13: 4000
B14: 其他应收款-客户往来 | C14: SCUST2050096/KXLB10 | D14: 洪雪玲/车位 | H14: 50000 | K14: -50000
B15: 其他应收款-客户往来 | C15: SCUST2050098/KXLB04 | D15: 康泰公寓1-105/房款 | G15: 200000 | H15: 200000 | I15: 200000 | J15: 200000
B16: 其他应收款-客户往来 | C16: SCUST2050129/KXLB04 | D16: 施海涛/房款 | G16: 32200 | H16: 23400 | I16: 11600 | J16: 23400 | K16: 8800
B17: 其他应收款-客户往来 | C17: SCUST2050136/KXLB04 | D17: 康泰公寓7-1-901/房款 | G17: 4000 | H17: 4000 | J17: 4000
B18: 其他应收款-客户往来 | C18: SCUST2050414/KXLB01 | D18: 康泰公寓5-4-401/定金 | H18: 32000 | J18: 32000 | K18: -32000
B19: 其他应收款-客户往来 | C19: SCUST2050528/KXLB09 | D19: 住户5-2-602/往来款 | G19: 7917 | K19: 7917
B20: 其他应收款-客户往来 | C20: SCUST2050529/KXLB09 | D20: 4-2-503/往来款 | G20: 157.6 | K20: 157.6
B21: 其他应收款-客户往来 | C21: SCUST2050530/KXLB09 | D21: A2-1-302木合旦·亚森/往来款 | G21: 6970 | H21: 1000 | K21: 5970
B22: 其他应收款-客户往来 | C22: SCUST2050531/KXLB09 | D22: C11-1-302凯比努尔·托乎提/往来款 | G22: 3300 | H22: 3300
B23: 其他应收款-客户往来 | C23: SCUST2050532/KXLB09 | D23: 住户1-4-201/往来款 | G23: 0.2 | K23: 0.2
B24: 其他应收款-客户往来 | C24: SCUST2050533/KXLB09 | D24: 住户5-1-201/往来款 | G24: 11852 | K24: 11852
B25: 其他应收款-客户往来 | C25: SCUST2050534/KXLB09 | D25: 5-5-703/往来款 | G25: 4400 | K25: 4400
B26: 其他应收款-客户往来 | C26: SCUST2050535/KXLB09 | D26: 康泰5-1-704雷强/往来款 | G26: 2800 | K26: 2800
B27: 其他应收款-客户往来 | C27: SCUST2050537/KXLB09 | D27: A4-6-202艾热提·米吉提/往来款 | G27: 4130 | K27: 4130
B28: 其他应收款-客户往来 | C28: SCUST2050538/KXLB09 | D28: 5-1-303麦麦提·伊萨克/往来款 | G28: 3700 | H28: 3700 | J28: 3700
B29: 其他应收款-客户往来 | C29: SCUST2050539/KXLB09 | D29: C6-1-102艾斯卡尔·吐尼亚孜/往来款 | G29: 2010 | K29: 2010
B30: 其他应收款-客户往来 | C30: SCUST2050540/KXLB09 | D30: A14-106月热麦提·艾力/往来款 | G30: 7100 | H30: 7100
B31: 其他应收款-客户往来 | C31: SCUST2050541/KXLB04 | D31: C6-2-502艾买尔吐逊·阿不拉/房款 | G31: 3400 | I31: 3400 | K31: 3400
B32: 其他应收款-客户往来 | C32: SCUST2050541/KXLB09 | D32: C6-2-502艾买尔吐逊·阿不拉/往来款 | G32: 2300 | K32: 2300
B33: 其他应收款-客户往来 | C33: SCUST2050542/KXLB04 | D33: C7-2-501热娜古力·吐尔逊/房款 | G33: 9700 | I33: 9700 | K33: 9700
B34: 其他应收款-客户往来 | C34: SCUST2050542/KXLB09 | D34: C7-2-501热娜古力·吐尔逊/往来款 | G34: 4300 | K34: 4300
B35: 其他应收款-客户往来 | C35: SCUST2050543/KXLB09 | D35: A4-6-201古力尼萨·麦麦提/往来款 | G35: 3500 | K35: 3500
B36: 其他应收款-客户往来 | C36: SCUST2050623/KXLB04 | D36: A3-2-401/房款 | G36: 3600 | K36: 3600
B37: 其他应收款-客户往来 | C37: SCUST2050662/KXLB99 | D37: 王金川/期初导入不区分 | H37: 50000 | K37: -50000
B38: 其他应收款-客户往来 | C38: SCUST2051101/KXLB04 | D38: A1-3-501/房款 | G38: 3300 | K38: 3300
B39: 其他应收款-客户往来 | C39: SCUST2051144/KXLB04 | D39: A4-5-302/房款 | G39: 3700 | I39: 3700 | K39: 3700
B40: 其他应收款-客户往来 | C40: SCUST2052156/KXLB25 | D40: 代收人民市场商铺款/代收款 | H40: 78791 | J40: 78791 | K40: -78791
A41: 1221.02 | B41: 供应商往来 | G41: 69021905 | H41: 22283776 | J41: 18600 | K41: 46738129
C42: VEN00004/KXLB09 | D42: 新疆通力房地产开发有限公司阿克苏分公司/往来款 | H42: 149000 | K42: -149000
C43: VEN00006/KXLB09 | D43: 新疆通力房地产开发有限公司库尔勒分公司/往来款
C44: VEN00018/KXLB09 | D44: 新疆通力房地产开发有限公司/往来款 | G44: 44430339 | H44: 5000000 | K44: 39430339
C45: VEN00023/KXLB09 | D45: 新疆通力建设集团股份有限公司/往来款 | G45: 600 | K45: 600
C46: VEN00038/KXLB09 | D46: 阿克苏通力瑞通物业服务有限公司/往来款 | G46: 5774.4 | K46: 5774.4
C47: VEN00050/KXLB09 | D47: 阿克苏阳光热力有限公司/往来款 | H47: 3458 | K47: -3458
C48: VEN00166/KXLB09 | D48: 新疆住邦房地产行销企划有限公司/往来款 | G48: 808826.76 | K48: 808826.76
C49: VEN00391/KXLB09 | D49: 待处理结算款项临时挂账户/往来款 | G49: 34519.59 | H49: 10580 | K49: 23939.59
C50: VEN00400/KXLB09 | D50: 阿克苏市住房和城乡建设局/往来款 | G50: 18235246 | H50: 16751741 | K50: 1483505
C51: VEN00419/KXLB09 | D51: 阿力木·阿合尼牙孜/往来款 | G51: 13860 | H51: 18360 | K51: -4500
C52: VEN00422/KXLB09 | D52: 阿克苏锦程房地产开发有限公司/往来款 | G52: 62829 | H52: 62829
C53: VEN00424/KXLB09 | D53: 中国电信新疆阿克苏大十字营业厅/往来款 | G53: 1188 | H53: 1188
C54: VEN00425/KXLB09 | D54: 阿克苏方兴建筑工程技术咨询有限责任公司/往来款 | G54: 14060 | H54: 14060
C55: VEN00426/KXLB09 | D55: 吐合尼亚孜·吐尼亚孜/往来款 | G55: 5300 | K55: 5300
C56: VEN00432/KXLB09 | D56: 新疆通力塔格拉克水电有限公司/往来款 | G56: 5000000 | K56: 5000000
C57: VEN00434/KXLB09 | D57: 罗世荣/往来款 | H57: 30000 | K57: -30000
C58: VEN00440/KXLB09 | D58: 谭春玉/往来款 | G58: 2118 | K58: 2118
C59: VEN00444/KXLB09 | D59: 张璐燕/往来款 | G59: 1080 | K59: 1080
C60: VEN00447/KXLB09 | D60: 屈玉强/往来款 | G60: 16594.8 | K60: 16594.8
C61: VEN00454/KXLB09 | D61: 多浪小镇电费/往来款 | G61: 22734.25 | K61: 22734.25
C62: VEN00455/KXLB09 | D62: 公积金中心/往来款 | G62: 98000 | H62: 130698.86 | K62: -32698.86
C63: VEN00460/KXLB09 | D63: 贾秀娟/往来款 | G63: 5400 | K63: 5400
C64: VEN00461/KXLB09 | D64: 住户契税/往来款 | G64: 13808 | K64: 13808
C65: VEN00463/KXLB09 | D65: 范雯倩/往来款 | H65: 834.2 | K65: -834.2
C66: VEN00464/KXLB09 | D66: 中国电信股份有限公司阿克苏分公司/往来款 | G66: 100 | K66: 100
C67: VEN00465/KXLB09 | D67: 国网新疆电力有限公司阿克苏供电公司/往来款 | G67: 30000 | K67: 30000
C68: VEN00467/KXLB09 | D68: 艾山·吐尔洪/往来款 | G68: 13900 | K68: 13900
C69: VEN00468/KXLB09 | D69: 米吉提·艾克热木/往来款 | G69: 5200 | K69: 5200
C70: VEN00469/KXLB09 | D70: 托合提·坎吉/往来款 | H70: 3600 | K70: -3600
C71: VEN00470/KXLB09 | D71: 艾则孜·艾麦尔/往来款 | G71: 10000 | H71: 10000
C72: VEN00471/KXLB09 | D72: 米尔万古丽·库尔班/往来款 | G72: 2466 | H72: 2466
C73: VEN00472/KXLB09 | D73: 古力拜合热木·艾斯麦提/往来款 | G73: 8400 | H73: 4200 | K73: 4200
C74: VEN00473/KXLB09 | D74: 依明江·吐尔迪/往来款 | G74: 2800 | H74: 2800
C75: VEN00474/KXLB09 | D75: 阿迪力·艾海提/往来款 | G75: 3550 | K75: 3550
C76: VEN00475/KXLB09 | D76: 热萨莱提·图尔荪/往来款 | G76: 3900 | H76: 6800 | K76: -2900
C77: VEN00476/KXLB09 | D77: 阿依努尔·牙生/往来款 | G77: 2100 | H77: 2100
C78: VEN00477/KXLB09 | D78: 莫合塔尔·阿迪尔/往来款 | G78: 3650 | H78: 7300 | K78: -3650
C79: VEN00478/KXLB09 | D79: 王永莲/往来款 | G79: 7900 | H79: 7900
C80: VEN00479/KXLB09 | D80: 住户房产证工本费/往来款 | G80: 4200 | K80: 4200
C81: VEN00480/KXLB09 | D81: 阿克苏市政投资发展有限公司/往来款 | G81: 19961.4 | H81: 19961.4
C82: VEN00481/KXLB09 | D82: 吾尔尼萨·库尔班/往来款 | G82: 19100 | K82: 19100
C83: VEN00482/KXLB09 | D83: 巴哈尔古力·苏甫尔/往来款 | G83: 3700 | K83: 3700
C84: VEN00483/KXLB09 | D84: 艾孜孜·木萨/往来款 | G84: 4000 | K84: 4000
C85: VEN00484/KXLB09 | D85: 亚库甫·玉山/往来款 | G85: 3800 | H85: 3800
C86: VEN00485/KXLB09 | D86: 多浪三期电卡/往来款 | G86: 18000 | H86: 17600 | K86: 400
C87: VEN00486/KXLB09 | D87: 托合提·买买提/往来款 | G87: 14500 | K87: 14500
C88: VEN00487/KXLB09 | D88: 吐达洪·吐松/往来款 | G88: 4000 | K88: 4000
C89: VEN00490/KXLB09 | D89: 库尔班·艾合提/往来款 | G89: 2000 | H89: 3900 | K89: -1900
C90: VEN00491/KXLB09 | D90: 艾科拜尔·艾海提/往来款 | G90: 6900 | K90: 6900
C91: VEN00492/KXLB09 | D91: 阿依努热姆·艾萨/往来款 | G91: 9100 | K91: 9100
C92: VEN00493/KXLB09 | D92: 麦合木提·木塔力甫/往来款 | G92: 21900 | K92: 21900
C93: VEN00494/KXLB09 | D93: 库尔班/往来款 | G93: 1900 | K93: 1900
C94: VEN00497/KXLB09 | D94: 赛米江·阿里木/往来款 | G94: 18600 | H94: 18600 | J94: 18600
C95: VEN00588/KXLB09 | D95: 图迪喀日·吾麦尔/往来款 | G95: 4000 | K95: 4000
A96: 1221.03 | B96: 员工往来 | G96: 1327351.3 | H96: 1182699 | I96: 28965.4 | J96: 45994.97 | K96: 144652.3
C97: yz0002/KXLB09 | D97: 张璐燕/往来款 | G97: 11527.79 | H97: 100 | I97: 320 | K97: 11427.79
C98: yz0003/KXLB09 | D98: 李全伟/往来款 | G98: 50799 | H98: 50799
C99: yz0004/KXLB09 | D99: 杨红梅/往来款 | G99: 59325.92 | H99: 62564.44 | K99: -3238.52
C100: yz0006/KXLB09 | D100: 管丽萍/往来款 | G100: 2020 | I100: 276 | K100: 2020
...

Sheet 其他应付款
B2: 账簿 | C2: 年 | D2: 月 | E2: 凭证号 | F2: 摘要 | G2: 科目代码 | H2: 科目名称 | I2: 借 | J2: 贷 | K2: 单位代码 | L2: 单位名称 | M2: 部门代码 | N2: 部门名称
B3: 阿克苏通力房地产开发有限公司 | C3: 2013 | D3: 4 | E3: 1 | F3: 税务登记证工本费 | G3: 209 | H3: 其他应付款 | J3: 148 | K3: 0002 | L3: 新疆缇睦房地产开发有限责任公司阿克苏分公司 | M3: 0001 | N3: 公司本部
B4: 阿克苏通力房地产开发有限公司 | C4: 2013 | D4: 5 | E4: 1 | F4: 缇睦房产阿分公司垫付刻章费 | G4: 209 | H4: 其他应付款 | J4: 500 | K4: 0002 | L4: 新疆缇睦房地产开发有限责任公司阿克苏分公司 | M4: 0001 | N4: 公司本部
B5: 阿克苏通力房地产开发有限公司 | C5: 2013 | D5: 5 | E5: 2 | F5: 通力房产公司阿分公司垫付刻章费 | G5: 209 | H5: 其他应付款 | J5: 520 | K5: 0002 | L5: 新疆缇睦房地产开发有限责任公司阿克苏分公司 | M5: 0001 | N5: 公司本部
B6: 阿克苏通力房地产开发有限公司 | C6: 2013 | D6: 5 | E6: 3 | F6: 缇睦房产阿分公司垫付所得税汇算清缴费 | G6: 209 | H6: 其他应付款 | J6: 6000 | K6: 0002 | L6: 新疆缇睦房地产开发有限责任公司阿克苏分公司 | M6: 0001 | N6: 公司本部
B7: 阿克苏通力房地产开发有限公司 | C7: 2013 | D7: 6 | E7: 1 | F7: 审计费 | G7: 209 | H7: 其他应付款 | J7: 1500 | K7: 0002 | L7: 新疆缇睦房地产开发有限责任公司阿克苏分公司 | M7: 0001 | N7: 公司本部
B8: 阿克苏通力房地产开发有限公司 | C8: 2013 | D8: 6 | E8: 2 | F8: 借阿分公司 | G8: 209 | H8: 其他应付款 | J8: 1400 | K8: 0002 | L8: 新疆缇睦房地产开发有限责任公司阿克苏分公司 | M8: 0001 | N8: 公司本部
B9: 阿克苏通力房地产开发有限公司 | C9: 2013 | D9: 6 | E9: 5 | F9: 借款 | G9: 209 | H9: 其他应付款 | J9: 85000 | K9: 0002 | L9: 新疆缇睦房地产开发有限责任公司阿克苏分公司 | M9: 0001 | N9: 公司本部
B10: 阿克苏通力房地产开发有限公司 | C10: 2013 | D10: 7 | E10: 1 | F10: 印鉴变更手续费 | G10: 209 | H10: 其他应付款 | J10: 10 | K10: 0002 | L10: 新疆缇睦房地产开发有限责任公司阿克苏分公司 | M10: 0001 | N10: 公司本部
B11: 阿克苏通力房地产开发有限公司 | C11: 2013 | D11: 10 | E11: 1 | F11: 借款 | G11: 209 | H11: 其他应付款 | J11: 78000 | K11: 0001 | L11: 新疆缇睦房地产开发有限责任公司 | M11: 0001 | N11: 公司本部
B12: 阿克苏通力房地产开发有限公司 | C12: 2013 | D12: 11 | E12: 1 | F12: 通力房产公司垫付康泰公寓工程款 | G12: 209 | H12: 其他应付款 | J12: 4757210.2 | K12: 0001 | L12: 新疆缇睦房地产开发有限责任公司 | M12: 0001 | N12: 公司本部
B13: 阿克苏通力房地产开发有限公司 | C13: 2013 | D13: 11 | E13: 2 | F13: 通力房产阿分公司垫付康泰公寓防雷款 | G13: 209 | H13: 其他应付款 | J13: 30000 | K13: 0002 | L13: 新疆缇睦房地产开发有限责任公司阿克苏分公司 | M13: 0001 | N13: 公司本部
B14: 阿克苏通力房地产开发有限公司 | C14: 2013 | D14: 11 | E14: 3 | F14: 通力阿克苏分公司垫付康泰公寓土地测绘费 | G14: 209 | H14: 其他应付款 | J14: 7000 | K14: 0002 | L14: 新疆缇睦房地产开发有限责任公司阿克苏分公司 | M14: 0001 | N14: 公司本部
... B22: 阿克苏通力房地产开发有限公司 | C22: 2013 | D22: 12 | E22: 6 | F22: 借款 | G22: 209 | H22: 其他应付款 | J22: 331194 | K22: 0002 | L22: 新疆缇睦房地产开发有限责任公司阿克苏分公司 | M22: 0001 | N22: 公司本部
B23: 阿克苏通力房地产开发有限公司 | C23: 2013 | D23: 12 | E23: 7 | F23: 还款 | G23: 209 | H23: 其他应付款 | I23: 1000000 | K23: 0001 | L23: 新疆缇睦房地产开发有限责任公司 | M23: 0001 | N23: 公司本部
B24: 阿克苏通力房地产开发有限公司 | C24: 2013 | D24: 12 | E24: 9 | F24: 借款 | G24: 209 | H24: 其他应付款 | J24: 31248 | K24: 0002 | L24: 新疆缇睦房地产开发有限责任公司阿克苏分公司 | M24: 0001 | N24: 公司本部
B25: 阿克苏通力房地产开发有限公司 | C25: 2013 | D25: 12 | E25: 10 | F25: 借款 | G25: 209 | H25: 其他应付款 | J25: 64529 | K25: 0002 | L25: 新疆缇睦房地产开发有限责任公司阿克苏分公司 | M25: 0001 | N25: 公司本部
B26: 阿克苏通力房地产开发有限公司 | C26: 2013 | D26: 12 | E26: 11 | F26: 借款 | G26: 209 | H26: 其他应付款 | J26: 236378 | K26: 0002 | L26: 新疆缇睦房地产开发有限责任公司阿克苏分公司 | M26: 0001 | N26: 公司本部
B27: 阿克苏通力房地产开发有限公司 | C27: 2013 | D27: 12 | E27: 13 | F27: 借款 | G27: 209 | H27: 其他应付款 | J27: 33081 | K27: 0002 | L27: 新疆缇睦房地产开发有限责任公司阿克苏分公司 | M27: 0001 | N27: 公司本部
B28: 阿克苏通力房地产开发有限公司 | C28: 2013 | D28: 12 | E28: 14 | F28: 借款 | G28: 209 | H28: 其他应付款 | J28: 104923 | K28: 0002 | L28: 新疆缇睦房地产开发有限责任公司阿克苏分公司 | M28: 0001 | N28: 公司本部
B29: 阿克苏通力房地产开发有限公司 | C29: 2013 | D29: 12 | E29: 15 | F29: 借款 | G29: 209 | H29: 其他应付款 | J29: 68557 | K29: 0002 | L29: 新疆缇睦房地产开发有限责任公司阿克苏分公司 | M29: 0001 | N29: 公司本部
B30: 阿克苏通力房地产开发有限公司 | C30: 2013 | D30: 12 | E30: 16 | F30: 借款 | G30: 209 | H30: 其他应付款 | J30: 60323 | K30: 0002 | L30: 新疆缇睦房地产开发有限责任公司阿克苏分公司 | M30: 0001 | N30: 公司本部
B31: 阿克苏通力房地产开发有限公司 | C31: 2013 | D31: 12 | E31: 19 | F31: 借款 | G31: 209 | H31: 其他应付款 | J31: 70000 | K31: 0002 | L31: 新疆缇睦房地产开发有限责任公司阿克苏分公司 | M31: 0001 | N31: 公司本部
B32: 阿克苏通力房地产开发有限公司 | C32: 2013 | D32: 12 | E32: 20 | F32: 借款 | G32: 209 | H32: 其他应付款 | J32: 104950 | K32: 0002 | L32: 新疆缇睦房地产开发有限责任公司阿克苏分公司 | M32: 0001 | N32: 公司本部
B33: 阿克苏通力房地产开发有限公司 | C33: 2013 | D33: 12 | E33: 21 | F33: 借款 | G33: 209 | H33: 其他应付款 | J33: 90337 | K33: 0002 | L33: 新疆缇睦房地产开发有限责任公司阿克苏分公司 | M33: 0001 | N33: 公司本部
B34: 阿克苏通力房地产开发有限公司 | C34: 2013 | D34: 12 | E34: 22 | F34: 借款 | G34: 209 | H34: 其他应付款 | J34: 71850 | K34: 0002 | L34: 新疆缇睦房地产开发有限责任公司阿克苏分公司 | M34: 0001 | N34: 公司本部
B35: 阿克苏通力房地产开发有限公司 | C35: 2013 | D35: 12 | E35: 24 | F35: 借款 | G35: 209 | H35: 其他应付款 | J35: 227332 | K35: 0002 | L35: 新疆缇睦房地产开发有限责任公司阿克苏分公司 | M35: 0001 | N35: 公司本部
... B43: 阿克苏通力房地产开发有限公司 | C43: 2013 | D43: 12 | E43: 33 | F43: 借款 | G43: 209 | H43: 其他应付款 | J43: 509616 | K43: 0002 | L43: 新疆缇睦房地产开发有限责任公司阿克苏分公司 | M43: 0001 | N43: 公司本部
B44: 阿克苏通力房地产开发有限公司 | C44: 2013 | D44: 12 | E44: 34 | F44: 还借款 | G44: 209 | H44: 其他应付款 | I44: 2000000 | K44: 0001 | L44: 新疆缇睦房地产开发有限责任公司 | M44: 0001 | N44: 公司本部
B45: 阿克苏通力房地产开发有限公司 | C45: 2013 | D45: 12 | E45: 35 | F45: 借款 | G45: 209 | H45: 其他应付款 | J45: 64923 | K45: 0002 | L45: 新疆缇睦房地产开发有限责任公司阿克苏分公司 | M45: 0001 | N45: 公司本部
B46: 阿克苏通力房地产开发有限公司 | C46: 2013 | D46: 12 | E46: 36 | F46: 通力房产垫付合同款 | G46: 209 | H46: 其他应付款 | J46: 900 | K46: 0001 | L46: 新疆缇睦房地产开发有限责任公司 | M46: 0001 | N46: 公司本部
B47: 阿克苏通力房地产开发有限公司 | C47: 2013 | D47: 12 | E47: 37 | F47: 康泰公寓门牌制作费 | G47: 209 | H47: 其他应付款 | J47: 12315 | K47: 0002 | L47: 新疆缇睦房地产开发有限责任公司阿克苏分公司 | M47: 0001 | N47: 公司本部
B48: 阿克苏通力房地产开发有限公司 | C48: 2013 | D48: 12 | E48: 38 | F48: 还通力房产阿分公司款 | G48: 209 | H48: 其他应付款 | I48: 223000 | K48: 0002 | L48: 新疆缇睦房地产开发有限责任公司阿克苏分公司 | M48: 0001 | N48: 公司本部
